Workbook
Name CARGOS: tabCargos[#All]
Name CARGOS: tabCargos[#All]
Name CARGOS: tabCargos[#All]
Name CARGOS: tabCargos[#All]
Name CARGOS: tabCargos[#All]
Name COMARCAS: tabComarca[#All]
Name COMARCAS: tabComarca[#All]
Name COMARCAS: tabComarca[#All]
Name COMARCAS: tabComarca[#All]
Name COMARCAS: tabComarca[#All]
Name FromArray_1: _xlfn.ANCHORARRAY('CUSTO GLOBAL1'!$C$2)
Name FromArray_1: _xlfn.ANCHORARRAY('CUSTO GLOBAL1'!$C$2)
Name FromArray_2: _xlfn.ANCHORARRAY('CUSTO GLOBAL1'!$A$1)
Name FromArray_2: _xlfn.ANCHORARRAY('CUSTO GLOBAL1'!$A$1)
Name Index_Sheet_Kutools: #REF!
Name SegmentaçãodeDados_Cargo: #N/A

Sheet ORIENTAÇÕES PARA O LICITANTE
A1: ORIENTAÇÕES PARA OS LICITANTES
A3: OBTENÇÃO DO PREÇO DA PROPOSTA | B3: O PREÇO MÁXIMO GLOBAL PERMITIDO PARA A PROPOSTA SERÁ DE R$ 14.682.971,94 - MENSAL E R$ 176.195.663,28 - ANUAL, SENDO QUE DESSE PREÇO, R$ 2.083.443,20 (MENSAL) E R$ 25.001.318,35 (ANUAL) CORRESPONDE AO PREÇO DA CATEGORIA LIMPEZA E CONSERVAÇÃO E O RESTANTE R$ 12.599.528,74 (MENSAL) E R$ 151.194.344,93 CORRESPONDE A CATEGORIA APOIO ADMINISTRATIVO E MOTORISTAS. IMPORTANTE: VALORES IRRISÓRIOS PARA A PROPOSTA OU PARA QUALQUER UM DOS ITENS PASSÍVEIS DE REDUÇÃO DURANTE A LICITAÇÃO, BEM COMO PARA O LDI (CUSTO INDIRETO E LUCRO), PODERÃO TORNAR A PROPOSTA INEXEQUÍVEL. OCORRENDO TAL FATO, A CONTRATANTE SOLICITARÁ DILIGÊNCIAS PARA QUE O LICITANTE VENCEDOR COMPROVE A EXEQUIBILIDADE DA PROPOSTA . NÃO HAVENDO COMPROVAÇÃO DA EXIQUIBILIDADE O LICITANTE PODERÁ SER DESCLASSIFICADO. O PREÇO DA PROPOSTA PARA OS CARGOS DE APOIO E MOTORISTAS PODERÁ SER OBSERVADO NESTE APENSO NA ABA "CUSTO GLOBAL" CÉLULAS "BZ342" (VALOR MENSAL) E "CA342" (VALOR ANUAL). RESSALTA-SE QUE, PARA OBTER O PREÇO DA PROPOSTA, O LICITANTE NÃO PRECISA ALTERAR O VALOR INDICADO NAS CÉLULAS ACIMA, DEVENDO OBSERVAR E PRATICAR AS ORIENTAÇÕES A SEGUIR PARA ALTERAÇÃO SOMENTE DOS CAMPOS PASSÍVEIS DE REDUÇÃO DURANTE A LICITAÇÃO. À MEDIDA QUE AS ALTERAÇÕES FOREM SENDO REALIZADAS PELO LICITANTE NOS CAMPOS INFRAMENCIONADOS, O VALOR FINAL DA PROPOSTA SERÁ ATUALIZADO AUTOMATICAMENTE NA ABA "CUSTO GLOBAL" CÉLULAS "BZ342" (VALOR MENSAL) E "CA342" (VALOR ANUAL).
A5: REDUÇÃO DO RAT AJUSTADO - SUBMÓDULO 2.1 - ITEM G | B5: O PERCENTUAL MÁXIMO PERMITIDO PARA RAT AJUSTADO É DE 4% (2% DE RAT MULTIPLICADO POR 2 DE FAP). Este item poderá ser reduzido na licitação. Para tanto, o licitante deverá alterar o valor contido "AE8" da aba "BASE GERAL" deste Apenso. Ressalva-se que a modificação desse item na célula retromencionada promoverá a atualização em todas as demais abas, sem necessidade de qualquer outra alteração manual em outro campo deste Apenso. O percentual informado pela licitante vencedora para este item será praticado durante todo o período de vigência do contrato e o valor correspondente apurado na proposta será fixo para cada posto. A alteração do percentual do RAT ajustado, no decorrer do contrato, somente será processada mediante solicitação e comprovação da contratada.
A6: REDUÇÃO DO SEGURO DE VIDA - SUBMÓDULO 2.3 - ITEM G | B6: PREÇO MÁXIMO PERMITIDO R$3,36. Este item poderá ser reduzido na licitação. Para tanto, o licitante deverá alterar o valor contido na célula "AA5" da aba "BASE GERAL" deste Apenso. Ressalva-se que a modificação desse item na célula retromencionada promoverá a atualização em todas as demais abas, sem necessidade de qualquer outra alteração manual em outro campo deste Apenso. O preço informado pela licitante vencedora para este item será praticado durante todo o período de vigência do contrato e o valor correspondente apurado na proposta será fixo para cada posto, podendo ser reajustado anualmente pelo IPCA.
A7: REDUÇÃO DO CUSTO UNITÁRIO DOS UNIFORMES E EPIS - MÓDULO 5 - ITEM A | B7: PREÇOS MÁXIMOS PERMITIDOS CONFORME APENSO VIII E VALORES UNITÁRIOS CONSTANTES NA ABA "UNIFORMES" DESTE APENSO. Este item poderá ser reduzido na licitação. Para tanto, o licitante deverá acessar a aba “UNIFORMES” deste Apenso e alterar as células da coluna D, sinalizadas em amarelo, informando os valores unitários que serão empregados ao longo da execução contratual. Assim, automaticamente os custos de uniforme por posto serão alterados e atualizados nas células da coluna K da aba “UNIFORMES” e em todas as demais abas da planilha, sem a necessidade de alteração manual em qualquer outro campo deste apenso. O preço informado pela licitante vencedora para este item será praticado durante todo o período de vigência do contrato e o valor correspondente apurado na proposta será fixo para cada posto, podendo ser reajustado anualmente pelo IPCA.
A8: REDUÇÃO DO CUSTO UNITÁRIO DOS MATERIAIS DE CONSUMO - MÓDULO 5 - ITEM B | B8: PREÇOS MÁXIMOS PERMITIDOS CONFORME APENSO IX E VALORES UNITÁRIOS CONSTANTES NAS ABAS "INSUMOS JARDINAGEM" e "INSUMOS LAV. VEÍCULO" DESTE APENSO. **Materiais de consumo utilizados nos serviços de apoio: nas abas "INSUMOS JARDINAGEM" e "INSUMOS LAV. VEÍCULO" os preços unitários constantes nas células da coluna J, sinalizadas em amarelo, poderão ser reduzidos. Para tanto, basta filtra na coluna tipo o item "Material" e alterar o valor dessas células. Os valores unitários por posto que dependem desse preço serão automaticamente alterados nas células da coluna P e aplicados em todas as demais planilhas para a formação do preço. Não é necessário alterar nenhum outro campo manualmente. O preço informado pela licitante vencedora para estes itens serão praticados durante todo o período de vigência do contrato e o valor correspondente apurado na proposta será fixo para cada posto, podendo ser reajustado anualmente pelo IPCA.
A9: REDUÇÃO DO CUSTO UNITÁRIO DAS MÁQUINAS E EQUIPAMENTOS (DEPRECIAÇÃO) - MÓDULO 5 - ITEM C | B9: *PREÇOS MÁXIMOS PERMITIDOS CONFORME APENSO XI E VALORES UNITÁRIOS CONSTANTES NAS ABAS "INSUMOS JARDINAGEM", "INSUMOS LAV. VEÍCULO" E "INSUMOS GARÇOM" DESTE APENSO. **Equipamentos utilizados nos serviços de apoio: nas abas "INSUMOS JARDINAGEM", "INSUMOS LAV. VEÍCULO" E "INSUMOS GARÇOM" os preços unitários constantes nas células da coluna J, sinalizadas em amarelo, poderão ser reduzidos. Para tanto, basta filtra na coluna tipo o item "Equipamento" e alterar o valor dessas células. Os valores unitários por posto que dependem desse preço serão automaticamente alterados nas células da coluna P e aplicados em todas as demais planilhas para a formação do preço. Não é necessário alterar nenhum outro campo manualmente. O preço informado pela licitante vencedora para estes itens serão praticados durante todo o período de vigência do contrato e o valor correspondente apurado na proposta será fixo para cada posto, podendo ser reajustado anualmente pelo IPCA.
A10: REDUÇÃO DO CUSTO UNITÁRIO DOS PRODUTOS DE apoio e motoristas E MATERIAIS DE HIGIENE PESSOAL - MÓDULO 5 - ITEM D | B10: *PREÇOS MÁXIMOS PERMITIDOS CONFORME APENSO X E VALORES UNITÁRIOS CONSTANTES NA ABA "INSUMOS LAV. VEÍCULO" DESTE APENSO. **Para os Produtos utilizados nos serviços de apoio: na aba "INSUMOS LAV. VEÍCULO" os preços unitários constantes nas células da coluna J, sinalizadas em amarelo, poderão ser reduzidos. Para tanto, basta filtra na coluna tipo o item "Produto" e alterar o valor dessas células. Os valores unitários por posto que dependem desse preço serão automaticamente alterados nas células da coluna P e aplicados em todas as demais planilhas para a formação do preço. Não é necessário alterar nenhum outro campo manualmente. O preço informado pela licitante vencedora para estes itens serão praticados durante todo o período de vigência do contrato e o valor correspondente apurado na proposta será fixo para cada posto, podendo ser reajustado anualmente pelo IPCA.
A12: COMPOSIÇÃO DO LDI - (DEVERÁ SER CALCULADO APÓS ATUALIZAÇÃO DOS ITENS DE RAT, SEGURO DE VIDA, UNIFORMES, MATERIAIS DE CONSUMO E EQUIPAMENTOS OS QUAIS PODERÃO SER REDUZIDOS NA LICITAÇÃO)
A13: CUSTO INDIRETO - MÓDULO 6 - ITEM A | B13: VALOR MÁXIMO PERMITIDO R$ 381,16 POR POSTO DA CATEGORIA DE Apoio e Motoristas. Para cálculo do Custo Indireto o licitante deverá: Na célula "AA3" da aba "BASE GERAL" deste Apenso, reduzir/alterar apenas o percentual de 5% (Limite Máximo) constante na fórmula obtida da seguinte forma: Divisão do total do Custo Direto (Soma dos módulos 1, 2, 3, 4 e 5 - célula "BO342" da aba "CUSTO GLOBAL") pelo total de vagas previstas (1304 vagas - célula "G342" da aba "CUSTO GLOBAL") e multiplicação pelo percentual de Custo Indireto a ser praticado pelo licitante vencedor (Máximo 5%). O valor unitário obtido será fixo por posto de Apoio e Motoristas durante todo o período de vigência contratual, podendo ser alterado anualmente pelo IPCA. Ressalva-se que o valor obtido na célula "AA3" da aba "BASE GERAL" para o Custo Indireto dos postos de apoio e motoristas será automaticamente atualizado em todas as demais abas, sem necessidade de qualquer outra alteração manual em outro campo deste Apenso.
A14: LUCRO - MÓDULO 6 - ITEM B | B14: VALOR MÁXIMO PERMITIDO R$ 320,18 POR POSTO DA CATEGORIA Apoio e Motoristas. Para cálculo do Lucro o licitante deverá: Na célula "AA4" da aba "BASE GERAL" deste Apenso, reduzir/alterar apenas o percentual de 4% (Limite Máximo) constante na fórmula obtida da seguinte forma:- Soma do total do Custo Direto (Soma dos módulos 1, 2, 3, 4 e 5 - célula "BO342" da aba "CUSTO GLOBAL") com o total do Custo Indireto (célula "BP342" da aba "CUSTO GLOBAL"), dividido pelo total de vagas previstas (1304 vagas - célula "G342" da aba "CUSTO GLOBAL") e multiplicação pelo percentual de Lucro a ser praticado pelo liciante vencedor (Máximo 4%). O valor unitário obtido será fixo por posto de Apoio e Motoristas durante todo o período de vigência contratual, podendo ser alterado anualmente pelo IPCA. Ressalva-se que o valor obtido na célula "AA4" da aba "BASE GERAL" para o Custo Indireto dos postos de apoio e motoristas será automaticamente atualizado em todas as demais abas, sem necessidade de qualquer outra alteração manual em outro campo deste Apenso.
A15: COFINS - MÓDULO 6 - ITEM C.1 | B15: O PERCENTUAL MÁXIMO PERMITIDO PARA O COFINS É DE 7,6%. Este item poderá ser reduzido na licitação. Para tanto, o licitante deverá alterar o valor contido na célula "AE10" da aba "BASE GERAL" deste Apenso. Ressalva-se que a modificação desse item na célula retromencionada promoverá a atualização em todas as demais abas, sem necessidade de qualquer outra alteração manual em outro campo deste Apenso. O percentual informado pela licitante vencedora para este item será praticado durante todo o período de vigência do contrato, podendo ser alterado, no decorrer do contrato, somente numa eventual mudança do regime tributário, mediante solicitação e comprovação da contratada.
A16: PIS - MÓDULO 6 - ITEM C.2 | B16: O PERCENTUAL MÁXIMO PERMITIDO PARA O PIS É DE 1,65%. Este item poderá ser reduzido na licitação. Para tanto, o licitante deverá alterar o valor contido na célula "AE11" da aba "BASE GERAL" deste Apenso. Ressalva-se que a modificação desse item na célula retromencionada promoverá a atualização em todas as demais abas, sem necessidade de qualquer outra alteração manual em outro campo deste Apenso. O percentual informado pela licitante vencedora para este item será praticado durante todo o período de vigência do contrato, podendo ser alterado, no decorrer do contrato, somente numa eventual mudança do regime tributário, mediante solicitação e comprovação da contratada.

Sheet BASE GERAL
A1: COMARCA | B1: Sigla | C1: Codigo Comarca | D1: ISS | E1: VT | G1: Cargo | H1: Sigla | I1: Codigo Cargo | K1: Lotacao | L1: Tipo | M1: Codigo Lote | O1: IDENTIFICAÇÃO DO POSTO | Q1: DESPESA DE VIAGEM | R1: VALOR UNIT. | S1: QUANT. POSTOS INICIAL | T1: VALOR TOTAL PREVISTO | V1: ÍNDICE DE REAJUSTE - IPCA / IBGE | Z1: OUTROS CUSTOS | AD1: Impostos Nacionais | AE1: Alíquota
A2: ABAETE | B2: AET | C2: 002 | D2: 0.025 | E2: 6.4 | G2: ALMOXARIFE - 220 H | I2: 01 | K2: PGJ | L2: APOIO | M2: 1 | O2: Lote | Q2: MOTORISTAS | R2: 662.42 | S2: 175 | T2: =tabDiarias[[#This Row],[VALOR UNIT.]]*tabDiarias[[#This Row],[QUANT. POSTOS INICIAL]] -> 115923.5 | V2: TA / APOSTILAMENTO | W2: DATA DA PUBLICAÇÃO | X2: PERCENTUAL | Z2: TIPO | AA2: VALOR INICIAL P/ FUNCIONÁRIO | AB2: VALOR CORRIGIDO | AD2: INSS | AE2: 0.2
A3: ABRE CAMPO | B3: ABN | C3: 003 | D3: 0.03 | E3: 6.4 | G3: ASSISTENTE DE COMPRAS - 220 H | I3: 02 | K3: FEPDC | L3: APOIO | M3: 3 | O3: Código | Q3: APOIO | R3: 202.08 | S3: 819 | T3: =tabDiarias[[#This Row],[VALOR UNIT.]]*tabDiarias[[#This Row],[QUANT. POSTOS INICIAL]] -> 165503.52 | X3: 0 | Z3: Custos Indiretos | AA3: =(SUMIF('CUSTO GLOBAL'!E:E,"Apoio",'CUSTO GLOBAL'!BO:BO)/SUMIF('CUSTO GLOBAL'!E:E,"Apoio",'CUSTO GLOBAL'!G:G)*5%) -> #NAME? | AB3: {=AA3*PRODUCT((1+(_xlfn._xlws.FILTER(tabIndices[PERCENTUAL],tabIndices[PERCENTUAL]>0,0))))} -> #NAME? | AD3: SESI OU SESC | AE3: 0.015
A4: ACUCENA | B4: ACN | C4: 005 | D4: 0.04 | E4: 6.4 | G4: ASSISTENTE DE QUALIDADE - 220 H | I4: 03 | O4: Cargo | X4: 0 | Z4: Lucro | AA4: =(SUMIF('CUSTO GLOBAL'!E:E,"Apoio",'CUSTO GLOBAL'!BO:BO)+SUMIF('CUSTO GLOBAL'!E:E,"Apoio",'CUSTO GLOBAL'!BP:BP))/SUMIF('CUSTO GLOBAL'!E:E,"Apoio",'CUSTO GLOBAL'!G:G)*4% -> #NAME? | AB4: {=AA4*PRODUCT((1+(_xlfn._xlws.FILTER(tabIndices[PERCENTUAL],tabIndices[PERCENTUAL]>0,0))))} -> #NAME? | AD4: SENAI OU SENAC | AE4: 0.01
A5: AGUAS FORMOSAS | B5: AGF | C5: 009 | E5: 6.4 | G5: ASSISTENTE EM TECNOLOGIA DA INFORMACAO I - 220 H | I5: 04 | O5: Nº. Posto | Q5: Salário Mínimo Vigente | R5: 1518 | X5: 0 | Z5: Seguro de vida | AA5: 3.36 | AB5: {=AA5*PRODUCT((1+(_xlfn._xlws.FILTER(tabIndices[PERCENTUAL],tabIndices[PERCENTUAL]>0,0))))} -> 3.36 | AD5: INCRA | AE5: 0.002
A6: AIMORES | B6: AOR | C6: 011 | D6: 0.05 | E6: 6.4 | G6: ASSISTENTE EM TECNOLOGIA DA INFORMACAO II - 220 H | I6: 05 | X6: 0 | AD6: Salário Educação | AE6: 0.025
A7: AIURUOCA | B7: AUD | C7: 012 | D7: 0.03 | E7: 6.4 | G7: AUXILIAR DE ARQUIVO I - 220 H | I7: 06 | X7: 0 | AD7: FGTS | AE7: 0.08
A8: ALEM PARAIBA | B8: API | C8: 015 | D8: 0.02 | E8: 6.4 | G8: AUXILIAR DE ARQUIVO II - 150 H | I8: 07 | AD8: RAT Ajustado | AE8: =2%*2 -> 0.04
A9: ALFENAS | B9: AFN | C9: 016 | D9: 0.02 | E9: 6.4 | G9: AUXILIAR DE BIBLIOTECA - 220 H | I9: 08 | AD9: SEBRAE | AE9: 0.006
A10: ALMENARA | B10: AMN | C10: 017 | D10: 0.03 | E10: 6.4 | G10: AUXILIAR DE CADASTRO E EXPEDICAO - 220 H | I10: 09 | AD10: COFINS | AE10: 0.076
A11: ALPINOPOLIS | B11: ALS | C11: 019 | D11: 0.02 | E11: 6.4 | G11: AUXILIAR DE MANUTENCAO PREDIAL - 220 H | I11: 10 | AD11: PIS | AE11: 0.0165
A12: ALTO RIO DOCE | B12: ADC | C12: 021 | E12: 6.4 | G12: BOMBEIRO HIDRAULICO - 220 H | I12: 11
A13: ALVINOPOLIS | B13: ALL | C13: 023 | D13: 0.03 | E13: 6.4 | G13: CARREGADOR - 220 H | I13: 12
A14: ANDRADAS | B14: ANA | C14: 026 | D14: 0.05 | E14: 6.4 | G14: CONTINUO - 220 H | I14: 13
A15: ANDRELANDIA | B15: ADL | C15: 028 | E15: 6.4 | G15: CONTROLADOR LOGISTICO - 220 H | I15: 14
A16: ARACUAI | B16: AUI | C16: 034 | E16: 6.4 | G16: COPEIRO - 220 H | I16: 15
A17: ARAGUARI | B17: ARI | C17: 035 | D17: 0.03 | E17: 6.4 | G17: DIGITADOR - 150 H | I17: 16
A18: ARAXA | B18: AXA | C18: 040 | D18: 0.02 | E18: 6.4 | G18: ELETRICISTA - 220 H | I18: 17
A19: ARCOS | B19: ACS | C19: 042 | D19: 0.02 | E19: 6.4 | G19: ENCARREGADO - 12 X 36 - DIURNO | I19: 18
A20: AREADO | B20: ADO | C20: 043 | D20: 0.04 | E20: 6.4 | G20: ENCARREGADO - 12 X 36 - NOTURNO | I20: 19
A21: ARINOS | B21: AYN | C21: 778 | D21: 0.03 | E21: 6.4 | G21: ENCARREGADO - 220 H | I21: 20
A22: BAEPENDI | B22: BAD | C22: 049 | D22: 0.03 | E22: 6.4 | G22: FOTOGRAFO - 150 H | I22: 21
A23: BAMBUI | B23: BBI | C23: 051 | E23: 6.4 | G23: GARCOM - 12 X 36 - DIURNO | I23: 22
A24: BARAO DE COCAIS | B24: BCS | C24: 054 | D24: 0.05 | E24: 6.4 | G24: GARCOM - 12 X 36 - NOTURNO | I24: 23
A25: BARBACENA | B25: BCA | C25: 056 | D25: 0.035 | E25: 6.4 | G25: GARCOM - 220 H | I25: 24
A26: BARROSO | B26: BSO | C26: 059 | E26: 6.4 | G26: INSTALADOR E MANTENEDOR DE SISTEMAS DE SEGURANCA - 220 H | I26: 25
A27: BELO HORIZONTE | B27: BHE | C27: 024 | D27: 0.05 | E27: =5.75+5.5 -> 11.25 | G27: JARDINEIRO - 100 H | I27: 26
A28: BELO VALE | B28: BLL | C28: 064 | D28: 0.05 | E28: 6.4 | G28: JARDINEIRO - 200 H | I28: 27
A29: BETIM | B29: BET | C29: 027 | D29: 0.038 | E29: 6.4 | G29: JARDINEIRO - 220 H | I29: 28
A30: BICAS | B30: BIS | C30: 069 | E30: 6.4 | G30: JARDINEIRO INTERMITENTE | I30: 29
A31: BOA ESPERANCA | B31: BOE | C31: 071 | D31: 0.03 | E31: 6.4 | G31: LAVADOR DE VEICULOS - 220 H | I31: 30
A32: BOCAIUVA | B32: BCV | C32: 073 | D32: 0.03 | E32: 6.4 | G32: MANOBRISTA - 220 H | I32: 31
A33: BOM DESPACHO | B33: BDP | C33: 074 | D33: 0.03 | E33: 6.4 | G33: MARCENEIRO - 220 H | I33: 32
A34: BOM SUCESSO | B34: BMS | C34: 080 | D34: 0.03 | E34: 6.4 | G34: MOTORISTA I - 12 X 36 - DIURNO | I34: 33
A35: BONFIM | B35: BFM | C35: 081 | D35: 0.02 | E35: 6.4 | G35: MOTORISTA I - 150 H | I35: 34
A36: BONFINOPOLIS DE MINAS | B36: BFS | C36: 082 | E36: 6.4 | G36: MOTORISTA I - 220 H | I36: 35
A37: BORDA DA MATA | B37: BOM | C37: 083 | E37: 6.4 | G37: MOTORISTA II - 220 H | I37: 36
A38: BOTELHOS | B38: BHS | C38: 084 | E38: 6.4 | G38: OPERADOR DE MAQUINA REPROGRAFICA - 220 H | I38: 37
A39: BRASILIA DE MINAS | B39: BMN | C39: 086 | D39: 0.03 | E39: 6.4 | G39: OPERADOR DE MIDIA AUDIOVISUAL - 150 H | I39: 38
A40: BRAZOPOLIS | B40: BPS | C40: 089 | E40: 6.4 | G40: PEDREIRO - 220 H | I40: 39
A41: BRUMADINHO | B41: BMO | C41: 090 | D41: 0.05 | E41: 6.4 | G41: PINTOR - 220 H | I41: 40
A42: BUENO BRANDAO | B42: BBD | C42: 091 | D42: 0.02 | E42: 6.4 | G42: PORTEIRO - 12 X 36 - DIURNO | I42: 41
A43: BUENOPOLIS | B43: BUS | C43: 092 | E43: 6.4 | G43: PORTEIRO - 12 X 36 - NOTURNO | I43: 42
A44: BURITIS | B44: BII | C44: 093 | D44: 0.02 | E44: 6.4 | G44: PORTEIRO - 220 H | I44: 43
A45: CABO VERDE | B45: CBV | C45: 095 | E45: 6.4 | G45: RECEPCIONISTA - 150 H | I45: 44
A46: CACHOEIRA DE MINAS | B46: CHS | C46: 097 | D46: 0.03 | E46: 6.4 | G46: RECEPCIONISTA - 220 H | I46: 45
A47: CAETE | B47: CET | C47: 045 | D47: 0.03 | E47: 6.4 | G47: SUPERVISOR DE MANUTENCAO DE VEICULOS I - 220 H | I47: 46
A48: CALDAS | B48: CAD | C48: 103 | D48: 0.02 | E48: 6.4 | G48: SUPERVISOR DE MANUTENCAO DE VEICULOS II - 220 H | I48: 47
A49: CAMANDUCAIA | B49: CDU | C49: 878 | D49: 0.02 | E49: 6.4 | G49: TECNICO DE MANUTENCAO ELETRONICA I - 220 H | I49: 48
A50: CAMBUI | B50: CBI | C50: 106 | D50: 0.02 | E50: 6.4 | G50: TECNICO DE MANUTENCAO ELETRONICA II - 220 H | I50: 49
A51: CAMBUQUIRA | B51: CAQ | C51: 107 | E51: 6.4 | G51: TECNICO DE MANUTENCAO ELETRONICA III - 220 H | I51: 50
A52: CAMPANHA | B52: CPH | C52: 109 | E52: 6.4 | G52: TECNICO EM EDIFICACOES - 220 H | I52: 51
A53: CAMPESTRE | B53: CST | C53: 110 | D53: 0.02 | E53: 6.4 | G53: TECNICO EM ELETROTECNICA/ELETRONICA - 220 H | I53: 52
A54: CAMPINA VERDE | B54: CVE | C54: 111 | E54: 6.4 | G54: TECNICO EM LOGISTICA - 12 X 36 - DIURNO | I54: 53
A55: CAMPO BELO | B55: CPO | C55: 112 | D55: 0.03 | E55: 6.4 | G55: TECNICO EM LOGISTICA - 12 X 36 - NOTURNO | I55: 54
A56: CAMPOS ALTOS | B56: CMT | C56: 115 | D56: 0.03 | E56: 6.4 | G56: TECNICO EM LOGISTICA - 220 H | I56: 55
A57: CAMPOS GERAIS | B57: CPG | C57: 116 | D57: 0.03 | E57: 6.4 | G57: TECNICO EM MECANICA/ELETROMECANICA - 220 H | I57: 56
A58: CANAPOLIS | B58: COI | C58: 118 | D58: 0.02 | E58: 6.4 | G58: TECNICO EM TECNOLOGIA DA INFORMACAO I - 220 H | I58: 57
A59: CANDEIAS | B59: CWA | C59: 120 | D59: 0.03 | E59: 6.4 | G59: TECNICO EM TECNOLOGIA DA INFORMACAO II - 220 H | I59: 58
A60: CAPELINHA | B60: CLH | C60: 123 | D60: 0.03 | E60: 6.4 | G60: TECNICO EM TECNOLOGIA DA INFORMACAO III - 220 H | I60: 59
A61: CAPINOPOLIS | B61: CNS | C61: 126 | E61: 6.4 | G61: TELEFONISTA - 150 H | I61: 60
A62: CARANDAI | B62: CRD | C62: 132 | D62: 0.05 | E62: 6.4
A63: CARANGOLA | B63: CRL | C63: 133 | D63: 0.05 | E63: 6.4
A64: CARATINGA | B64: CGA | C64: 134 | D64: 0.03 | E64: 6.4
A65: CARLOS CHAGAS | B65: CCH | C65: 137 | E65: 6.4
A66: CARMO DA MATA | B66: COM | C66: 140 | E66: 6.4
A67: CARMO DE MINAS | B67: CAE | C67: 141 | E67: 6.4
A68: CARMO DO CAJURU | B68: CCU | C68: 142 | D68: 0.02 | E68: 6.4
A69: CARMO DO PARANAIBA | B69: CMI | C69: 143 | D69: 0.03 | E69: 6.4
A70: CARMO DO RIO CLARO | B70: CRC | C70: 144 | D70: 0.02 | E70: 6.4
A71: CARMOPOLIS DE MINAS | B71: CRM | C71: 879 | E71: 6.4
A72: CASSIA | B72: CSA | C72: 151 | E72: 6.4
A73: CATAGUASES | B73: CGS | C73: 153 | D73: 0.05 | E73: 6.4
A74: CAXAMBU | B74: CAX | C74: 155 | D74: 0.03 | E74: 6.4
A75: CLAUDIO | B75: CLU | C75: 166 | E75: 6.4
A76: CONCEICAO DAS ALAGOAS | B76: CLS | C76: 172 | D76: 0.02 | E76: 6.4
A77: CONCEICAO DO MATO DENTRO | B77: CMD | C77: 175 | D77: 0.03 | E77: 6.4
A78: CONCEICAO DO RIO VERDE | B78: CVR | C78: 177 | E78: 6.4
A79: CONGONHAS | B79: CNG | C79: 180 | D79: 0.02 | E79: 6.4
A80: CONQUISTA | B80: CQT | C80: 182 | E80: 6.4
A81: CONSELHEIRO LAFAIETE | B81: CNL | C81: 183 | D81: 0.04 | E81: 6.4
A82: CONSELHEIRO PENA | B82: CSN | C82: 184 | D82: 0.03 | E82: 6.4
A83: CONTAGEM | B83: CEM | C83: 079 | D83: 0.03 | E83: 6.4
A84: CORACAO DE JESUS | B84: COJ | C84: 775 | D84: 0.03 | E84: 6.4
A85: CORINTO | B85: CIT | C85: 191 | E85: 6.4
A86: COROMANDEL | B86: CEL | C86: 193 | D86: 0.03 | E86: 6.4
A87: CORONEL FABRICIANO | B87: CRF | C87: 194 | D87: 0.05 | E87: 6.4
A88: CRISTINA | B88: CSI | C88: 205 | E88: 6.4
A89: CRUZILIA | B89: CZL | C89: 208 | E89: 6.4
A90: CURVELO | B90: CUV | C90: 209 | D90: 0.03 | E90: 6.4
A91: DIAMANTINA | B91: DMT | C91: 216 | D91: 0.05 | E91: 6.4
A92: DIVINO | B92: DVO | C92: 220 | D92: 0.03 | E92: 6.4
A93: DIVINOPOLIS | B93: DVL | C93: 223 | D93: 0.02 | E93: 6.4
A94: DORES DO INDAIA | B94: DDI | C94: 232 | D94: 0.02 | E94: 6.4
A95: ELOI MENDES | B95: ELM | C95: 236 | D95: 0.03 | E95: 6.4
A96: ENTRE RIOS DE MINAS | B96: ERM | C96: 239 | E96: 6.4
A97: ERVALIA | B97: ERV | C97: 240 | D97: 0.03 | E97: 6.4
A98: ESMERALDAS | B98: EES | C98: 241 | D98: 0.02 | E98: 6.4
A99: ESPERA FELIZ | B99: EEP | C99: 242 | D99: 0.03 | E99: 6.4
A100: ESPINOSA | B100: EPS | C100: 243 | D100: 0.03 | E100: 6.4
...

Sheet UNIFORMES
A2: Os preços unitários dos uniformes poderão ser reduzidos na licitação. Para tanto, basta filtrar o item e o tipo de uniforme e alterar o valor nas células da coluna D preenchidas em "amarelo".
O5: Tipo | P5: Valores
A6: Item | B6: Tipo | C6: DATA PUBLICAÇÃO | D6: Valor Inicial | E6: Valor Reajustado | F6: Qtde Anual de Peças | G6: Cargo | H6: Qtde. funcionários | I6: Total | J6: Qtde. Geral anual | K6: Valor unit. Mensal | O6: Oxford | P6: Oxford | Q6: Oxford | R6: Oxford modelo social | S6: Oxford modelo social | T6: Oxford modelo social | U6: Brim, com cós de ajuste por amarração de cordão | V6: Brim, com cós de ajuste por amarração de cordão | W6: Brim, com cós de ajuste por amarração de cordão | X6: Jeans escuro | Y6: Jeans escuro | Z6: Jeans escuro | AA6: Malha - PV | AB6: Malha - PV | AC6: Malha - PV | AD6: Polo em malha de algodão | AE6: Polo em malha de algodão | AF6: Polo em malha de algodão | AG6: Moletom aberto | AH6: Moletom aberto | AI6: Moletom aberto | AJ6: Oxford preto, com bolso frontal tipo faca | AK6: Oxford preto, com bolso frontal tipo faca | AL6: Oxford preto, com bolso frontal tipo faca | AM6: Brim preto - com dois bolsos, com inscrição impressa "FOTÓGRAFO" em serigrafia nas costas | AN6: Brim preto - com dois bolsos, com inscrição impressa "FOTÓGRAFO" em serigrafia nas costas | AO6: Brim preto - com dois bolsos, com inscrição impressa "FOTÓGRAFO" em serigrafia nas costas | AP6: Borboleta em tecido cetim preto | AQ6: Borboleta em tecido cetim preto | AR6: Borboleta em tecido cetim preto | AS6: Social em tecido poliéster preto | AT6: Social em tecido poliéster preto | AU6: Social em tecido poliéster preto | AV6: Manga curta - Brim - com dois bolsos, com inscrição impressa em serigrafia nas costas | AW6: Manga curta - Brim - com dois bolsos, com inscrição impressa em serigrafia nas costas | AX6: Manga curta - Brim - com dois bolsos, com inscrição impressa em serigrafia nas costas | AY6: Manga comprida - Oxford ou poliéster com dois bolsos frontais | AZ6: Manga comprida - Oxford ou poliéster com dois bolsos frontais | BA6: Manga comprida - Oxford ou poliéster com dois bolsos frontais | BB6: Sapato social (sem cadarço) de couro preto, sem salto. | BC6: Sapato social (sem cadarço) de couro preto, sem salto. | BD6: Sapato social (sem cadarço) de couro preto, sem salto. | BE6: Camisa social composta por no mínimo 50% algodão, de boa qualidade | BF6: Camisa social composta por no mínimo 50% algodão, de boa qualidade | BG6: Camisa social composta por no mínimo 50% algodão, de boa qualidade | BH6: Sapato social masculino (com cadarço) ou feminino (sem cadarço) de couro preto | BI6: Sapato social masculino (com cadarço) ou feminino (sem cadarço) de couro preto | BJ6: Sapato social masculino (com cadarço) ou feminino (sem cadarço) de couro preto | BK6: Quepe em tecido sintético, composto por poliéster e algodão; cor azul-marinho | BL6: Quepe em tecido sintético, composto por poliéster e algodão; cor azul-marinho | BM6: Quepe em tecido sintético, composto por poliéster e algodão; cor azul-marinho | BN6: Máscara Descartável Tripla | BO6: Máscara Descartável Tripla | BP6: Máscara Descartável Tripla | BQ6: Máscara N95 Sem Válvula (50%) | BR6: Máscara N95 Sem Válvula (50%) | BS6: Máscara N95 Sem Válvula (50%) | BT6: Máscara N95 Com Válvula (50%) | BU6: Máscara N95 Com Válvula (50%) | BV6: Máscara N95 Com Válvula (50%) | BW6: Luvas Descartáveis De Látex (Com Pó) Tamanhos P, M, G | BX6: Luvas Descartáveis De Látex (Com Pó) Tamanhos P, M, G | BY6: Luvas Descartáveis De Látex (Com Pó) Tamanhos P, M, G | BZ6: Luvas Descartáveis Nitrílica (Isenta De Pó) Tamanhos P, M, G | CA6: Luvas Descartáveis Nitrílica (Isenta De Pó) Tamanhos P, M, G | CB6: Luvas Descartáveis Nitrílica (Isenta De Pó) Tamanhos P, M, G | CC6: Calçado Ocupacional Tipo Botina | CD6: Calçado Ocupacional Tipo Botina | CE6: Calçado Ocupacional Tipo Botina | CF6: Óculos De Segurança De Sobreposição Incolor Ou Fumê | CG6: Óculos De Segurança De Sobreposição Incolor Ou Fumê | CH6: Óculos De Segurança De Sobreposição Incolor Ou Fumê | CI6: Touca Descartável | CJ6: Touca Descartável | CK6: Touca Descartável | CL6: Vestimenta Tipo Avental (Uso Sobre O Jaleco De Tecido) | CM6: Vestimenta Tipo Avental (Uso Sobre O Jaleco De Tecido) | CN6: Vestimenta Tipo Avental (Uso Sobre O Jaleco De Tecido) | CO6: Avental De Pvc | CP6: Avental De Pvc | CQ6: Avental De Pvc | CR6: Avental De Raspa | CS6: Avental De Raspa | CT6: Avental De Raspa | CU6: Bota De Borracha | CV6: Bota De Borracha | CW6: Bota De Borracha | CX6: Calça De Segurança Confeccionada Em Tecido Cedrotech | CY6: Calça De Segurança Confeccionada Em Tecido Cedrotech | CZ6: Calça De Segurança Confeccionada Em Tecido Cedrotech | DA6: Camisa De Segurança Confeccionada Em Uma Camada De Tecido Cedrotech | DB6: Camisa De Segurança Confeccionada Em Uma Camada De Tecido Cedrotech | DC6: Camisa De Segurança Confeccionada Em Uma Camada De Tecido Cedrotech | DD6: Capacete Aba Frontal Tipo Ii Classe B | DE6: Capacete Aba Frontal Tipo Ii Classe B | DF6: Capacete Aba Frontal Tipo Ii Classe B | DG6: Capuz Ou Balaclava | DH6: Capuz Ou Balaclava | DI6: Capuz Ou Balaclava | DJ6: Cinto De Segurança | DK6: Cinto De Segurança | DL6: Cinto De Segurança | DM6: Creme Protetor De Pele (Luva Quimica) | DN6: Creme Protetor De Pele (Luva Quimica) | DO6: Creme Protetor De Pele (Luva Quimica) | DP6: Luvas - Classe 00 Para 2,5 Kv | DQ6: Luvas - Classe 00 Para 2,5 Kv | DR6: Luvas - Classe 00 Para 2,5 Kv | DS6: Luvas - Cobertura Tipo Vaqueta | DT6: Luvas - Cobertura Tipo Vaqueta | DU6: Luvas - Cobertura Tipo Vaqueta | DV6: Luvas - Em Pvc (Plastissol) Com Forro De Algodão | DW6: Luvas - Em Pvc (Plastissol) Com Forro De Algodão | DX6: Luvas - Em Pvc (Plastissol) Com Forro De Algodão | DY6: Luvas - Látex Vulcanizada (Flex Cut Ou Suedine) | DZ6: Luvas - Látex Vulcanizada (Flex Cut Ou Suedine) | EA6: Luvas - Látex Vulcanizada (Flex Cut Ou Suedine) | EB6: Luvas De Borracha | EC6: Luvas De Borracha | ED6: Luvas De Borracha | EE6: Luvas De Raspa | EF6: Luvas De Raspa | EG6: Luvas De Raspa | EH6: Luvas Nitrílicas Cano Longo | EI6: Luvas Nitrílicas Cano Longo | EJ6: Luvas Nitrílicas Cano Longo | EK6: Macacão Com Capuz (Tamanho Gg) | EL6: Macacão Com Capuz (Tamanho Gg) | EM6: Macacão Com Capuz (Tamanho Gg) | EN6: Manguito Mangote | EO6: Manguito Mangote | EP6: Manguito Mangote | EQ6: Máscara De Solda Com Escurecimento Automático | ER6: Máscara De Solda Com Escurecimento Automático | ES6: Máscara De Solda Com Escurecimento Automático | ET6: Máscara Pff2 Sem Válvula | EU6: Máscara Pff2 Sem Válvula | EV6: Máscara Pff2 Sem Válvula | EW6: Máscaras Respiratórias Pff 2 Vo | EX6: Máscaras Respiratórias Pff 2 Vo | EY6: Máscaras Respiratórias Pff 2 Vo | EZ6: Perneira De Raspa | FA6: Perneira De Raspa | FB6: Perneira De Raspa | FC6: Protetor Auricular Plug Com Cordinha | FD6: Protetor Auricular Plug Com Cordinha | FE6: Protetor Auricular Plug Com Cordinha | FF6: Protetor Auricular Tipo Concha | FG6: Protetor Auricular Tipo Concha | FH6: Protetor Auricular Tipo Concha | FI6: Protetor Facial | FJ6: Protetor Facial | FK6: Protetor Facial | FL6: Respirador Com Filtro Contra Vapores Orgânicos (Com 4 Cartuchos Químicos Vo), Compatível Com O Respirador | FM6: Respirador Com Filtro Contra Vapores Orgânicos (Com 4 Cartuchos Químicos Vo), Compatível Com O Respirador | FN6: Respirador Com Filtro Contra Vapores Orgânicos (Com 4 Cartuchos Químicos Vo), Compatível Com O Respirador | FO6: Capa De Chuva De Pvc Forrado | FP6: Capa De Chuva De Pvc Forrado | FQ6: Capa De Chuva De Pvc Forrado | FR6: Cinto De Proteção Lombar | FS6: Cinto De Proteção Lombar | FT6: Cinto De Proteção Lombar | FU6: Tênis de Lona | FV6: Tênis de Lona | FW6: Tênis de Lona | FX6: Avental Em Vinil | FY6: Avental Em Vinil | FZ6: Avental Em Vinil | GA6: Máscara Descartável Em Tnt Com Elástico | GB6: Máscara Descartável Em Tnt Com Elástico | GC6: Máscara Descartável Em Tnt Com Elástico | GD6: Touca Branca Com Tela E Pala | GE6: Touca Branca Com Tela E Pala | GF6: Touca Branca Com Tela E Pala | GG6: Óculos De Segurança Incolor, Tipo Rj, Sem Material Condutor De Energia | GH6: Óculos De Segurança Incolor, Tipo Rj, Sem Material Condutor De Energia | GI6: Óculos De Segurança Incolor, Tipo Rj, Sem Material Condutor De Energia | GJ6: Luva De Malha Pigmentada | GK6: Luva De Malha Pigmentada | GL6: Luva De Malha Pigmentada | GM6: Perneira De Proteção Resistente A Picadas De Animais Peçonhentos / Couro | GN6: Perneira De Proteção Resistente A Picadas De Animais Peçonhentos / Couro | GO6: Perneira De Proteção Resistente A Picadas De Animais Peçonhentos / Couro | GP6: Protetor Respiratório Pff1 | GQ6: Protetor Respiratório Pff1 | GR6: Protetor Respiratório Pff1 | GS6: Protetor Solar | GT6: Protetor Solar | GU6: Protetor Solar | GV6: Touca Árabe | GW6: Touca Árabe | GX6: Touca Árabe | GY6: Calça Em Pvc | GZ6: Calça Em Pvc | HA6: Calça Em Pvc | HB6: Luva Nitrílica (Cano Médio) | HC6: Luva Nitrílica (Cano Médio) | HD6: Luva Nitrílica (Cano Médio) | HE6: Luvas Microfibra Para Limpeza Automotiva | HF6: Luvas Microfibra Para Limpeza Automotiva | HG6: Luvas Microfibra Para Limpeza Automotiva | HH6: Vestimenta Tipo Blusão | HI6: Vestimenta Tipo Blusão | HJ6: Vestimenta Tipo Blusão | HK6: Calçado Ocupacional Tipo Sapato | HL6: Calçado Ocupacional Tipo Sapato | HM6: Calçado Ocupacional Tipo Sapato | HN6: Calçado Ocupacional Tipo Tênis | HO6: Calçado Ocupacional Tipo Tênis | HP6: Calçado Ocupacional Tipo Tênis | HQ6: Total Qtde. peças p/ ano | HR6: Total Valor p/ ano | HS6: Total Valor unitário mensal
A7: Calçados M/F | B7: Calçado Ocupacional Tipo Botina | D7: 280.04 | E7: {=tabUniformes[[#This Row],[Valor Inicial]]*IFERROR(PRODUCT(1+_xlfn._xlws.FILTER(tabIndices[PERCENTUAL],tabIndices[DATA DA PUBLICAÇÃO]>tabUniformes[[#This Row],[DATA PUBLICAÇÃO]])),1)} -> 280.04 | F7: 2 | G7: ALMOXARIFE - 220 H | H7: 10 | I7: =tabUniformes[[#This Row],[Valor Reajustado]]*tabUniformes[[#This Row],[Qtde Anual de Peças]]*tabUniformes[[#This Row],[Qtde. funcionários]] -> 5600.8 | J7: =tabUniformes[[#This Row],[Qtde Anual de Peças]]*tabUniformes[[#This Row],[Qtde. funcionários]] -> 20 | K7: =IFERROR(tabUniformes[[#This Row],[Total]]/12/tabUniformes[[#This Row],[Qtde. funcionários]],0) -> 46.673333 | M7: Cargo | N7: Qtde. funcionários | O7: Qtde. peças p/ ano | P7: Valor p/ ano | Q7: Valor unitário mensal | R7: Qtde. peças p/ ano | S7: Valor p/ ano | T7: Valor unitário mensal | U7: Qtde. peças p/ ano | V7: Valor p/ ano | W7: Valor unitário mensal | X7: Qtde. peças p/ ano | Y7: Valor p/ ano | Z7: Valor unitário mensal | AA7: Qtde. peças p/ ano | AB7: Valor p/ ano | AC7: Valor unitário mensal | AD7: Qtde. peças p/ ano | AE7: Valor p/ ano | AF7: Valor unitário mensal | AG7: Qtde. peças p/ ano | AH7: Valor p/ ano | AI7: Valor unitário mensal | AJ7: Qtde. peças p/ ano | AK7: Valor p/ ano | AL7: Valor unitário mensal | AM7: Qtde. peças p/ ano | AN7: Valor p/ ano | AO7: Valor unitário mensal | AP7: Qtde. peças p/ ano | AQ7: Valor p/ ano | AR7: Valor unitário mensal | AS7: Qtde. peças p/ ano | AT7: Valor p/ ano | AU7: Valor unitário mensal | AV7: Qtde. peças p/ ano | AW7: Valor p/ ano | AX7: Valor unitário mensal | AY7: Qtde. peças p/ ano | AZ7: Valor p/ ano | BA7: Valor unitário mensal | BB7: Qtde. peças p/ ano | BC7: Valor p/ ano | BD7: Valor unitário mensal | BE7: Qtde. peças p/ ano | BF7: Valor p/ ano | BG7: Valor unitário mensal | BH7: Qtde. peças p/ ano | BI7: Valor p/ ano | BJ7: Valor unitário mensal | BK7: Qtde. peças p/ ano | BL7: Valor p/ ano | BM7: Valor unitário mensal | BN7: Qtde. peças p/ ano | BO7: Valor p/ ano | BP7: Valor unitário mensal | BQ7: Qtde. peças p/ ano | BR7: Valor p/ ano | BS7: Valor unitário mensal | BT7: Qtde. peças p/ ano | BU7: Valor p/ ano | BV7: Valor unitário mensal | BW7: Qtde. peças p/ ano | BX7: Valor p/ ano | BY7: Valor unitário mensal | BZ7: Qtde. peças p/ ano | CA7: Valor p/ ano | CB7: Valor unitário mensal | CC7: Qtde. peças p/ ano | CD7: Valor p/ ano | CE7: Valor unitário mensal | CF7: Qtde. peças p/ ano | CG7: Valor p/ ano | CH7: Valor unitário mensal | CI7: Qtde. peças p/ ano | CJ7: Valor p/ ano | CK7: Valor unitário mensal | CL7: Qtde. peças p/ ano | CM7: Valor p/ ano | CN7: Valor unitário mensal | CO7: Qtde. peças p/ ano | CP7: Valor p/ ano | CQ7: Valor unitário mensal | CR7: Qtde. peças p/ ano | CS7: Valor p/ ano | CT7: Valor unitário mensal | CU7: Qtde. peças p/ ano | CV7: Valor p/ ano | CW7: Valor unitário mensal | CX7: Qtde. peças p/ ano | CY7: Valor p/ ano | CZ7: Valor unitário mensal | DA7: Qtde. peças p/ ano | DB7: Valor p/ ano | DC7: Valor unitário mensal | DD7: Qtde. peças p/ ano | DE7: Valor p/ ano | DF7: Valor unitário mensal | DG7: Qtde. peças p/ ano | DH7: Valor p/ ano | DI7: Valor unitário mensal | DJ7: Qtde. peças p/ ano | DK7: Valor p/ ano | DL7: Valor unitário mensal | DM7: Qtde. peças p/ ano | DN7: Valor p/ ano | DO7: Valor unitário mensal | DP7: Qtde. peças p/ ano | DQ7: Valor p/ ano | DR7: Valor unitário mensal | DS7: Qtde. peças p/ ano | DT7: Valor p/ ano | DU7: Valor unitário mensal | DV7: Qtde. peças p/ ano | DW7: Valor p/ ano | DX7: Valor unitário mensal | DY7: Qtde. peças p/ ano | DZ7: Valor p/ ano | EA7: Valor unitário mensal | EB7: Qtde. peças p/ ano | EC7: Valor p/ ano | ED7: Valor unitário mensal | EE7: Qtde. peças p/ ano | EF7: Valor p/ ano | EG7: Valor unitário mensal | EH7: Qtde. peças p/ ano | EI7: Valor p/ ano | EJ7: Valor unitário mensal | EK7: Qtde. peças p/ ano | EL7: Valor p/ ano | EM7: Valor unitário mensal | EN7: Qtde. peças p/ ano | EO7: Valor p/ ano | EP7: Valor unitário mensal | EQ7: Qtde. peças p/ ano | ER7: Valor p/ ano | ES7: Valor unitário mensal | ET7: Qtde. peças p/ ano | EU7: Valor p/ ano | EV7: Valor unitário mensal | EW7: Qtde. peças p/ ano | EX7: Valor p/ ano | EY7: Valor unitário mensal | EZ7: Qtde. peças p/ ano | FA7: Valor p/ ano | FB7: Valor unitário mensal | FC7: Qtde. peças p/ ano | FD7: Valor p/ ano | FE7: Valor unitário mensal | FF7: Qtde. peças p/ ano | FG7: Valor p/ ano | FH7: Valor unitário mensal | FI7: Qtde. peças p/ ano | FJ7: Valor p/ ano | FK7: Valor unitário mensal | FL7: Qtde. peças p/ ano | FM7: Valor p/ ano | FN7: Valor unitário mensal | FO7: Qtde. peças p/ ano | FP7: Valor p/ ano | FQ7: Valor unitário mensal | FR7: Qtde. peças p/ ano | FS7: Valor p/ ano | FT7: Valor unitário mensal | FU7: Qtde. peças p/ ano | FV7: Valor p/ ano | FW7: Valor unitário mensal | FX7: Qtde. peças p/ ano | FY7: Valor p/ ano | FZ7: Valor unitário mensal | GA7: Qtde. peças p/ ano | GB7: Valor p/ ano | GC7: Valor unitário mensal | GD7: Qtde. peças p/ ano | GE7: Valor p/ ano | GF7: Valor unitário mensal | GG7: Qtde. peças p/ ano | GH7: Valor p/ ano | GI7: Valor unitário mensal | GJ7: Qtde. peças p/ ano | GK7: Valor p/ ano | GL7: Valor unitário mensal | GM7: Qtde. peças p/ ano | GN7: Valor p/ ano | GO7: Valor unitário mensal | GP7: Qtde. peças p/ ano | GQ7: Valor p/ ano | GR7: Valor unitário mensal | GS7: Qtde. peças p/ ano | GT7: Valor p/ ano | GU7: Valor unitário mensal | GV7: Qtde. peças p/ ano | GW7: Valor p/ ano | GX7: Valor unitário mensal | GY7: Qtde. peças p/ ano | GZ7: Valor p/ ano | HA7: Valor unitário mensal | HB7: Qtde. peças p/ ano | HC7: Valor p/ ano | HD7: Valor unitário mensal | HE7: Qtde. peças p/ ano | HF7: Valor p/ ano | HG7: Valor unitário mensal | HH7: Qtde. peças p/ ano | HI7: Valor p/ ano | HJ7: Valor unitário mensal | HK7: Qtde. peças p/ ano | HL7: Valor p/ ano | HM7: Valor unitário mensal | HN7: Qtde. peças p/ ano | HO7: Valor p/ ano | HP7: Valor unitário mensal
A8: Calça Comprida | B8: Jeans escuro | D8: 94.82 | E8: {=tabUniformes[[#This Row],[Valor Inicial]]*IFERROR(PRODUCT(1+_xlfn._xlws.FILTER(tabIndices[PERCENTUAL],tabIndices[DATA DA PUBLICAÇÃO]>tabUniformes[[#This Row],[DATA PUBLICAÇÃO]])),1)} -> 94.82 | F8: 4 | G8: ALMOXARIFE - 220 H | H8: 10 | I8: =tabUniformes[[#This Row],[Valor Reajustado]]*tabUniformes[[#This Row],[Qtde Anual de Peças]]*tabUniformes[[#This Row],[Qtde. funcionários]] -> 3792.8 | J8: =tabUniformes[[#This Row],[Qtde Anual de Peças]]*tabUniformes[[#This Row],[Qtde. funcionários]] -> 40 | K8: =IFERROR(tabUniformes[[#This Row],[Total]]/12/tabUniformes[[#This Row],[Qtde. funcionários]],0) -> 31.606667 | M8: ALMOXARIFE - 220 H | N8: 10 | X8: 40 | Y8: 3792.8 | Z8: 31.606667 | AD8: 60 | AE8: 4189.8 | AF8: 34.915 | AG8: 10 | AH8: 951.3 | AI8: 7.9275 | CC8: 20 | CD8: 5600.8 | CE8: 46.673333 | HQ8: 130 | HR8: 14534.7 | HS8: 121.1225
A9: Agasalho | B9: Moletom aberto | D9: 95.13 | E9: {=tabUniformes[[#This Row],[Valor Inicial]]*IFERROR(PRODUCT(1+_xlfn._xlws.FILTER(tabIndices[PERCENTUAL],tabIndices[DATA DA PUBLICAÇÃO]>tabUniformes[[#This Row],[DATA PUBLICAÇÃO]])),1)} -> 95.13 | F9: 1 | G9: ALMOXARIFE - 220 H | H9: 10 | I9: =tabUniformes[[#This Row],[Valor Reajustado]]*tabUniformes[[#This Row],[Qtde Anual de Peças]]*tabUniformes[[#This Row],[Qtde. funcionários]] -> 951.3 | J9: =tabUniformes[[#This Row],[Qtde Anual de Peças]]*tabUniformes[[#This Row],[Qtde. funcionários]] -> 10 | K9: =IFERROR(tabUniformes[[#This Row],[Total]]/12/tabUniformes[[#This Row],[Qtde. funcionários]],0) -> 7.9275 | M9: ASSISTENTE DE COMPRAS - 220 H | N9: 21 | X9: 84 | Y9: 7964.88 | Z9: 31.606667 | AD9: 126 | AE9: 8798.58 | AF9: 34.915 | AG9: 21 | AH9: 1997.73 | AI9: 7.9275 | HQ9: 231 | HR9: 18761.19 | HS9: 74.449167
A10: Camisa manga curta | B10: Polo em malha de algodão | D10: 69.83 | E10: {=tabUniformes[[#This Row],[Valor Inicial]]*IFERROR(PRODUCT(1+_xlfn._xlws.FILTER(tabIndices[PERCENTUAL],tabIndices[DATA DA PUBLICAÇÃO]>tabUniformes[[#This Row],[DATA PUBLICAÇÃO]])),1)} -> 69.83 | F10: 6 | G10: ALMOXARIFE - 220 H | H10: 10 | I10: =tabUniformes[[#This Row],[Valor Reajustado]]*tabUniformes[[#This Row],[Qtde Anual de Peças]]*tabUniformes[[#This Row],[Qtde. funcionários]] -> 4189.8 | J10: =tabUniformes[[#This Row],[Qtde Anual de Peças]]*tabUniformes[[#This Row],[Qtde. funcionários]] -> 60 | K10: =IFERROR(tabUniformes[[#This Row],[Total]]/12/tabUniformes[[#This Row],[Qtde. funcionários]],0) -> 34.915 | M10: ASSISTENTE DE QUALIDADE - 220 H | N10: 117 | X10: 408 | Y10: 22087.754 | Z10: 46.016155 | AD10: 612 | AE10: 25769.047 | AF10: 53.685514 | AG10: 117 | AH10: 11130.21 | AI10: 23.187937 | HQ10: 1137 | HR10: 58987.011 | HS10: 122.88961
A11: Calça Comprida | B11: Jeans escuro | D11: 94.82 | E11: {=tabUniformes[[#This Row],[Valor Inicial]]*IFERROR(PRODUCT(1+_xlfn._xlws.FILTER(tabIndices[PERCENTUAL],tabIndices[DATA DA PUBLICAÇÃO]>tabUniformes[[#This Row],[DATA PUBLICAÇÃO]])),1)} -> 94.82 | F11: 4 | G11: ASSISTENTE DE COMPRAS - 220 H | H11: 21 | I11: =tabUniformes[[#This Row],[Valor Reajustado]]*tabUniformes[[#This Row],[Qtde Anual de Peças]]*tabUniformes[[#This Row],[Qtde. funcionários]] -> 7964.88 | J11: =tabUniformes[[#This Row],[Qtde Anual de Peças]]*tabUniformes[[#This Row],[Qtde. funcionários]] -> 84 | K11: =IFERROR(tabUniformes[[#This Row],[Total]]/12/tabUniformes[[#This Row],[Qtde. funcionários]],0) -> 31.606667 | M11: AUXILIAR DE ARQUIVO I - 220 H | N11: 27 | X11: 108 | Y11: 5846.7585 | Z11: 18.045551 | AD11: 162 | AE11: 6821.2182 | AF11: 21.053143 | AG11: 27 | AH11: 1624.0996 | AI11: 5.012653 | AY11: 27 | AZ11: 974.45974 | BA11: 3.0075918 | BN11: 9720 | BO11: 2235.6 | BP11: 6.9 | BQ11: 648 | BR11: 1438.56 | BS11: 4.44 | BT11: 648 | BU11: 900.72 | BV11: 2.78 | BW11: 18900 | BX11: 5167.26 | BY11: 15.948333 | BZ11: 3240 | CA11: 972 | CB11: 3 | CC11: 54 | CD11: 15122.16 | CE11: 46.673333 | CF11: 324 | CG11: 2485.08 | CH11: 7.67 | CI11: 702 | CJ11: 17514.9 | CK11: 54.058333 | CL11: 702 | CM11: 638.82 | CN11: 1.9716667 | HQ11: 35262 | HR11: 61741.636 | HS11: 190.5606
A12: Agasalho | B12: Moletom aberto | D12: 95.13 | E12: {=tabUniformes[[#This Row],[Valor Inicial]]*IFERROR(PRODUCT(1+_xlfn._xlws.FILTER(tabIndices[PERCENTUAL],tabIndices[DATA DA PUBLICAÇÃO]>tabUniformes[[#This Row],[DATA PUBLICAÇÃO]])),1)} -> 95.13 | F12: 1 | G12: ASSISTENTE DE COMPRAS - 220 H | H12: 21 | I12: =tabUniformes[[#This Row],[Valor Reajustado]]*tabUniformes[[#This Row],[Qtde Anual de Peças]]*tabUniformes[[#This Row],[Qtde. funcionários]] -> 1997.73 | J12: =tabUniformes[[#This Row],[Qtde Anual de Peças]]*tabUniformes[[#This Row],[Qtde. funcionários]] -> 21 | K12: =IFERROR(tabUniformes[[#This Row],[Total]]/12/tabUniformes[[#This Row],[Qtde. funcionários]],0) -> 7.9275 | M12: AUXILIAR DE ARQUIVO II - 150 H | N12: 3 | X12: 12 | Y12: 649.63983 | Z12: 18.045551 | AD12: 18 | AE12: 757.91313 | AF12: 21.053143 | AG12: 3 | AH12: 180.45551 | AI12: 5.012653 | AY12: 3 | AZ12: 108.2733 | BA12: 3.0075918 | BN12: 1080 | BO12: 248.4 | BP12: 6.9 | BQ12: 72 | BR12: 159.84 | BS12: 4.44 | BT12: 72 | BU12: 100.08 | BV12: 2.78 | BW12: 2100 | BX12: 574.14 | BY12: 15.948333 | BZ12: 360 | CA12: 108 | CB12: 3 | CC12: 6 | CD12: 1680.24 | CE12: 46.673333 | CF12: 36 | CG12: 276.12 | CH12: 7.67 | CI12: 78 | CJ12: 1946.1 | CK12: 54.058333 | CL12: 78 | CM12: 70.98 | CN12: 1.9716667 | HQ12: 3918 | HR12: 6860.1818 | HS12: 190.5606
A13: Camisa manga curta | B13: Polo em malha de algodão | D13: 69.83 | E13: {=tabUniformes[[#This Row],[Valor Inicial]]*IFERROR(PRODUCT(1+_xlfn._xlws.FILTER(tabIndices[PERCENTUAL],tabIndices[DATA DA PUBLICAÇÃO]>tabUniformes[[#This Row],[DATA PUBLICAÇÃO]])),1)} -> 69.83 | F13: 6 | G13: ASSISTENTE DE COMPRAS - 220 H | H13: 21 | I13: =tabUniformes[[#This Row],[Valor Reajustado]]*tabUniformes[[#This Row],[Qtde Anual de Peças]]*tabUniformes[[#This Row],[Qtde. funcionários]] -> 8798.58 | J13: =tabUniformes[[#This Row],[Qtde Anual de Peças]]*tabUniformes[[#This Row],[Qtde. funcionários]] -> 126 | K13: =IFERROR(tabUniformes[[#This Row],[Total]]/12/tabUniformes[[#This Row],[Qtde. funcionários]],0) -> 34.915 | M13: AUXILIAR DE CADASTRO E EXPEDICAO - 220 H | N13: 6 | X13: 24 | Y13: 1299.2797 | Z13: 18.045551 | AD13: 36 | AE13: 1515.8263 | AF13: 21.053143 | AG13: 6 | AH13: 360.91102 | AI13: 5.012653 | CC13: 12 | CD13: 3360.48 | CE13: 46.673333 | HQ13: 78 | HR13: 6536.4969 | HS13: 90.78468
A14: Calça Comprida | B14: Jeans escuro | D14: 94.82 | E14: {=tabUniformes[[#This Row],[Valor Inicial]]*IFERROR(PRODUCT(1+_xlfn._xlws.FILTER(tabIndices[PERCENTUAL],tabIndices[DATA DA PUBLICAÇÃO]>tabUniformes[[#This Row],[DATA PUBLICAÇÃO]])),1)} -> 94.82 | F14: 4 | G14: ASSISTENTE DE QUALIDADE - 220 H | H14: 117 | I14: 22087.754 | J14: 408 | K14: 46.016155 | M14: AUXILIAR DE MANUTENCAO PREDIAL - 220 H | N14: 22 | X14: 80 | Y14: 4330.9322 | Z14: 18.045551 | AA14: 160 | AB14: 4812.1469 | AC14: 20.050612 | AG14: 20 | AH14: 1203.0367 | AI14: 5.012653 | AV14: 40 | AW14: 1443.6441 | AX14: 6.0151836 | CC14: 44 | CD14: 12321.76 | CE14: 46.673333 | CF14: 44 | CG14: 337.48 | CH14: 1.2783333 | CO14: 22 | CP14: 540.1 | CQ14: 2.0458333 | CR14: 22 | CS14: 1991.66 | CT14: 7.5441667 | CU14: 44 | CV14: 2199.56 | CW14: 8.3316667 | CX14: 88 | CY14: 15519.68 | CZ14: 58.786667 | DA14: 88 | DB14: 15223.12 | DC14: 57.663333 | DD14: 22 | DE14: 488.4 | DF14: 1.85 | DG14: 22 | DH14: 1412.4 | DI14: 5.35 | DJ14: 22 | DK14: 7725.3 | DL14: 29.2625 | DM14: 264 | DN14: 2560.8 | DO14: 9.7 | DP14: 22 | DQ14: 7674.48 | DR14: 29.07 | DS14: 88 | DT14: 1774.96 | DU14: 6.7233333 | DV14: 264 | DW14: 9316.56 | DX14: 35.29 | DY14: 44 | DZ14: 319.88 | EA14: 1.2116667 | EB14: 264 | EC14: 1615.68 | ED14: 6.12 | EE14: 44 | EF14: 720.72 | EG14: 2.73 | EH14: 132 | EI14: 4224 | EJ14: 16 | EK14: 1100 | EL14: 15862 | EM14: 60.083333 | EN14: 22 | EO14: 436.92 | EP14: 1.655 | EQ14: 22 | ER14: 7577.9 | ES14: 28.704167 | ET14: 880 | EU14: 2200 | EV14: 8.3333333 | EW14: 440 | EX14: 10762.4 | EY14: 40.766667 | EZ14: 22 | FA14: 797.72 | FB14: 3.0216667 | FC14: 440 | FD14: 2261.6 | FE14: 8.5666667 | FF14: 88 | FG14: 5271.2 | FH14: 19.966667 | FI14: 44 | FJ14: 1459.48 | FK14: 5.5283333 | FL14: 22 | FM14: 7189.16 | FN14: 27.231667 | HQ14: 4920 | HR14: 151574.68 | HS14: 578.61233
A15: Agasalho | B15: Moletom aberto | D15: 95.13 | E15: {=tabUniformes[[#This Row],[Valor Inicial]]*IFERROR(PRODUCT(1+_xlfn._xlws.FILTER(tabIndices[PERCENTUAL],tabIndices[DATA DA PUBLICAÇÃO]>tabUniformes[[#This Row],[DATA PUBLICAÇÃO]])),1)} -> 95.13 | F15: 1 | G15: ASSISTENTE DE QUALIDADE - 220 H | H15: 117 | I15: =tabUniformes[[#This Row],[Valor Reajustado]]*tabUniformes[[#This Row],[Qtde Anual de Peças]]*tabUniformes[[#This Row],[Qtde. funcionários]] -> 11130.21 | J15: =tabUniformes[[#This Row],[Qtde Anual de Peças]]*tabUniformes[[#This Row],[Qtde. funcionários]] -> 117 | K15: =IFERROR(tabUniformes[[#This Row],[Total]]/12/40,0) -> 23.187937 | M15: BOMBEIRO HIDRAULICO - 220 H | N15: 8 | X15: 28 | Y15: 1515.8263 | Z15: 18.045551 | AA15: 56 | AB15: 1684.2514 | AC15: 20.050612 | AG15: 7 | AH15: 421.06285 | AI15: 5.012653 | AV15: 28 | AW15: 1010.5508 | AX15: 12.030367 | CC15: 16 | CD15: 4480.64 | CE15: 46.673333 | CF15: 16 | CG15: 122.72 | CH15: 1.2783333 | CR15: 8 | CS15: 724.24 | CT15: 7.5441667 | CU15: 16 | CV15: 799.84 | CW15: 8.3316667 | DD15: 8 | DE15: 177.6 | DF15: 1.85 | DG15: 8 | DH15: 513.6 | DI15: 5.35 | DJ15: 8 | DK15: 2809.2 | DL15: 29.2625 | DM15: 96 | DN15: 931.2 | DO15: 9.7 | DS15: 32 | DT15: 645.44 | DU15: 6.7233333 | DY15: 16 | DZ15: 116.32 | EA15: 1.2116667 | EB15: 96 | EC15: 587.52 | ED15: 6.12 | EE15: 8 | EF15: 131.04 | EG15: 1.365 | EH15: 32 | EI15: 1024 | EJ15: 10.666667 | EK15: 400 | EL15: 5768 | EM15: 60.083333 | EQ15: 8 | ER15: 2755.6 | ES15: 28.704167 | ET15: 192 | EU15: 480 | EV15: 5 | EW15: 160 | EX15: 3913.6 | EY15: 40.766667 | EZ15: 8 | FA15: 290.08 | FB15: 3.0216667 | FC15: 80 | FD15: 411.2 | FE15: 4.2833333 | FL15: 96 | FM15: 31370.88 | FN15: 326.78 | HQ15: 1423 | HR15: 62684.411 | HS15: 659.85502
A16: Camisa manga curta | B16: Polo em malha de algodão | D16: 69.83 | E16: {=tabUniformes[[#This Row],[Valor Inicial]]*IFERROR(PRODUCT(1+_xlfn._xlws.FILTER(tabIndices[PERCENTUAL],tabIndices[DATA DA PUBLICAÇÃO]>tabUniformes[[#This Row],[DATA PUBLICAÇÃO]])),1)} -> 69.83 | F16: 6 | G16: ASSISTENTE DE QUALIDADE - 220 H | H16: 117 | I16: 25769.047 | J16: 612 | K16: 53.685514 | M16: CARREGADOR - 220 H | N16: 20 | U16: 80 | V16: 3368.5028 | W16: 14.035428 | AA16: 160 | AB16: 4812.1469 | AC16: 20.050612 | AG16: 20 | AH16: 1203.0367 | AI16: 5.012653 | CC16: 40 | CD16: 11201.6 | CE16: 46.673333 | DY16: 240 | DZ16: 1744.8 | EA16: 7.27 | FO16: 20 | FP16: 361.4 | FQ16: 1.5058333 | FR16: 20 | FS16: 1711.4 | FT16: 7.1308333 | HQ16: 580 | HR16: 24402.886 | HS16: 101.67869
A17: Calça Comprida | B17: Jeans escuro | D17: 94.82 | E17: {=tabUniformes[[#This Row],[Valor Inicial]]*IFERROR(PRODUCT(1+_xlfn._xlws.FILTER(tabIndices[PERCENTUAL],tabIndices[DATA DA PUBLICAÇÃO]>tabUniformes[[#This Row],[DATA PUBLICAÇÃO]])),1)} -> 94.82 | F17: 4 | G17: ASSISTENTE EM TECNOLOGIA DA INFORMACAO I - 220 H | H17: 15 | I17: 3248.1991 | J17: 60 | K17: 18.045551 | M17: CONTINUO - 220 H | N17: 106 | X17: 420 | Y17: 22737.394 | Z17: 18.045551 | AD17: 630 | AE17: 26526.96 | AF17: 21.053143 | AG17: 105 | AH17: 6315.9428 | AI17: 5.012653 | FU17: 210 | FV17: 15158.263 | FW17: 12.030367 | HQ17: 1365 | HR17: 70738.559 | HS17: 56.141714
A18: Agasalho | B18: Moletom aberto | D18: 95.13 | E18: {=tabUniformes[[#This Row],[Valor Inicial]]*IFERROR(PRODUCT(1+_xlfn._xlws.FILTER(tabIndices[PERCENTUAL],tabIndices[DATA DA PUBLICAÇÃO]>tabUniformes[[#This Row],[DATA PUBLICAÇÃO]])),1)} -> 95.13 | F18: 1 | G18: ASSISTENTE EM TECNOLOGIA DA INFORMACAO I - 220 H | H18: 15 | I18: 902.27754 | J18: 15 | K18: 5.012653 | M18: COPEIRO - 220 H | N18: 13 | U18: 52 | V18: 2189.5268 | W18: 14.035428 | AA18: 104 | AB18: 3127.8955 | AC18: 20.050612 | AG18: 13 | AH18: 781.97387 | AI18: 5.012653 | CC18: 26 | CD18: 7281.04 | CE18: 46.673333 | EB18: 312 | EC18: 1909.44 | ED18: 12.24 | FX18: 52 | FY18: 691.08 | FZ18: 4.43 | GA18: 52 | GB18: 16.64 | GC18: 0.10666667 | GD18: 52 | GE18: 803.4 | GF18: 5.15 | HQ18: 663 | HR18: 16800.996 | HS18: 107.69869
A19: Camisa manga curta | B19: Polo em malha de algodão | D19: 69.83 | E19: {=tabUniformes[[#This Row],[Valor Inicial]]*IFERROR(PRODUCT(1+_xlfn._xlws.FILTER(tabIndices[PERCENTUAL],tabIndices[DATA DA PUBLICAÇÃO]>tabUniformes[[#This Row],[DATA PUBLICAÇÃO]])),1)} -> 69.83 | F19: 6 | G19: ASSISTENTE EM TECNOLOGIA DA INFORMACAO I - 220 H | H19: 15 | I19: 3789.5657 | J19: 90 | K19: 21.053143 | M19: DIGITADOR - 150 H | N19: 17 | X19: 68 | Y19: 3681.2924 | Z19: 18.045551 | AD19: 102 | AE19: 4294.8411 | AF19: 21.053143 | AG19: 17 | AH19: 1022.5812 | AI19: 5.012653 | HQ19: 187 | HR19: 8998.7147 | HS19: 44.111346
A20: Calça Comprida | B20: Jeans escuro | D20: 94.82 | E20: {=tabUniformes[[#This Row],[Valor Inicial]]*IFERROR(PRODUCT(1+_xlfn._xlws.FILTER(tabIndices[PERCENTUAL],tabIndices[DATA DA PUBLICAÇÃO]>tabUniformes[[#This Row],[DATA PUBLICAÇÃO]])),1)} -> 94.82 | F20: 4 | G20: ASSISTENTE EM TECNOLOGIA DA INFORMACAO II - 220 H | H20: 10 | I20: 2165.4661 | J20: 40 | K20: 18.045551 | M20: ELETRICISTA - 220 H | N20: 18 | X20: 68 | Y20: 3681.2924 | Z20: 18.045551 | AA20: 136 | AB20: 4090.3249 | AC20: 20.050612 | AG20: 17 | AH20: 1022.5812 | AI20: 5.012653 | AV20: 68 | AW20: 2454.1949 | AX20: 12.030367 | CC20: 36 | CD20: 10081.44 | CE20: 46.673333 | CF20: 36 | CG20: 276.12 | CH20: 1.2783333 | CR20: 18 | CS20: 1629.54 | CT20: 7.5441667 | CX20: 72 | CY20: 12697.92 | CZ20: 58.786667 | DA20: 72 | DB20: 12455.28 | DC20: 57.663333 | DD20: 18 | DE20: 399.6 | DF20: 1.85 | DG20: 18 | DH20: 1155.6 | DI20: 5.35 | DJ20: 18 | DK20: 6320.7 | DL20: 29.2625 | DP20: 18 | DQ20: 6279.12 | DR20: 29.07 | DS20: 36 | DT20: 726.12 | DU20: 3.3616667 | DY20: 36 | DZ20: 261.72 | EA20: 1.2116667 | EE20: 18 | EF20: 294.84 | EG20: 1.365 | EK20: 900 | EL20: 12978 | EM20: 60.083333 | EQ20: 18 | ER20: 6200.1 | ES20: 28.704167 | EW20: 360 | EX20: 8805.6 | EY20: 40.766667 | EZ20: 18 | FA20: 652.68 | FB20: 3.0216667 | FC20: 180 | FD20: 925.2 | FE20: 4.2833333 | GG20: 36 | GH20: 1185.84 | GI20: 5.49 | HQ20: 2197 | HR20: 94573.813 | HS20: 440.90502
A21: Agasalho | B21: Moletom aberto | D21: 95.13 | E21: {=tabUniformes[[#This Row],[Valor Inicial]]*IFERROR(PRODUCT(1+_xlfn._xlws.FILTER(tabIndices[PERCENTUAL],tabIndices[DATA DA PUBLICAÇÃO]>tabUniformes[[#This Row],[DATA PUBLICAÇÃO]])),1)} -> 95.13 | F21: 1 | G21: ASSISTENTE EM TECNOLOGIA DA INFORMACAO II - 220 H | H21: 10 | I21: 601.51836 | J21: 10 | K21: 5.012653 | M21: ENCARREGADO - 220 H | N21: 5 | O21: 5 | P21: 390.98693 | Q21: 6.5164489 | R21: 20 | S21: 842.1257 | T21: 14.035428 | BB21: 10 | BC21: 721.82203 | BD21: 12.030367 | BE21: 30 | BF21: 1443.6441 | BG21: 24.060734 | HQ21: 65 | HR21: 3398.5787 | HS21: 56.642979
A22: Camisa manga curta | B22: Polo em malha de algodão | D22: 69.83 | E22: {=tabUniformes[[#This Row],[Valor Inicial]]*IFERROR(PRODUCT(1+_xlfn._xlws.FILTER(tabIndices[PERCENTUAL],tabIndices[DATA DA PUBLICAÇÃO]>tabUniformes[[#This Row],[DATA PUBLICAÇÃO]])),1)} -> 69.83 | F22: 6 | G22: ASSISTENTE EM TECNOLOGIA DA INFORMACAO II - 220 H | H22: 10 | I22: 2526.3771 | J22: 60 | K22: 21.053143 | M22: FOTOGRAFO - 150 H | N22: 4 | R22: 4 | S22: 420 | T22: 8.75 | X22: 16 | Y22: 866.18644 | Z22: 18.045551 | AD22: 24 | AE22: 1010.5508 | AF22: 21.053143 | AM22: 4 | AN22: 312.78955 | AO22: 6.5164489 | BE22: 8 | BF22: 792 | BG22: 16.5 | BH22: 4 | BI22: 288.72881 | BJ22: 6.0151836 | CC22: 8 | CD22: 2240.32 | CE22: 46.673333 | HQ22: 68 | HR22: 5930.5756 | HS22: 123.55366
A23: Calçados M/F | B23: Calçado Ocupacional Tipo Botina | D23: 280.04 | E23: {=tabUniformes[[#This Row],[Valor Inicial]]*IFERROR(PRODUCT(1+_xlfn._xlws.FILTER(tabIndices[PERCENTUAL],tabIndices[DATA DA PUBLICAÇÃO]>tabUniformes[[#This Row],[DATA PUBLICAÇÃO]])),1)} -> 280.04 | F23: 2 | G23: AUXILIAR DE ARQUIVO I - 220 H | H23: 27 | I23: =tabUniformes[[#This Row],[Valor Reajustado]]*tabUniformes[[#This Row],[Qtde Anual de Peças]]*tabUniformes[[#This Row],[Qtde. funcionários]] -> 15122.16 | J23: =tabUniformes[[#This Row],[Qtde Anual de Peças]]*tabUniformes[[#This Row],[Qtde. funcionários]] -> 54 | K23: =IFERROR(tabUniformes[[#This Row],[Total]]/12/tabUniformes[[#This Row],[Qtde. funcionários]],0) -> 46.673333 | M23: GARCOM - 220 H | N23: 16 | O23: 16 | P23: 1251.1582 | Q23: 6.5164489 | R23: 64 | S23: 2694.8023 | T23: 14.035428 | AJ23: 16 | AK23: 769.9435 | AL23: 4.0101224 | AP23: 16 | AQ23: 384.97175 | AR23: 2.0050612 | BE23: 96 | BF23: 4619.661 | BG23: 24.060734 | BH23: 32 | BI23: 2309.8305 | BJ23: 12.030367 | HQ23: 240 | HR23: 12030.367 | HS23: 62.658163
A24: Calça Comprida | B24: Jeans escuro | D24: 94.82 | E24: {=tabUniformes[[#This Row],[Valor Inicial]]*IFERROR(PRODUCT(1+_xlfn._xlws.FILTER(tabIndices[PERCENTUAL],tabIndices[DATA DA PUBLICAÇÃO]>tabUniformes[[#This Row],[DATA PUBLICAÇÃO]])),1)} -> 94.82 | F24: 4 | G24: AUXILIAR DE ARQUIVO I - 220 H | H24: 27 | I24: 5846.7585 | J24: 108 | K24: 18.045551 | M24: JARDINEIRO - 220 H | N24: 13 | U24: 52 | V24: 2189.5268 | W24: 14.035428 | AA24: 104 | AB24: 3127.8955 | AC24: 20.050612 | AG24: 13 | AH24: 781.97387 | AI24: 5.012653 | AV24: 52 | AW24: 1876.7373 | AX24: 12.030367 | CC24: 13 | CD24: 3640.52 | CE24: 23.336667 | CF24: 13 | CG24: 99.71 | CH24: 0.63916667 | CO24: 26 | CP24: 638.3 | CQ24: 4.0916667 | CR24: 13 | CS24: 1176.89 | CT24: 7.5441667 | CU24: 13 | CV24: 649.87 | CW24: 4.1658333 | DD24: 13 | DE24: 288.6 | DF24: 1.85 | DJ24: 13 | DK24: 4564.95 | DL24: 29.2625 | DS24: 52 | DT24: 1048.84 | DU24: 6.7233333 | EE24: 13 | EF24: 212.94 | EG24: 1.365 | EH24: 78 | EI24: 2496 | EJ24: 16 | FC24: 78 | FD24: 400.92 | FE24: 2.57 | FF24: 13 | FG24: 778.7 | FH24: 4.9916667 | FI24: 13 | FJ24: 431.21 | FK24: 2.7641667 | FL24: 13 | FM24: 4248.14 | FN24: 27.231667 | FO24: 13 | FP24: 234.91 | FQ24: 1.5058333 | GJ24: 312 | GK24: 848.64 | GL24: 5.44 | GM24: 13 | GN24: 558.48 | GO24: 3.58 | GP24: 78 | GQ24: 198.9 | GR24: 1.275 | GS24: 156 | GT24: 4670.64 | GU24: 29.94 | GV24: 13 | GW24: 144.69 | GX24: 0.9275 | HQ24: 1170 | HR24: 35307.983 | HS24: 226.33323
A25: Luvas | B25: Luvas Descartáveis De Látex (Com Pó) Tamanhos P, M, G | D25: 0.2734 | E25: {=tabUniformes[[#This Row],[Valor Inicial]]*IFERROR(PRODUCT(1+_xlfn._xlws.FILTER(tabIndices[PERCENTUAL],tabIndices[DATA DA PUBLICAÇÃO]>tabUniformes[[#This Row],[DATA PUBLICAÇÃO]])),1)} -> 0.2734 | F25: 700 | G25: AUXILIAR DE ARQUIVO I - 220 H | H25: 27 | I25: =tabUniformes[[#This Row],[Valor Reajustado]]*tabUniformes[[#This Row],[Qtde Anual de Peças]]*tabUniformes[[#This Row],[Qtde. funcionários]] -> 5167.26 | J25: =tabUniformes[[#This Row],[Qtde Anual de Peças]]*tabUniformes[[#This Row],[Qtde. funcionários]] -> 18900 | K25: =IFERROR(tabUniformes[[#This Row],[Total]]/12/tabUniformes[[#This Row],[Qtde. funcionários]],0) -> 15.948333 | M25: LAVADOR DE VEICULOS - 220 H | N25: 1 | U25: 4 | V25: 168.42514 | W25: 14.035428 | AA25: 8 | AB25: 240.60734 | AC25: 20.050612 | AG25: 1 | AH25: 60.151836 | AI25: 5.012653 | CC25: 2 | CD25: 560.08 | CE25: 46.673333 | CF25: 2 | CG25: 15.34 | CH25: 1.2783333 | CO25: 2 | CP25: 49.1 | CQ25: 4.0916667 | CU25: 2 | CV25: 99.98 | CW25: 8.3316667 | DM25: 6 | DN25: 58.2 | DO25: 4.85 | GY25: 2 | GZ25: 47.6 | HA25: 3.9666667 | HB25: 24 | HC25: 131.76 | HD25: 10.98 | HE25: 2 | HF25: 63.4 | HG25: 5.2833333 | HH25: 2 | HI25: 66.9 | HJ25: 5.575 | HQ25: 57 | HR25: 1561.5443 | HS25: 130.12869
A26: Luvas | B26: Luvas Descartáveis Nitrílica (Isenta De Pó) Tamanhos P, M, G | D26: 0.3 | E26: {=tabUniformes[[#This Row],[Valor Inicial]]*IFERROR(PRODUCT(1+_xlfn._xlws.FILTER(tabIndices[PERCENTUAL],tabIndices[DATA DA PUBLICAÇÃO]>tabUniformes[[#This Row],[DATA PUBLICAÇÃO]])),1)} -> 0.3 | F26: 120 | G26: AUXILIAR DE ARQUIVO I - 220 H | H26: 27 | I26: =tabUniformes[[#This Row],[Valor Reajustado]]*tabUniformes[[#This Row],[Qtde Anual de Peças]]*tabUniformes[[#This Row],[Qtde. funcionários]] -> 972 | J26: =tabUniformes[[#This Row],[Qtde Anual de Peças]]*tabUniformes[[#This Row],[Qtde. funcionários]] -> 3240 | K26: =IFERROR(tabUniformes[[#This Row],[Total]]/12/tabUniformes[[#This Row],[Qtde. funcionários]],0) -> 3 | M26: MANOBRISTA - 220 H | N26: 8 | O26: 7 | P26: 421.06285 | Q26: 5.012653 | R26: 28 | S26: 1178.976 | T26: 14.035428 | BE26: 42 | BF26: 2021.1017 | BG26: 24.060734 | BH26: 14 | BI26: 842.1257 | BJ26: 10.025306 | BK26: 16 | BL26: 2915.68 | BM26: 30.371667 | HK26: 16 | HL26: 1459.84 | HM26: 15.206667 | HQ26: 123 | HR26: 8838.7862 | HS26: 98.712455
A27: Jaleco | B27: Manga comprida - Oxford ou poliéster com dois bolsos frontais | D27: 63.5 | E27: {=tabUniformes[[#This Row],[Valor Inicial]]*IFERROR(PRODUCT(1+_xlfn._xlws.FILTER(tabIndices[PERCENTUAL],tabIndices[DATA DA PUBLICAÇÃO]>tabUniformes[[#This Row],[DATA PUBLICAÇÃO]])),1)} -> 63.5 | F27: 1 | G27: AUXILIAR DE ARQUIVO I - 220 H | H27: 27 | I27: 974.45974 | J27: 27 | K27: 3.0075918 | M27: MARCENEIRO - 220 H | N27: 13 | X27: 52 | Y27: 2815.1059 | Z27: 18.045551 | AA27: 104 | AB27: 3127.8955 | AC27: 20.050612 | AG27: 13 | AH27: 781.97387 | AI27: 5.012653 | AV27: 52 | AW27: 1876.7373 | AX27: 12.030367 | CC27: 26 | CD27: 7281.04 | CE27: 46.673333 | CF27: 26 | CG27: 199.42 | CH27: 1.2783333 | CR27: 13 | CS27: 1176.89 | CT27: 7.5441667 | DD27: 13 | DE27: 288.6 | DF27: 1.85 | DG27: 13 | DH27: 834.6 | DI27: 5.35 | DJ27: 13 | DK27: 4564.95 | DL27: 29.2625 | DM27: 156 | DN27: 1513.2 | DO27: 9.7 | DS27: 26 | DT27: 524.42 | DU27: 3.3616667 | DY27: 26 | DZ27: 189.02 | EA27: 1.2116667 | EB27: 156 | EC27: 954.72 | ED27: 6.12 | EE27: 13 | EF27: 212.94 | EG27: 1.365 | EK27: 650 | EL27: 9373 | EM27: 60.083333 | EQ27: 13 | ER27: 4477.85 | ES27: 28.704167 | ET27: 520 | EU27: 1300 | EV27: 8.3333333 | EW27: 468 | EX27: 11447.28 | EY27: 73.38 | EZ27: 13 | FA27: 471.38 | FB27: 3.0216667 | FC27: 260 | FD27: 1336.4 | FE27: 8.5666667 | FF27: 52 | FG27: 3114.8 | FH27: 19.966667 | FI27: 26 | FJ27: 862.42 | FK27: 5.5283333 | FL27: 13 | FM27: 4248.14 | FN27: 27.231667 | HQ27: 2717 | HR27: 62972.783 | HS27: 403.67168
A28: Máscara | B28: Máscara Descartável Tripla | D28: 0.23 | E28: {=tabUniformes[[#This Row],[Valor Inicial]]*IFERROR(PRODUCT(1+_xlfn._xlws.FILTER(tabIndices[PERCENTUAL],tabIndices[DATA DA PUBLICAÇÃO]>tabUniformes[[#This Row],[DATA PUBLICAÇÃO]])),1)} -> 0.23 | F28: 360 | G28: AUXILIAR DE ARQUIVO I - 220 H | H28: 27 | I28: =tabUniformes[[#This Row],[Valor Reajustado]]*tabUniformes[[#This Row],[Qtde Anual de Peças]]*tabUniformes[[#This Row],[Qtde. funcionários]] -> 2235.6 | J28: =tabUniformes[[#This Row],[Qtde Anual de Peças]]*tabUniformes[[#This Row],[Qtde. funcionários]] -> 9720 | K28: =IFERROR(tabUniformes[[#This Row],[Total]]/12/tabUniformes[[#This Row],[Qtde. funcionários]],0) -> 6.9 | M28: MOTORISTA II - 220 H | N28: 13 | O28: 13 | P28: 1016.566 | Q28: 6.5164489 | R28: 52 | S28: 2189.5268 | T28: 14.035428 | AS28: 26 | AT28: 656.85805 | AU28: 4.2106285 | BE28: 130 | BF28: 6255.791 | BG28: 40.101224 | BH28: 26 | BI28: 1876.7373 | BJ28: 12.030367 | HK28: 26 | HL28: 2372.24 | HM28: 15.206667 | HQ28: 273 | HR28: 14367.719 | HS28: 92.100764
A29: Máscara | B29: Máscara N95 Com Válvula (50%) | D29: 1.39 | E29: {=tabUniformes[[#This Row],[Valor Inicial]]*IFERROR(PRODUCT(1+_xlfn._xlws.FILTER(tabIndices[PERCENTUAL],tabIndices[DATA DA PUBLICAÇÃO]>tabUniformes[[#This Row],[DATA PUBLICAÇÃO]])),1)} -> 1.39 | F29: 24 | G29: AUXILIAR DE ARQUIVO I - 220 H | H29: 27 | I29: =tabUniformes[[#This Row],[Valor Reajustado]]*tabUniformes[[#This Row],[Qtde Anual de Peças]]*tabUniformes[[#This Row],[Qtde. funcionários]] -> 900.72 | J29: =tabUniformes[[#This Row],[Qtde Anual de Peças]]*tabUniformes[[#This Row],[Qtde. funcionários]] -> 648 | K29: =IFERROR(tabUniformes[[#This Row],[Total]]/12/tabUniformes[[#This Row],[Qtde. funcionários]],0) -> 2.78 | M29: OPERADOR DE MAQUINA REPROGRAFICA - 220 H | N29: 3 | X29: 12 | Y29: 649.63983 | Z29: 18.045551 | AD29: 18 | AE29: 757.91313 | AF29: 21.053143 | AG29: 3 | AH29: 180.45551 | AI29: 5.012653 | CC29: 6 | CD29: 1680.24 | CE29: 46.673333 | HQ29: 39 | HR29: 3268.2485 | HS29: 90.78468
A30: Máscara | B30: Máscara N95 Sem Válvula (50%) | D30: 2.22 | E30: {=tabUniformes[[#This Row],[Valor Inicial]]*IFERROR(PRODUCT(1+_xlfn._xlws.FILTER(tabIndices[PERCENTUAL],tabIndices[DATA DA PUBLICAÇÃO]>tabUniformes[[#This Row],[DATA PUBLICAÇÃO]])),1)} -> 2.22 | F30: 24 | G30: AUXILIAR DE ARQUIVO I - 220 H | H30: 27 | I30: =tabUniformes[[#This Row],[Valor Reajustado]]*tabUniformes[[#This Row],[Qtde Anual de Peças]]*tabUniformes[[#This Row],[Qtde. funcionários]] -> 1438.56 | J30: =tabUniformes[[#This Row],[Qtde Anual de Peças]]*tabUniformes[[#This Row],[Qtde. funcionários]] -> 648 | K30: =IFERROR(tabUniformes[[#This Row],[Total]]/12/tabUniformes[[#This Row],[Qtde. funcionários]],0) -> 4.44 | M30: PEDREIRO - 220 H | N30: 6 | X30: 16 | Y30: 866.18644 | Z30: 18.045551 | AA30: 32 | AB30: 962.42938 | AC30: 20.050612 | AG30: 4 | AH30: 240.60734 | AI30: 5.012653 | AV30: 16 | AW30: 577.45763 | AX30: 12.030367 | CC30: 12 | CD30: 3360.48 | CE30: 46.673333 | CF30: 12 | CG30: 92.04 | CH30: 1.2783333 | CR30: 6 | CS30: 543.18 | CT30: 7.5441667 | CU30: 6 | CV30: 299.94 | CW30: 4.1658333 | DD30: 6 | DE30: 133.2 | DF30: 1.85 | DG30: 6 | DH30: 385.2 | DI30: 5.35 | DJ30: 6 | DK30: 2106.9 | DL30: 29.2625 | DM30: 72 | DN30: 698.4 | DO30: 9.7 | DS30: 24 | DT30: 484.08 | DU30: 6.7233333 | DY30: 12 | DZ30: 87.24 | EA30: 1.2116667 | EB30: 36 | EC30: 220.32 | ED30: 3.06 | EE30: 6 | EF30: 98.28 | EG30: 1.365 | EK30: 300 | EL30: 4326 | EM30: 60.083333 | EQ30: 6 | ER30: 2066.7 | ES30: 28.704167 | ET30: 240 | EU30: 600 | EV30: 8.3333333 | EW30: 120 | EX30: 2935.2 | EY30: 40.766667 | EZ30: 6 | FA30: 217.56 | FB30: 3.0216667 | FF30: 24 | FG30: 1437.6 | FH30: 19.966667 | FL30: 6 | FM30: 1960.68 | FN30: 27.231667 | HQ30: 974 | HR30: 24699.681 | HS30: 361.43085
A31: Agasalho | B31: Moletom aberto | D31: 95.13 | E31: {=tabUniformes[[#This Row],[Valor Inicial]]*IFERROR(PRODUCT(1+_xlfn._xlws.FILTER(tabIndices[PERCENTUAL],tabIndices[DATA DA PUBLICAÇÃO]>tabUniformes[[#This Row],[DATA PUBLICAÇÃO]])),1)} -> 95.13 | F31: 1 | G31: AUXILIAR DE ARQUIVO I - 220 H | H31: 27 | I31: 1624.0996 | J31: 27 | K31: 5.012653 | M31: PINTOR - 220 H | N31: 8 | X31: 24 | Y31: 1299.2797 | Z31: 18.045551 | AA31: 48 | AB31: 1443.6441 | AC31: 20.050612 | AG31: 6 | AH31: 360.91102 | AI31: 5.012653 | AV31: 24 | AW31: 866.18644 | AX31: 12.030367 | CC31: 16 | CD31: 4480.64 | CE31: 46.673333 | CF31: 16 | CG31: 122.72 | CH31: 1.2783333 | CR31: 8 | CS31: 724.24 | CT31: 7.5441667 | DD31: 8 | DE31: 177.6 | DF31: 1.85 | DG31: 8 | DH31: 513.6 | DI31: 5.35 | DJ31: 8 | DK31: 2809.2 | DL31: 29.2625 | DM31: 96 | DN31: 931.2 | DO31: 9.7 | DS31: 16 | DT31: 322.72 | DU31: 3.3616667 | DY31: 16 | DZ31: 116.32 | EA31: 1.2116667 | EB31: 32 | EC31: 195.84 | ED31: 2.04 | EE31: 8 | EF31: 131.04 | EG31: 1.365 | EK31: 400 | EL31: 5768 | EM31: 60.083333 | EN31: 8 | EO31: 158.88 | EP31: 1.655 | EQ31: 8 | ER31: 2755.6 | ES31: 28.704167 | ET31: 320 | EU31: 800 | EV31: 8.3333333 | EW31: 160 | EX31: 3913.6 | EY31: 40.766667 | EZ31: 8 | FA31: 290.08 | FB31: 3.0216667 | FC31: 80 | FD31: 411.2 | FE31: 4.2833333 | FI31: 16 | FJ31: 530.72 | FK31: 5.5283333 | FL31: 8 | FM31: 2614.24 | FN31: 27.231667 | HQ31: 1342 | HR31: 31737.461 | HS31: 344.38335
A32: Óculos | B32: Óculos De Segurança De Sobreposição Incolor Ou Fumê | D32: 7.67 | E32: {=tabUniformes[[#This Row],[Valor Inicial]]*IFERROR(PRODUCT(1+_xlfn._xlws.FILTER(tabIndices[PERCENTUAL],tabIndices[DATA DA PUBLICAÇÃO]>tabUniformes[[#This Row],[DATA PUBLICAÇÃO]])),1)} -> 7.67 | F32: 12 | G32: AUXILIAR DE ARQUIVO I - 220 H | H32: 27 | I32: =tabUniformes[[#This Row],[Valor Reajustado]]*tabUniformes[[#This Row],[Qtde Anual de Peças]]*tabUniformes[[#This Row],[Qtde. funcionários]] -> 2485.08 | J32: =tabUniformes[[#This Row],[Qtde Anual de Peças]]*tabUniformes[[#This Row],[Qtde. funcionários]] -> 324 | K32: =IFERROR(tabUniformes[[#This Row],[Total]]/12/tabUniformes[[#This Row],[Qtde. funcionários]],0) -> 7.67 | M32: PORTEIRO - 12 X 36 - DIURNO | N32: 40 | O32: 40 | P32: 3127.8955 | Q32: 6.5164489 | R32: 160 | S32: 6737.0056 | T32: 14.035428 | BE32: 240 | BF32: 11549.153 | BG32: 24.060734 | BH32: 80 | BI32: 5774.5763 | BJ32: 12.030367 | HQ32: 520 | HR32: 27188.63 | HS32: 56.642979
A33: Camisa manga curta | B33: Polo em malha de algodão | D33: 69.83 | E33: {=tabUniformes[[#This Row],[Valor Inicial]]*IFERROR(PRODUCT(1+_xlfn._xlws.FILTER(tabIndices[PERCENTUAL],tabIndices[DATA DA PUBLICAÇÃO]>tabUniformes[[#This Row],[DATA PUBLICAÇÃO]])),1)} -> 69.83 | F33: 6 | G33: AUXILIAR DE ARQUIVO I - 220 H | H33: 27 | I33: 6821.2182 | J33: 162 | K33: 21.053143 | M33: PORTEIRO - 12 X 36 - NOTURNO | N33: 44 | O33: 44 | P33: 3440.685 | Q33: 6.5164489 | R33: 176 | S33: 7410.7062 | T33: 14.035428 | BE33: 264 | BF33: 12704.068 | BG33: 24.060734 | BH33: 88 | BI33: 6352.0339 | BJ33: 12.030367 | HQ33: 572 | HR33: 29907.493 | HS33: 56.642979
A34: Touca | B34: Touca Descartável | D34: 24.95 | E34: {=tabUniformes[[#This Row],[Valor Inicial]]*IFERROR(PRODUCT(1+_xlfn._xlws.FILTER(tabIndices[PERCENTUAL],tabIndices[DATA DA PUBLICAÇÃO]>tabUniformes[[#This Row],[DATA PUBLICAÇÃO]])),1)} -> 24.95 | F34: 26 | G34: AUXILIAR DE ARQUIVO I - 220 H | H34: 27 | I34: =tabUniformes[[#This Row],[Valor Reajustado]]*tabUniformes[[#This Row],[Qtde Anual de Peças]]*tabUniformes[[#This Row],[Qtde. funcionários]] -> 17514.9 | J34: =tabUniformes[[#This Row],[Qtde Anual de Peças]]*tabUniformes[[#This Row],[Qtde. funcionários]] -> 702 | K34: =IFERROR(tabUniformes[[#This Row],[Total]]/12/tabUniformes[[#This Row],[Qtde. funcionários]],0) -> 54.058333 | M34: PORTEIRO - 220 H | N34: 71 | O34: 71 | P34: 5552.0145 | Q34: 6.5164489 | R34: 284 | S34: 11958.185 | T34: 14.035428 | BE34: 426 | BF34: 20499.746 | BG34: 24.060734 | BH34: 142 | BI34: 10249.873 | BJ34: 12.030367 | HQ34: 923 | HR34: 48259.818 | HS34: 56.642979
A35: Vestimenta | B35: Vestimenta Tipo Avental (Uso Sobre O Jaleco De Tecido) | D35: 0.91 | E35: {=tabUniformes[[#This Row],[Valor Inicial]]*IFERROR(PRODUCT(1+_xlfn._xlws.FILTER(tabIndices[PERCENTUAL],tabIndices[DATA DA PUBLICAÇÃO]>tabUniformes[[#This Row],[DATA PUBLICAÇÃO]])),1)} -> 0.91 | F35: 26 | G35: AUXILIAR DE ARQUIVO I - 220 H | H35: 27 | I35: =tabUniformes[[#This Row],[Valor Reajustado]]*tabUniformes[[#This Row],[Qtde Anual de Peças]]*tabUniformes[[#This Row],[Qtde. funcionários]] -> 638.82 | J35: =tabUniformes[[#This Row],[Qtde Anual de Peças]]*tabUniformes[[#This Row],[Qtde. funcionários]] -> 702 | K35: =IFERROR(tabUniformes[[#This Row],[Total]]/12/tabUniformes[[#This Row],[Qtde. funcionários]],0) -> 1.9716667 | M35: RECEPCIONISTA - 150 H | N35: 26 | O35: 26 | P35: 2033.1321 | Q35: 6.5164489 | R35: 104 | S35: 4379.0537 | T35: 14.035428 | BE35: 156 | BF35: 7506.9491 | BG35: 24.060734 | BH35: 52 | BI35: 3753.4746 | BJ35: 12.030367 | HQ35: 338 | HR35: 17672.609 | HS35: 56.642979
A36: Calçados M/F | B36: Calçado Ocupacional Tipo Botina | D36: 280.04 | E36: {=tabUniformes[[#This Row],[Valor Inicial]]*IFERROR(PRODUCT(1+_xlfn._xlws.FILTER(tabIndices[PERCENTUAL],tabIndices[DATA DA PUBLICAÇÃO]>tabUniformes[[#This Row],[DATA PUBLICAÇÃO]])),1)} -> 280.04 | F36: 2 | G36: AUXILIAR DE ARQUIVO II - 150 H | H36: 3 | I36: =tabUniformes[[#This Row],[Valor Reajustado]]*tabUniformes[[#This Row],[Qtde Anual de Peças]]*tabUniformes[[#This Row],[Qtde. funcionários]] -> 1680.24 | J36: =tabUniformes[[#This Row],[Qtde Anual de Peças]]*tabUniformes[[#This Row],[Qtde. funcionários]] -> 6 | K36: =IFERROR(tabUniformes[[#This Row],[Total]]/12/tabUniformes[[#This Row],[Qtde. funcionários]],0) -> 46.673333 | M36: RECEPCIONISTA - 220 H | N36: 223 | O36: 223 | P36: 17438.017 | Q36: 6.5164489 | R36: 892 | S36: 37558.806 | T36: 14.035428 | BE36: 1338 | BF36: 64386.525 | BG36: 24.060734 | BH36: 446 | BI36: 32193.263 | BJ36: 12.030367 | HQ36: 2899 | HR36: 151576.61 | HS36: 56.642979
A37: Calça Comprida | B37: Jeans escuro | D37: 94.82 | E37: {=tabUniformes[[#This Row],[Valor Inicial]]*IFERROR(PRODUCT(1+_xlfn._xlws.FILTER(tabIndices[PERCENTUAL],tabIndices[DATA DA PUBLICAÇÃO]>tabUniformes[[#This Row],[DATA PUBLICAÇÃO]])),1)} -> 94.82 | F37: 4 | G37: AUXILIAR DE ARQUIVO II - 150 H | H37: 3 | I37: 649.63983 | J37: 12 | K37: 18.045551 | M37: SUPERVISOR DE MANUTENCAO DE VEICULOS I - 220 H | N37: 4 | X37: 16 | Y37: 866.18644 | Z37: 18.045551 | AD37: 24 | AE37: 1010.5508 | AF37: 21.053143 | AG37: 4 | AH37: 240.60734 | AI37: 5.012653 | CC37: 8 | CD37: 2240.32 | CE37: 46.673333 | HQ37: 52 | HR37: 4357.6646 | HS37: 90.78468
A38: Luvas | B38: Luvas Descartáveis De Látex (Com Pó) Tamanhos P, M, G | D38: 0.2734 | E38: {=tabUniformes[[#This Row],[Valor Inicial]]*IFERROR(PRODUCT(1+_xlfn._xlws.FILTER(tabIndices[PERCENTUAL],tabIndices[DATA DA PUBLICAÇÃO]>tabUniformes[[#This Row],[DATA PUBLICAÇÃO]])),1)} -> 0.2734 | F38: 700 | G38: AUXILIAR DE ARQUIVO II - 150 H | H38: 3 | I38: =tabUniformes[[#This Row],[Valor Reajustado]]*tabUniformes[[#This Row],[Qtde Anual de Peças]]*tabUniformes[[#This Row],[Qtde. funcionários]] -> 574.14 | J38: =tabUniformes[[#This Row],[Qtde Anual de Peças]]*tabUniformes[[#This Row],[Qtde. funcionários]] -> 2100 | K38: =IFERROR(tabUniformes[[#This Row],[Total]]/12/tabUniformes[[#This Row],[Qtde. funcionários]],0) -> 15.948333 | M38: SUPERVISOR DE MANUTENCAO DE VEICULOS II - 220 H | N38: 4 | X38: 16 | Y38: 866.18644 | Z38: 18.045551 | AD38: 24 | AE38: 1010.5508 | AF38: 21.053143 | AG38: 4 | AH38: 240.60734 | AI38: 5.012653 | CC38: 8 | CD38: 2240.32 | CE38: 46.673333 | HQ38: 52 | HR38: 4357.6646 | HS38: 90.78468
A39: Luvas | B39: Luvas Descartáveis Nitrílica (Isenta De Pó) Tamanhos P, M, G | D39: 0.3 | E39: {=tabUniformes[[#This Row],[Valor Inicial]]*IFERROR(PRODUCT(1+_xlfn._xlws.FILTER(tabIndices[PERCENTUAL],tabIndices[DATA DA PUBLICAÇÃO]>tabUniformes[[#This Row],[DATA PUBLICAÇÃO]])),1)} -> 0.3 | F39: 120 | G39: AUXILIAR DE ARQUIVO II - 150 H | H39: 3 | I39: =tabUniformes[[#This Row],[Valor Reajustado]]*tabUniformes[[#This Row],[Qtde Anual de Peças]]*tabUniformes[[#This Row],[Qtde. funcionários]] -> 108 | J39: =tabUniformes[[#This Row],[Qtde Anual de Peças]]*tabUniformes[[#This Row],[Qtde. funcionários]] -> 360 | K39: =IFERROR(tabUniformes[[#This Row],[Total]]/12/tabUniformes[[#This Row],[Qtde. funcionários]],0) -> 3 | M39: TECNICO DE MANUTENCAO ELETRONICA I - 220 H | N39: 1 | X39: 8 | Y39: 433.09322 | Z39: 18.045551 | AD39: 12 | AE39: 505.27542 | AF39: 21.053143 | AG39: 2 | AH39: 120.30367 | AI39: 5.012653 | CC39: 2 | CD39: 560.08 | CE39: 46.673333 | HQ39: 24 | HR39: 1618.7523 | HS39: 90.78468
A40: Jaleco | B40: Manga comprida - Oxford ou poliéster com dois bolsos frontais | D40: 63.5 | E40: {=tabUniformes[[#This Row],[Valor Inicial]]*IFERROR(PRODUCT(1+_xlfn._xlws.FILTER(tabIndices[PERCENTUAL],tabIndices[DATA DA PUBLICAÇÃO]>tabUniformes[[#This Row],[DATA PUBLICAÇÃO]])),1)} -> 63.5 | F40: 1 | G40: AUXILIAR DE ARQUIVO II - 150 H | H40: 3 | I40: 108.2733 | J40: 3 | K40: 3.0075918 | M40: TECNICO DE MANUTENCAO ELETRONICA II - 220 H | N40: 2 | X40: 8 | Y40: 433.09322 | Z40: 18.045551 | AD40: 12 | AE40: 505.27542 | AF40: 21.053143 | AG40: 2 | AH40: 120.30367 | AI40: 5.012653 | CC40: 4 | CD40: 1120.16 | CE40: 46.673333 | HQ40: 26 | HR40: 2178.8323 | HS40: 90.78468
A41: Máscara | B41: Máscara Descartável Tripla | D41: 0.23 | E41: {=tabUniformes[[#This Row],[Valor Inicial]]*IFERROR(PRODUCT(1+_xlfn._xlws.FILTER(tabIndices[PERCENTUAL],tabIndices[DATA DA PUBLICAÇÃO]>tabUniformes[[#This Row],[DATA PUBLICAÇÃO]])),1)} -> 0.23 | F41: 360 | G41: AUXILIAR DE ARQUIVO II - 150 H | H41: 3 | I41: =tabUniformes[[#This Row],[Valor Reajustado]]*tabUniformes[[#This Row],[Qtde Anual de Peças]]*tabUniformes[[#This Row],[Qtde. funcionários]] -> 248.4 | J41: =tabUniformes[[#This Row],[Qtde Anual de Peças]]*tabUniformes[[#This Row],[Qtde. funcionários]] -> 1080 | K41: =IFERROR(tabUniformes[[#This Row],[Total]]/12/tabUniformes[[#This Row],[Qtde. funcionários]],0) -> 6.9 | M41: TECNICO DE MANUTENCAO ELETRONICA III - 220 H | N41: 8 | X41: 32 | Y41: 1732.3729 | Z41: 18.045551 | AD41: 48 | AE41: 2021.1017 | AF41: 21.053143 | AG41: 8 | AH41: 481.21469 | AI41: 5.012653 | CC41: 16 | CD41: 4480.64 | CE41: 46.673333 | HQ41: 104 | HR41: 8715.3293 | HS41: 90.78468
A42: Máscara | B42: Máscara N95 Com Válvula (50%) | D42: 1.39 | E42: {=tabUniformes[[#This Row],[Valor Inicial]]*IFERROR(PRODUCT(1+_xlfn._xlws.FILTER(tabIndices[PERCENTUAL],tabIndices[DATA DA PUBLICAÇÃO]>tabUniformes[[#This Row],[DATA PUBLICAÇÃO]])),1)} -> 1.39 | F42: 24 | G42: AUXILIAR DE ARQUIVO II - 150 H | H42: 3 | I42: =tabUniformes[[#This Row],[Valor Reajustado]]*tabUniformes[[#This Row],[Qtde Anual de Peças]]*tabUniformes[[#This Row],[Qtde. funcionários]] -> 100.08 | J42: =tabUniformes[[#This Row],[Qtde Anual de Peças]]*tabUniformes[[#This Row],[Qtde. funcionários]] -> 72 | K42: =IFERROR(tabUniformes[[#This Row],[Total]]/12/tabUniformes[[#This Row],[Qtde. funcionários]],0) -> 2.78 | M42: TECNICO EM EDIFICACOES - 220 H | N42: 23 | X42: 92 | Y42: 4980.572 | Z42: 18.045551 | AD42: 138 | AE42: 5810.6674 | AF42: 21.053143 | AG42: 23 | AH42: 1383.4922 | AI42: 5.012653 | CC42: 46 | CD42: 12881.84 | CE42: 46.673333 | CF42: 46 | CG42: 352.82 | CH42: 1.2783333 | DD42: 23 | DE42: 510.6 | DF42: 1.85 | DJ42: 23 | DK42: 8076.45 | DL42: 29.2625 | FC42: 92 | FD42: 472.88 | FE42: 1.7133333 | HN42: 46 | HO42: 14763.24 | HP42: 53.49 | HQ42: 529 | HR42: 49232.562 | HS42: 178.37885
A43: Máscara | B43: Máscara N95 Sem Válvula (50%) | D43: 2.22 | E43: {=tabUniformes[[#This Row],[Valor Inicial]]*IFERROR(PRODUCT(1+_xlfn._xlws.FILTER(tabIndices[PERCENTUAL],tabIndices[DATA DA PUBLICAÇÃO]>tabUniformes[[#This Row],[DATA PUBLICAÇÃO]])),1)} -> 2.22 | F43: 24 | G43: AUXILIAR DE ARQUIVO II - 150 H | H43: 3 | I43: =tabUniformes[[#This Row],[Valor Reajustado]]*tabUniformes[[#This Row],[Qtde Anual de Peças]]*tabUniformes[[#This Row],[Qtde. funcionários]] -> 159.84 | J43: =tabUniformes[[#This Row],[Qtde Anual de Peças]]*tabUniformes[[#This Row],[Qtde. funcionários]] -> 72 | K43: =IFERROR(tabUniformes[[#This Row],[Total]]/12/tabUniformes[[#This Row],[Qtde. funcionários]],0) -> 4.44 | M43: TECNICO EM ELETROTECNICA/ELETRONICA - 220 H | N43: 6 | X43: 20 | Y43: 1082.733 | Z43: 18.045551 | AD43: 30 | AE43: 1263.1886 | AF43: 21.053143 | AG43: 5 | AH43: 300.75918 | AI43: 5.012653 | CC43: 12 | CD43: 3360.48 | CE43: 46.673333 | DD43: 6 | DE43: 133.2 | DF43: 1.85 | DJ43: 6 | DK43: 2106.9 | DL43: 29.2625 | HN43: 12 | HO43: 3851.28 | HP43: 53.49 | HQ43: 91 | HR43: 12098.541 | HS43: 175.38718
A44: Agasalho | B44: Moletom aberto | D44: 95.13 | E44: {=tabUniformes[[#This Row],[Valor Inicial]]*IFERROR(PRODUCT(1+_xlfn._xlws.FILTER(tabIndices[PERCENTUAL],tabIndices[DATA DA PUBLICAÇÃO]>tabUniformes[[#This Row],[DATA PUBLICAÇÃO]])),1)} -> 95.13 | F44: 1 | G44: AUXILIAR DE ARQUIVO II - 150 H | H44: 3 | I44: 180.45551 | J44: 3 | K44: 5.012653 | M44: TECNICO EM MECANICA/ELETROMECANICA - 220 H | N44: 5 | X44: 20 | Y44: 1082.733 | Z44: 18.045551 | AD44: 30 | AE44: 1263.1886 | AF44: 21.053143 | AG44: 5 | AH44: 300.75918 | AI44: 5.012653 | CC44: 10 | CD44: 2800.4 | CE44: 46.673333 | DD44: 5 | DE44: 111 | DF44: 1.85 | DJ44: 5 | DK44: 1755.75 | DL44: 29.2625 | HN44: 10 | HO44: 3209.4 | HP44: 53.49 | HQ44: 85 | HR44: 10523.231 | HS44: 175.38718
A45: Óculos | B45: Óculos De Segurança De Sobreposição Incolor Ou Fumê | D45: 7.67 | E45: {=tabUniformes[[#This Row],[Valor Inicial]]*IFERROR(PRODUCT(1+_xlfn._xlws.FILTER(tabIndices[PERCENTUAL],tabIndices[DATA DA PUBLICAÇÃO]>tabUniformes[[#This Row],[DATA PUBLICAÇÃO]])),1)} -> 7.67 | F45: 12 | G45: AUXILIAR DE ARQUIVO II - 150 H | H45: 3 | I45: =tabUniformes[[#This Row],[Valor Reajustado]]*tabUniformes[[#This Row],[Qtde Anual de Peças]]*tabUniformes[[#This Row],[Qtde. funcionários]] -> 276.12 | J45: =tabUniformes[[#This Row],[Qtde Anual de Peças]]*tabUniformes[[#This Row],[Qtde. funcionários]] -> 36 | K45: =IFERROR(tabUniformes[[#This Row],[Total]]/12/tabUniformes[[#This Row],[Qtde. funcionários]],0) -> 7.67 | M45: TELEFONISTA - 150 H | N45: 4 | O45: 4 | P45: 312.78955 | Q45: 6.5164489 | R45: 16 | S45: 673.70056 | T45: 14.035428 | BE45: 16 | BF45: 769.9435 | BG45: 16.04049 | BH45: 4 | BI45: 288.72881 | BJ45: 6.0151836 | HQ45: 40 | HR45: 2045.1624 | HS45: 42.607551
A46: Camisa manga curta | B46: Polo em malha de algodão | D46: 69.83 | E46: {=tabUniformes[[#This Row],[Valor Inicial]]*IFERROR(PRODUCT(1+_xlfn._xlws.FILTER(tabIndices[PERCENTUAL],tabIndices[DATA DA PUBLICAÇÃO]>tabUniformes[[#This Row],[DATA PUBLICAÇÃO]])),1)} -> 69.83 | F46: 6 | G46: AUXILIAR DE ARQUIVO II - 150 H | H46: 3 | I46: 757.91313 | J46: 18 | K46: 21.053143 | M46: MOTORISTA I - 220 H | N46: 159 | O46: 157 | P46: 12276.99 | Q46: 6.5164489 | R46: 628 | S46: 26442.747 | T46: 14.035428 | AS46: 314 | AT46: 7932.8241 | AU46: 4.2106285 | BE46: 1570 | BF46: 75550.706 | BG46: 40.101224 | BH46: 314 | BI46: 22665.212 | BJ46: 12.030367 | HK46: 318 | HL46: 29014.32 | HM46: 15.206667 | HQ46: 3301 | HR46: 173882.8 | HS46: 92.100764
A47: Touca | B47: Touca Descartável | D47: 24.95 | E47: {=tabUniformes[[#This Row],[Valor Inicial]]*IFERROR(PRODUCT(1+_xlfn._xlws.FILTER(tabIndices[PERCENTUAL],tabIndices[DATA DA PUBLICAÇÃO]>tabUniformes[[#This Row],[DATA PUBLICAÇÃO]])),1)} -> 24.95 | F47: 26 | G47: AUXILIAR DE ARQUIVO II - 150 H | H47: 3 | I47: =tabUniformes[[#This Row],[Valor Reajustado]]*tabUniformes[[#This Row],[Qtde Anual de Peças]]*tabUniformes[[#This Row],[Qtde. funcionários]] -> 1946.1 | J47: =tabUniformes[[#This Row],[Qtde Anual de Peças]]*tabUniformes[[#This Row],[Qtde. funcionários]] -> 78 | K47: =IFERROR(tabUniformes[[#This Row],[Total]]/12/tabUniformes[[#This Row],[Qtde. funcionários]],0) -> 54.058333 | M47: MOTORISTA I - 12 X 36 - DIURNO | N47: 2 | O47: 2 | P47: 156.39477 | Q47: 6.5164489 | R47: 8 | S47: 336.85028 | T47: 14.035428 | AS47: 4 | AT47: 101.05508 | AU47: 4.2106285 | BE47: 20 | BF47: 962.42938 | BG47: 40.101224 | BH47: 4 | BI47: 288.72881 | BJ47: 12.030367 | HK47: 4 | HL47: 364.96 | HM47: 15.206667 | HQ47: 42 | HR47: 2210.4183 | HS47: 92.100764
A48: Vestimenta | B48: Vestimenta Tipo Avental (Uso Sobre O Jaleco De Tecido) | D48: 0.91 | E48: {=tabUniformes[[#This Row],[Valor Inicial]]*IFERROR(PRODUCT(1+_xlfn._xlws.FILTER(tabIndices[PERCENTUAL],tabIndices[DATA DA PUBLICAÇÃO]>tabUniformes[[#This Row],[DATA PUBLICAÇÃO]])),1)} -> 0.91 | F48: 26 | G48: AUXILIAR DE ARQUIVO II - 150 H | H48: 3 | I48: =tabUniformes[[#This Row],[Valor Reajustado]]*tabUniformes[[#This Row],[Qtde Anual de Peças]]*tabUniformes[[#This Row],[Qtde. funcionários]] -> 70.98 | J48: =tabUniformes[[#This Row],[Qtde Anual de Peças]]*tabUniformes[[#This Row],[Qtde. funcionários]] -> 78 | K48: =IFERROR(tabUniformes[[#This Row],[Total]]/12/tabUniformes[[#This Row],[Qtde. funcionários]],0) -> 1.9716667 | M48: MOTORISTA I - 150 H | N48: 1 | O48: 1 | P48: 78.197387 | Q48: 6.5164489 | R48: 4 | S48: 168.42514 | T48: 14.035428 | AS48: 2 | AT48: 50.527542 | AU48: 4.2106285 | BE48: 10 | BF48: 481.21469 | BG48: 40.101224 | BH48: 2 | BI48: 144.36441 | BJ48: 12.030367 | HK48: 2 | HL48: 182.48 | HM48: 15.206667 | HQ48: 21 | HR48: 1105.2092 | HS48: 92.100764
A49: Calçados M/F | B49: Calçado Ocupacional Tipo Botina | D49: 280.04 | E49: {=tabUniformes[[#This Row],[Valor Inicial]]*IFERROR(PRODUCT(1+_xlfn._xlws.FILTER(tabIndices[PERCENTUAL],tabIndices[DATA DA PUBLICAÇÃO]>tabUniformes[[#This Row],[DATA PUBLICAÇÃO]])),1)} -> 280.04 | F49: 2 | G49: AUXILIAR DE BIBLIOTECA - 220 H | H49: 4 | I49: =tabUniformes[[#This Row],[Valor Reajustado]]*tabUniformes[[#This Row],[Qtde Anual de Peças]]*tabUniformes[[#This Row],[Qtde. funcionários]] -> 2240.32 | J49: =tabUniformes[[#This Row],[Qtde Anual de Peças]]*tabUniformes[[#This Row],[Qtde. funcionários]] -> 8 | K49: =IFERROR(tabUniformes[[#This Row],[Total]]/12/tabUniformes[[#This Row],[Qtde. funcionários]],0) -> 46.673333 | M49: ASSISTENTE EM TECNOLOGIA DA INFORMACAO I - 220 H | N49: 15 | X49: 60 | Y49: 3248.1991 | Z49: 18.045551 | AD49: 90 | AE49: 3789.5657 | AF49: 21.053143 | AG49: 15 | AH49: 902.27754 | AI49: 5.012653 | HQ49: 165 | HR49: 7940.0424 | HS49: 44.111346
A50: Calça Comprida | B50: Jeans escuro | D50: 94.82 | E50: {=tabUniformes[[#This Row],[Valor Inicial]]*IFERROR(PRODUCT(1+_xlfn._xlws.FILTER(tabIndices[PERCENTUAL],tabIndices[DATA DA PUBLICAÇÃO]>tabUniformes[[#This Row],[DATA PUBLICAÇÃO]])),1)} -> 94.82 | F50: 4 | G50: AUXILIAR DE BIBLIOTECA - 220 H | H50: 4 | I50: =tabUniformes[[#This Row],[Valor Reajustado]]*tabUniformes[[#This Row],[Qtde Anual de Peças]]*tabUniformes[[#This Row],[Qtde. funcionários]] -> 1517.12 | J50: =tabUniformes[[#This Row],[Qtde Anual de Peças]]*tabUniformes[[#This Row],[Qtde. funcionários]] -> 16 | K50: =IFERROR(tabUniformes[[#This Row],[Total]]/12/tabUniformes[[#This Row],[Qtde. funcionários]],0) -> 31.606667 | M50: ASSISTENTE EM TECNOLOGIA DA INFORMACAO II - 220 H | N50: 10 | X50: 40 | Y50: 2165.4661 | Z50: 18.045551 | AD50: 60 | AE50: 2526.3771 | AF50: 21.053143 | AG50: 10 | AH50: 601.51836 | AI50: 5.012653 | HQ50: 110 | HR50: 5293.3616 | HS50: 44.111346
A51: Luvas | B51: Luvas Descartáveis De Látex (Com Pó) Tamanhos P, M, G | D51: 0.2734 | E51: {=tabUniformes[[#This Row],[Valor Inicial]]*IFERROR(PRODUCT(1+_xlfn._xlws.FILTER(tabIndices[PERCENTUAL],tabIndices[DATA DA PUBLICAÇÃO]>tabUniformes[[#This Row],[DATA PUBLICAÇÃO]])),1)} -> 0.2734 | F51: 700 | G51: AUXILIAR DE BIBLIOTECA - 220 H | H51: 4 | I51: =tabUniformes[[#This Row],[Valor Reajustado]]*tabUniformes[[#This Row],[Qtde Anual de Peças]]*tabUniformes[[#This Row],[Qtde. funcionários]] -> 765.52 | J51: =tabUniformes[[#This Row],[Qtde Anual de Peças]]*tabUniformes[[#This Row],[Qtde. funcionários]] -> 2800 | K51: =IFERROR(tabUniformes[[#This Row],[Total]]/12/tabUniformes[[#This Row],[Qtde. funcionários]],0) -> 15.948333 | M51: CONTROLADOR LOGISTICO - 220 H | N51: 7 | X51: 28 | Y51: 1515.8263 | Z51: 18.045551 | AD51: 42 | AE51: 1768.464 | AF51: 21.053143 | AG51: 7 | AH51: 421.06285 | AI51: 5.012653 | CC51: 14 | CD51: 3920.56 | CE51: 46.673333 | HQ51: 91 | HR51: 7625.9131 | HS51: 90.78468
A52: Luvas | B52: Luvas Descartáveis Nitrílica (Isenta De Pó) Tamanhos P, M, G | D52: 0.3 | E52: {=tabUniformes[[#This Row],[Valor Inicial]]*IFERROR(PRODUCT(1+_xlfn._xlws.FILTER(tabIndices[PERCENTUAL],tabIndices[DATA DA PUBLICAÇÃO]>tabUniformes[[#This Row],[DATA PUBLICAÇÃO]])),1)} -> 0.3 | F52: 120 | G52: AUXILIAR DE BIBLIOTECA - 220 H | H52: 4 | I52: =tabUniformes[[#This Row],[Valor Reajustado]]*tabUniformes[[#This Row],[Qtde Anual de Peças]]*tabUniformes[[#This Row],[Qtde. funcionários]] -> 144 | J52: =tabUniformes[[#This Row],[Qtde Anual de Peças]]*tabUniformes[[#This Row],[Qtde. funcionários]] -> 480 | K52: =IFERROR(tabUniformes[[#This Row],[Total]]/12/tabUniformes[[#This Row],[Qtde. funcionários]],0) -> 3 | M52: ENCARREGADO - 12 X 36 - DIURNO | N52: 2 | O52: 2 | P52: 156.39477 | Q52: 6.5164489 | R52: 8 | S52: 336.85028 | T52: 14.035428 | BB52: 4 | BC52: 288.72881 | BD52: 12.030367 | BE52: 12 | BF52: 577.45763 | BG52: 24.060734 | HQ52: 26 | HR52: 1359.4315 | HS52: 56.642979
A53: Jaleco | B53: Manga comprida - Oxford ou poliéster com dois bolsos frontais | D53: 63.5 | E53: {=tabUniformes[[#This Row],[Valor Inicial]]*IFERROR(PRODUCT(1+_xlfn._xlws.FILTER(tabIndices[PERCENTUAL],tabIndices[DATA DA PUBLICAÇÃO]>tabUniformes[[#This Row],[DATA PUBLICAÇÃO]])),1)} -> 63.5 | F53: 1 | G53: AUXILIAR DE BIBLIOTECA - 220 H | H53: 4 | I53: =tabUniformes[[#This Row],[Valor Reajustado]]*tabUniformes[[#This Row],[Qtde Anual de Peças]]*tabUniformes[[#This Row],[Qtde. funcionários]] -> 254 | J53: =tabUniformes[[#This Row],[Qtde Anual de Peças]]*tabUniformes[[#This Row],[Qtde. funcionários]] -> 4 | K53: =IFERROR(tabUniformes[[#This Row],[Total]]/12/tabUniformes[[#This Row],[Qtde. funcionários]],0) -> 5.2916667 | M53: ENCARREGADO - 12 X 36 - NOTURNO | N53: 2 | O53: 2 | P53: 156.39477 | Q53: 6.5164489 | R53: 8 | S53: 336.85028 | T53: 14.035428 | BB53: 4 | BC53: 288.72881 | BD53: 12.030367 | BE53: 12 | BF53: 577.45763 | BG53: 24.060734 | HQ53: 26 | HR53: 1359.4315 | HS53: 56.642979
A54: Máscara | B54: Máscara Descartável Tripla | D54: 0.23 | E54: {=tabUniformes[[#This Row],[Valor Inicial]]*IFERROR(PRODUCT(1+_xlfn._xlws.FILTER(tabIndices[PERCENTUAL],tabIndices[DATA DA PUBLICAÇÃO]>tabUniformes[[#This Row],[DATA PUBLICAÇÃO]])),1)} -> 0.23 | F54: 360 | G54: AUXILIAR DE BIBLIOTECA - 220 H | H54: 4 | I54: =tabUniformes[[#This Row],[Valor Reajustado]]*tabUniformes[[#This Row],[Qtde Anual de Peças]]*tabUniformes[[#This Row],[Qtde. funcionários]] -> 331.2 | J54: =tabUniformes[[#This Row],[Qtde Anual de Peças]]*tabUniformes[[#This Row],[Qtde. funcionários]] -> 1440 | K54: =IFERROR(tabUniformes[[#This Row],[Total]]/12/tabUniformes[[#This Row],[Qtde. funcionários]],0) -> 6.9 | M54: GARCOM - 12 X 36 - DIURNO | N54: 2 | O54: 2 | P54: 156.39477 | Q54: 6.5164489 | R54: 8 | S54: 336.85028 | T54: 14.035428 | AJ54: 2 | AK54: 96.242938 | AL54: 4.0101224 | AP54: 2 | AQ54: 48.121469 | AR54: 2.0050612 | BE54: 12 | BF54: 577.45763 | BG54: 24.060734 | BH54: 4 | BI54: 288.72881 | BJ54: 12.030367 | HQ54: 30 | HR54: 1503.7959 | HS54: 62.658163
A55: Máscara | B55: Máscara N95 Com Válvula (50%) | D55: 1.39 | E55: {=tabUniformes[[#This Row],[Valor Inicial]]*IFERROR(PRODUCT(1+_xlfn._xlws.FILTER(tabIndices[PERCENTUAL],tabIndices[DATA DA PUBLICAÇÃO]>tabUniformes[[#This Row],[DATA PUBLICAÇÃO]])),1)} -> 1.39 | F55: 24 | G55: AUXILIAR DE BIBLIOTECA - 220 H | H55: 4 | I55: =tabUniformes[[#This Row],[Valor Reajustado]]*tabUniformes[[#This Row],[Qtde Anual de Peças]]*tabUniformes[[#This Row],[Qtde. funcionários]] -> 133.44 | J55: =tabUniformes[[#This Row],[Qtde Anual de Peças]]*tabUniformes[[#This Row],[Qtde. funcionários]] -> 96 | K55: =IFERROR(tabUniformes[[#This Row],[Total]]/12/tabUniformes[[#This Row],[Qtde. funcionários]],0) -> 2.78 | M55: GARCOM - 12 X 36 - NOTURNO | N55: 2 | O55: 2 | P55: 156.39477 | Q55: 6.5164489 | R55: 8 | S55: 336.85028 | T55: 14.035428 | AJ55: 2 | AK55: 96.242938 | AL55: 4.0101224 | AP55: 2 | AQ55: 48.121469 | AR55: 2.0050612 | BE55: 12 | BF55: 577.45763 | BG55: 24.060734 | BH55: 4 | BI55: 288.72881 | BJ55: 12.030367 | HQ55: 30 | HR55: 1503.7959 | HS55: 62.658163
A56: Máscara | B56: Máscara N95 Sem Válvula (50%) | D56: 2.22 | E56: {=tabUniformes[[#This Row],[Valor Inicial]]*IFERROR(PRODUCT(1+_xlfn._xlws.FILTER(tabIndices[PERCENTUAL],tabIndices[DATA DA PUBLICAÇÃO]>tabUniformes[[#This Row],[DATA PUBLICAÇÃO]])),1)} -> 2.22 | F56: 24 | G56: AUXILIAR DE BIBLIOTECA - 220 H | H56: 4 | I56: =tabUniformes[[#This Row],[Valor Reajustado]]*tabUniformes[[#This Row],[Qtde Anual de Peças]]*tabUniformes[[#This Row],[Qtde. funcionários]] -> 213.12 | J56: =tabUniformes[[#This Row],[Qtde Anual de Peças]]*tabUniformes[[#This Row],[Qtde. funcionários]] -> 96 | K56: =IFERROR(tabUniformes[[#This Row],[Total]]/12/tabUniformes[[#This Row],[Qtde. funcionários]],0) -> 4.44 | M56: INSTALADOR E MANTENEDOR DE SISTEMAS DE SEGURANCA - 220 H | N56: 2 | X56: 8 | Y56: 433.09322 | Z56: 18.045551 | AD56: 12 | AE56: 505.27542 | AF56: 21.053143 | AG56: 2 | AH56: 120.30367 | AI56: 5.012653 | CC56: 4 | CD56: 1120.16 | CE56: 46.673333 | HQ56: 26 | HR56: 2178.8323 | HS56: 90.78468
A57: Agasalho | B57: Moletom aberto | D57: 95.13 | E57: {=tabUniformes[[#This Row],[Valor Inicial]]*IFERROR(PRODUCT(1+_xlfn._xlws.FILTER(tabIndices[PERCENTUAL],tabIndices[DATA DA PUBLICAÇÃO]>tabUniformes[[#This Row],[DATA PUBLICAÇÃO]])),1)} -> 95.13 | F57: 1 | G57: AUXILIAR DE BIBLIOTECA - 220 H | H57: 4 | I57: =tabUniformes[[#This Row],[Valor Reajustado]]*tabUniformes[[#This Row],[Qtde Anual de Peças]]*tabUniformes[[#This Row],[Qtde. funcionários]] -> 380.52 | J57: =tabUniformes[[#This Row],[Qtde Anual de Peças]]*tabUniformes[[#This Row],[Qtde. funcionários]] -> 4 | K57: =IFERROR(tabUniformes[[#This Row],[Total]]/12/tabUniformes[[#This Row],[Qtde. funcionários]],0) -> 7.9275 | M57: JARDINEIRO - 100 H | N57: 2 | U57: 8 | V57: 336.85028 | W57: 14.035428 | AA57: 16 | AB57: 481.21469 | AC57: 20.050612 | AG57: 2 | AH57: 120.30367 | AI57: 5.012653 | AV57: 8 | AW57: 288.72881 | AX57: 12.030367 | CC57: 2 | CD57: 560.08 | CE57: 23.336667 | CF57: 2 | CG57: 15.34 | CH57: 0.63916667 | CO57: 2 | CP57: 49.1 | CQ57: 2.0458333 | CR57: 2 | CS57: 181.06 | CT57: 7.5441667 | CU57: 2 | CV57: 99.98 | CW57: 4.1658333 | DD57: 2 | DE57: 44.4 | DF57: 1.85 | DJ57: 2 | DK57: 702.3 | DL57: 29.2625 | DS57: 4 | DT57: 80.68 | DU57: 3.3616667 | EE57: 2 | EF57: 32.76 | EG57: 1.365 | EH57: 8 | EI57: 256 | EJ57: 10.666667 | FC57: 8 | FD57: 41.12 | FE57: 1.7133333 | FF57: 2 | FG57: 119.8 | FH57: 4.9916667 | FI57: 2 | FJ57: 66.34 | FK57: 2.7641667 | FL57: 2 | FM57: 653.56 | FN57: 27.231667 | FO57: 2 | FP57: 36.14 | FQ57: 1.5058333 | GJ57: 24 | GK57: 65.28 | GL57: 2.72 | GM57: 2 | GN57: 85.92 | GO57: 3.58 | GP57: 8 | GQ57: 20.4 | GR57: 0.85 | GS57: 12 | GT57: 359.28 | GU57: 14.97 | GV57: 2 | GW57: 22.26 | GX57: 0.9275 | HQ57: 126 | HR57: 4718.8975 | HS57: 196.62073
A58: Óculos | B58: Óculos De Segurança De Sobreposição Incolor Ou Fumê | D58: 7.67 | E58: {=tabUniformes[[#This Row],[Valor Inicial]]*IFERROR(PRODUCT(1+_xlfn._xlws.FILTER(tabIndices[PERCENTUAL],tabIndices[DATA DA PUBLICAÇÃO]>tabUniformes[[#This Row],[DATA PUBLICAÇÃO]])),1)} -> 7.67 | F58: 12 | G58: AUXILIAR DE BIBLIOTECA - 220 H | H58: 4 | I58: =tabUniformes[[#This Row],[Valor Reajustado]]*tabUniformes[[#This Row],[Qtde Anual de Peças]]*tabUniformes[[#This Row],[Qtde. funcionários]] -> 368.16 | J58: =tabUniformes[[#This Row],[Qtde Anual de Peças]]*tabUniformes[[#This Row],[Qtde. funcionários]] -> 48 | K58: =IFERROR(tabUniformes[[#This Row],[Total]]/12/tabUniformes[[#This Row],[Qtde. funcionários]],0) -> 7.67 | M58: JARDINEIRO - 200 H | N58: 7 | U58: 28 | V58: 1178.976 | W58: 14.035428 | AA58: 56 | AB58: 1684.2514 | AC58: 20.050612 | AG58: 7 | AH58: 421.06285 | AI58: 5.012653 | AV58: 28 | AW58: 1010.5508 | AX58: 12.030367 | CC58: 14 | CD58: 3920.56 | CE58: 46.673333 | CF58: 7 | CG58: 53.69 | CH58: 0.63916667 | CO58: 14 | CP58: 343.7 | CQ58: 4.0916667 | CR58: 7 | CS58: 633.71 | CT58: 7.5441667 | CU58: 14 | CV58: 699.86 | CW58: 8.3316667 | DD58: 7 | DE58: 155.4 | DF58: 1.85 | DJ58: 7 | DK58: 2458.05 | DL58: 29.2625 | DS58: 28 | DT58: 564.76 | DU58: 6.7233333 | EE58: 7 | EF58: 114.66 | EG58: 1.365 | EH58: 42 | EI58: 1344 | EJ58: 16 | FC58: 42 | FD58: 215.88 | FE58: 2.57 | FF58: 7 | FG58: 419.3 | FH58: 4.9916667 | FI58: 7 | FJ58: 232.19 | FK58: 2.7641667 | FL58: 7 | FM58: 2287.46 | FN58: 27.231667 | FO58: 7 | FP58: 126.49 | FQ58: 1.5058333 | GJ58: 168 | GK58: 456.96 | GL58: 5.44 | GM58: 7 | GN58: 300.72 | GO58: 3.58 | GP58: 42 | GQ58: 107.1 | GR58: 1.275 | GS58: 84 | GT58: 2514.96 | GU58: 29.94 | GV58: 7 | GW58: 77.91 | GX58: 0.9275 | HQ58: 644 | HR58: 21322.201 | HS58: 253.83573
A59: Camisa manga curta | B59: Polo em malha de algodão | D59: 69.83 | E59: {=tabUniformes[[#This Row],[Valor Inicial]]*IFERROR(PRODUCT(1+_xlfn._xlws.FILTER(tabIndices[PERCENTUAL],tabIndices[DATA DA PUBLICAÇÃO]>tabUniformes[[#This Row],[DATA PUBLICAÇÃO]])),1)} -> 69.83 | F59: 6 | G59: AUXILIAR DE BIBLIOTECA - 220 H | H59: 4 | I59: =tabUniformes[[#This Row],[Valor Reajustado]]*tabUniformes[[#This Row],[Qtde Anual de Peças]]*tabUniformes[[#This Row],[Qtde. funcionários]] -> 1675.92 | J59: =tabUniformes[[#This Row],[Qtde Anual de Peças]]*tabUniformes[[#This Row],[Qtde. funcionários]] -> 24 | K59: =IFERROR(tabUniformes[[#This Row],[Total]]/12/tabUniformes[[#This Row],[Qtde. funcionários]],0) -> 34.915 | M59: OPERADOR DE MIDIA AUDIOVISUAL - 150 H | N59: 17 | R59: 17 | S59: 1785 | T59: 8.75 | X59: 68 | Y59: 3681.2924 | Z59: 18.045551 | AD59: 102 | AE59: 4294.8411 | AF59: 21.053143 | AG59: 17 | AH59: 1022.5812 | AI59: 5.012653 | BE59: 17 | BF59: 1683 | BG59: 8.25 | BH59: 17 | BI59: 1227.0975 | BJ59: 6.0151836 | HN59: 34 | HO59: 10911.96 | HP59: 53.49 | HQ59: 272 | HR59: 24605.772 | HS59: 120.61653
A60: Touca | B60: Touca Descartável | D60: 24.95 | E60: {=tabUniformes[[#This Row],[Valor Inicial]]*IFERROR(PRODUCT(1+_xlfn._xlws.FILTER(tabIndices[PERCENTUAL],tabIndices[DATA DA PUBLICAÇÃO]>tabUniformes[[#This Row],[DATA PUBLICAÇÃO]])),1)} -> 24.95 | F60: 26 | G60: AUXILIAR DE BIBLIOTECA - 220 H | H60: 4 | I60: =tabUniformes[[#This Row],[Valor Reajustado]]*tabUniformes[[#This Row],[Qtde Anual de Peças]]*tabUniformes[[#This Row],[Qtde. funcionários]] -> 2594.8 | J60: =tabUniformes[[#This Row],[Qtde Anual de Peças]]*tabUniformes[[#This Row],[Qtde. funcionários]] -> 104 | K60: =IFERROR(tabUniformes[[#This Row],[Total]]/12/tabUniformes[[#This Row],[Qtde. funcionários]],0) -> 54.058333 | M60: TECNICO EM LOGISTICA - 12 X 36 - DIURNO | N60: 2 | X60: 8 | Y60: 433.09322 | Z60: 18.045551 | AD60: 12 | AE60: 505.27542 | AF60: 21.053143 | AG60: 2 | AH60: 120.30367 | AI60: 5.012653 | CC60: 4 | CD60: 1120.16 | CE60: 46.673333 | HQ60: 26 | HR60: 2178.8323 | HS60: 90.78468
A61: Vestimenta | B61: Vestimenta Tipo Avental (Uso Sobre O Jaleco De Tecido) | D61: 0.91 | E61: {=tabUniformes[[#This Row],[Valor Inicial]]*IFERROR(PRODUCT(1+_xlfn._xlws.FILTER(tabIndices[PERCENTUAL],tabIndices[DATA DA PUBLICAÇÃO]>tabUniformes[[#This Row],[DATA PUBLICAÇÃO]])),1)} -> 0.91 | F61: 26 | G61: AUXILIAR DE BIBLIOTECA - 220 H | H61: 4 | I61: =tabUniformes[[#This Row],[Valor Reajustado]]*tabUniformes[[#This Row],[Qtde Anual de Peças]]*tabUniformes[[#This Row],[Qtde. funcionários]] -> 94.64 | J61: =tabUniformes[[#This Row],[Qtde Anual de Peças]]*tabUniformes[[#This Row],[Qtde. funcionários]] -> 104 | K61: =IFERROR(tabUniformes[[#This Row],[Total]]/12/tabUniformes[[#This Row],[Qtde. funcionários]],0) -> 1.9716667 | M61: TECNICO EM LOGISTICA - 12 X 36 - NOTURNO | N61: 2 | X61: 8 | Y61: 433.09322 | Z61: 18.045551 | AD61: 12 | AE61: 505.27542 | AF61: 21.053143 | AG61: 2 | AH61: 120.30367 | AI61: 5.012653 | CC61: 4 | CD61: 1120.16 | CE61: 46.673333 | HQ61: 26 | HR61: 2178.8323 | HS61: 90.78468
A62: Calçados M/F | B62: Calçado Ocupacional Tipo Botina | D62: 280.04 | E62: {=tabUniformes[[#This Row],[Valor Inicial]]*IFERROR(PRODUCT(1+_xlfn._xlws.FILTER(tabIndices[PERCENTUAL],tabIndices[DATA DA PUBLICAÇÃO]>tabUniformes[[#This Row],[DATA PUBLICAÇÃO]])),1)} -> 280.04 | F62: 2 | G62: AUXILIAR DE CADASTRO E EXPEDICAO - 220 H | H62: 6 | I62: =tabUniformes[[#This Row],[Valor Reajustado]]*tabUniformes[[#This Row],[Qtde Anual de Peças]]*tabUniformes[[#This Row],[Qtde. funcionários]] -> 3360.48 | J62: =tabUniformes[[#This Row],[Qtde Anual de Peças]]*tabUniformes[[#This Row],[Qtde. funcionários]] -> 12 | K62: =IFERROR(tabUniformes[[#This Row],[Total]]/12/tabUniformes[[#This Row],[Qtde. funcionários]],0) -> 46.673333 | M62: TECNICO EM LOGISTICA - 220 H | N62: 34 | X62: 136 | Y62: 7362.5847 | Z62: 18.045551 | AD62: 204 | AE62: 8589.6822 | AF62: 21.053143 | AG62: 34 | AH62: 2045.1624 | AI62: 5.012653 | CC62: 68 | CD62: 19042.72 | CE62: 46.673333 | HQ62: 442 | HR62: 37040.149 | HS62: 90.78468
A63: Calça Comprida | B63: Jeans escuro | D63: 94.82 | E63: {=tabUniformes[[#This Row],[Valor Inicial]]*IFERROR(PRODUCT(1+_xlfn._xlws.FILTER(tabIndices[PERCENTUAL],tabIndices[DATA DA PUBLICAÇÃO]>tabUniformes[[#This Row],[DATA PUBLICAÇÃO]])),1)} -> 94.82 | F63: 4 | G63: AUXILIAR DE CADASTRO E EXPEDICAO - 220 H | H63: 6 | I63: 1299.2797 | J63: 24 | K63: 18.045551 | M63: TECNICO EM TECNOLOGIA DA INFORMACAO I - 220 H | N63: 30 | X63: 120 | Y63: 6496.3983 | Z63: 18.045551 | AD63: 180 | AE63: 7579.1313 | AF63: 21.053143 | AG63: 30 | AH63: 1804.5551 | AI63: 5.012653 | CC63: 60 | CD63: 16802.4 | CE63: 46.673333 | HQ63: 390 | HR63: 32682.485 | HS63: 90.78468
A64: Agasalho | B64: Moletom aberto | D64: 95.13 | E64: {=tabUniformes[[#This Row],[Valor Inicial]]*IFERROR(PRODUCT(1+_xlfn._xlws.FILTER(tabIndices[PERCENTUAL],tabIndices[DATA DA PUBLICAÇÃO]>tabUniformes[[#This Row],[DATA PUBLICAÇÃO]])),1)} -> 95.13 | F64: 1 | G64: AUXILIAR DE CADASTRO E EXPEDICAO - 220 H | H64: 6 | I64: 360.91102 | J64: 6 | K64: 5.012653 | M64: TECNICO EM TECNOLOGIA DA INFORMACAO II - 220 H | N64: 30 | X64: 120 | Y64: 6496.3983 | Z64: 18.045551 | AD64: 180 | AE64: 7579.1313 | AF64: 21.053143 | AG64: 30 | AH64: 1804.5551 | AI64: 5.012653 | CC64: 60 | CD64: 16802.4 | CE64: 46.673333 | HQ64: 390 | HR64: 32682.485 | HS64: 90.78468
A65: Camisa manga curta | B65: Polo em malha de algodão | D65: 69.83 | E65: {=tabUniformes[[#This Row],[Valor Inicial]]*IFERROR(PRODUCT(1+_xlfn._xlws.FILTER(tabIndices[PERCENTUAL],tabIndices[DATA DA PUBLICAÇÃO]>tabUniformes[[#This Row],[DATA PUBLICAÇÃO]])),1)} -> 69.83 | F65: 6 | G65: AUXILIAR DE CADASTRO E EXPEDICAO - 220 H | H65: 6 | I65: 1515.8263 | J65: 36 | K65: 21.053143 | M65: TECNICO EM TECNOLOGIA DA INFORMACAO III - 220 H | N65: 24 | X65: 96 | Y65: 5197.1186 | Z65: 18.045551 | AD65: 144 | AE65: 6063.3051 | AF65: 21.053143 | AG65: 24 | AH65: 1443.6441 | AI65: 5.012653 | CC65: 48 | CD65: 13441.92 | CE65: 46.673333 | HQ65: 312 | HR65: 26145.988 | HS65: 90.78468
A66: Avental | B66: Avental De Pvc | D66: 24.55 | E66: {=tabUniformes[[#This Row],[Valor Inicial]]*IFERROR(PRODUCT(1+_xlfn._xlws.FILTER(tabIndices[PERCENTUAL],tabIndices[DATA DA PUBLICAÇÃO]>tabUniformes[[#This Row],[DATA PUBLICAÇÃO]])),1)} -> 24.55 | F66: 1 | G66: AUXILIAR DE MANUTENCAO PREDIAL - 220 H | H66: 22 | I66: =tabUniformes[[#This Row],[Valor Reajustado]]*tabUniformes[[#This Row],[Qtde Anual de Peças]]*tabUniformes[[#This Row],[Qtde. funcionários]] -> 540.1 | J66: =tabUniformes[[#This Row],[Qtde Anual de Peças]]*tabUniformes[[#This Row],[Qtde. funcionários]] -> 22 | K66: =IFERROR(tabUniformes[[#This Row],[Total]]/12/tabUniformes[[#This Row],[Qtde. funcionários]],0) -> 2.0458333 | M66: AUXILIAR DE BIBLIOTECA - 220 H | N66: 4 | X66: 16 | Y66: 1517.12 | Z66: 31.606667 | AD66: 24 | AE66: 1675.92 | AF66: 34.915 | AG66: 4 | AH66: 380.52 | AI66: 7.9275 | AY66: 4 | AZ66: 254 | BA66: 5.2916667 | BN66: 1440 | BO66: 331.2 | BP66: 6.9 | BQ66: 96 | BR66: 213.12 | BS66: 4.44 | BT66: 96 | BU66: 133.44 | BV66: 2.78 | BW66: 2800 | BX66: 765.52 | BY66: 15.948333 | BZ66: 480 | CA66: 144 | CB66: 3 | CC66: 8 | CD66: 2240.32 | CE66: 46.673333 | CF66: 48 | CG66: 368.16 | CH66: 7.67 | CI66: 104 | CJ66: 2594.8 | CK66: 54.058333 | CL66: 104 | CM66: 94.64 | CN66: 1.9716667 | HQ66: 5224 | HR66: 10712.76 | HS66: 223.1825
A67: Avental | B67: Avental De Raspa | D67: 90.53 | E67: {=tabUniformes[[#This Row],[Valor Inicial]]*IFERROR(PRODUCT(1+_xlfn._xlws.FILTER(tabIndices[PERCENTUAL],tabIndices[DATA DA PUBLICAÇÃO]>tabUniformes[[#This Row],[DATA PUBLICAÇÃO]])),1)} -> 90.53 | F67: 1 | G67: AUXILIAR DE MANUTENCAO PREDIAL - 220 H | H67: 22 | I67: =tabUniformes[[#This Row],[Valor Reajustado]]*tabUniformes[[#This Row],[Qtde Anual de Peças]]*tabUniformes[[#This Row],[Qtde. funcionários]] -> 1991.66 | J67: =tabUniformes[[#This Row],[Qtde Anual de Peças]]*tabUniformes[[#This Row],[Qtde. funcionários]] -> 22 | K67: =IFERROR(tabUniformes[[#This Row],[Total]]/12/tabUniformes[[#This Row],[Qtde. funcionários]],0) -> 7.5441667 | M67: JARDINEIRO INTERMITENTE | N67: 9 | U67: 8 | V67: 336.85028 | W67: 14.035428 | AA67: 16 | AB67: 481.21469 | AC67: 20.050612 | AG67: 2 | AH67: 120.30367 | AI67: 5.012653 | AV67: 8 | AW67: 288.72881 | AX67: 12.030367 | CC67: 9 | CD67: 2520.36 | CE67: 23.336667 | CF67: 9 | CG67: 69.03 | CH67: 0.63916667 | CO67: 9 | CP67: 220.95 | CQ67: 2.0458333 | CR67: 9 | CS67: 814.77 | CT67: 7.5441667 | CU67: 9 | CV67: 449.91 | CW67: 4.1658333 | DD67: 9 | DE67: 199.8 | DF67: 1.85 | DJ67: 9 | DK67: 3160.35 | DL67: 29.2625 | DS67: 18 | DT67: 363.06 | DU67: 3.3616667 | EE67: 9 | EF67: 147.42 | EG67: 1.365 | EH67: 36 | EI67: 1152 | EJ67: 10.666667 | FC67: 36 | FD67: 185.04 | FE67: 1.7133333 | FF67: 9 | FG67: 539.1 | FH67: 4.9916667 | FI67: 9 | FJ67: 298.53 | FK67: 2.7641667 | FL67: 9 | FM67: 2941.02 | FN67: 27.231667 | FO67: 9 | FP67: 162.63 | FQ67: 1.5058333 | GJ67: 108 | GK67: 293.76 | GL67: 2.72 | GM67: 9 | GN67: 386.64 | GO67: 3.58 | GP67: 36 | GQ67: 91.8 | GR67: 0.85 | GS67: 54 | GT67: 1616.76 | GU67: 14.97 | GV67: 9 | GW67: 100.17 | GX67: 0.9275 | HQ67: 448 | HR67: 16940.197 | HS67: 196.62073
A68: Calçados M/F | B68: Bota De Borracha | D68: 49.99 | E68: {=tabUniformes[[#This Row],[Valor Inicial]]*IFERROR(PRODUCT(1+_xlfn._xlws.FILTER(tabIndices[PERCENTUAL],tabIndices[DATA DA PUBLICAÇÃO]>tabUniformes[[#This Row],[DATA PUBLICAÇÃO]])),1)} -> 49.99 | F68: 2 | G68: AUXILIAR DE MANUTENCAO PREDIAL - 220 H | H68: 22 | I68: =tabUniformes[[#This Row],[Valor Reajustado]]*tabUniformes[[#This Row],[Qtde Anual de Peças]]*tabUniformes[[#This Row],[Qtde. funcionários]] -> 2199.56 | J68: =tabUniformes[[#This Row],[Qtde Anual de Peças]]*tabUniformes[[#This Row],[Qtde. funcionários]] -> 44 | K68: =IFERROR(tabUniformes[[#This Row],[Total]]/12/tabUniformes[[#This Row],[Qtde. funcionários]],0) -> 8.3316667 | M68: Total Geral | O68: 617 | P68: 48121.469 | Q68: 109.27584 | R68: 2489 | S68: 106123.31 | T68: 256.10228 | U68: 232 | V68: 9768.6582 | W68: 98.247999 | X68: 2380 | Y68: 134540.9 | Z68: 718.29378 | AA68: 1000 | AB68: 30075.918 | AC68: 260.65796 | AD68: 3168 | AE68: 139214.69 | AF68: 705.81222 | AG68: 664 | AH68: 45257.5 | AI68: 237.45125 | AJ68: 20 | AK68: 962.42938 | AL68: 12.030367 | AM68: 4 | AN68: 312.78955 | AO68: 6.5164489 | AP68: 20 | AQ68: 481.21469 | AR68: 6.0151836 | AS68: 346 | AT68: 8741.2648 | AU68: 16.842514 | AV68: 324 | AW68: 11693.517 | AX68: 114.28849 | AY68: 34 | AZ68: 1336.733 | BA68: 11.30685 | BB68: 18 | BC68: 1299.2797 | BD68: 36.091102 | BE68: 4411 | BF68: 213535.76 | BG68: 489.9242 | BH68: 1233 | BI68: 88832.232 | BJ68: 172.43526 | BK68: 16 | BL68: 2915.68 | BM68: 30.371667 | BN68: 12240 | BO68: 2815.2 | BP68: 20.7 | BQ68: 816 | BR68: 1811.52 | BS68: 13.32 | BT68: 816 | BU68: 1134.24 | BV68: 8.34 | BW68: 23800 | BX68: 6506.92 | BY68: 47.845 | BZ68: 4080 | CA68: 1224 | CB68: 9 | CC68: 738 | CD68: 206669.52 | CE68: 1610.23 | CF68: 637 | CG68: 4885.79 | CH68: 35.793333 | CI68: 884 | CJ68: 22055.8 | CK68: 162.175 | CL68: 884 | CM68: 804.44 | CN68: 5.915 | CO68: 75 | CP68: 1841.25 | CQ68: 18.4125 | CR68: 106 | CS68: 9596.18 | CT68: 75.441667 | CU68: 106 | CV68: 5298.94 | CW68: 49.99 | CX68: 160 | CY68: 28217.6 | CZ68: 117.57333 | DA68: 160 | DB68: 27678.4 | DC68: 115.32667 | DD68: 140 | DE68: 3108 | DF68: 24.05 | DG68: 75 | DH68: 4815 | DI68: 32.1 | DJ68: 140 | DK68: 49161 | DL68: 380.4125 | DM68: 690 | DN68: 6693 | DO68: 53.35 | DP68: 40 | DQ68: 13953.6 | DR68: 58.14 | DS68: 324 | DT68: 6535.08 | DU68: 50.425 | DV68: 264 | DW68: 9316.56 | DX68: 35.29 | DY68: 390 | DZ68: 2835.3 | EA68: 14.54 | EB68: 896 | EC68: 5483.52 | ED68: 35.7 | EE68: 128 | EF68: 2096.64 | EG68: 15.015 | EH68: 328 | EI68: 10496 | EJ68: 80 | EK68: 3750 | EL68: 54075 | EM68: 360.5 | EN68: 30 | EO68: 595.8 | EP68: 3.31 | EQ68: 75 | ER68: 25833.75 | ES68: 172.225 | ET68: 2152 | EU68: 5380 | EV68: 38.333333 | EW68: 1708 | EX68: 41777.68 | EY68: 277.21333 | EZ68: 75 | FA68: 2719.5 | FB68: 18.13 | FC68: 1296 | FD68: 6661.44 | FE68: 40.263333 | FF68: 195 | FG68: 11680.5 | FH68: 79.866667 | FI68: 117 | FJ68: 3880.89 | FK68: 27.641667 | FL68: 176 | FM68: 57513.28 | FN68: 544.63333 | FO68: 51 | FP68: 921.57 | FQ68: 7.5291667 | FR68: 20 | FS68: 1711.4 | FT68: 7.1308333 | FU68: 210 | FV68: 15158.263 | FW68: 12.030367 | FX68: 52 | FY68: 691.08 | FZ68: 4.43 | GA68: 52 | GB68: 16.64 | GC68: 0.10666667 | GD68: 52 | GE68: 803.4 | GF68: 5.15 | GG68: 36 | GH68: 1185.84 | GI68: 5.49 | GJ68: 612 | GK68: 1664.64 | GL68: 16.32 | GM68: 31 | GN68: 1331.76 | GO68: 14.32 | GP68: 164 | GQ68: 418.2 | GR68: 4.25 | GS68: 306 | GT68: 9161.64 | GU68: 89.82 | GV68: 31 | GW68: 345.03 | GX68: 3.71 | GY68: 2 | GZ68: 47.6 | HA68: 3.9666667 | HB68: 24 | HC68: 131.76 | HD68: 10.98 | HE68: 2 | HF68: 63.4 | HG68: 5.2833333 | HH68: 2 | HI68: 66.9 | HJ68: 5.575 | HK68: 366 | HL68: 33393.84 | HM68: 76.033333 | HN68: 102 | HO68: 32735.88 | HP68: 213.96 | HQ68: 77582 | HR68: 1588213.5 | HS68: 8398.9504
A69: Calça | B69: Calça De Segurança Confeccionada Em Tecido Cedrotech | D69: 176.36 | E69: {=tabUniformes[[#This Row],[Valor Inicial]]*IFERROR(PRODUCT(1+_xlfn._xlws.FILTER(tabIndices[PERCENTUAL],tabIndices[DATA DA PUBLICAÇÃO]>tabUniformes[[#This Row],[DATA PUBLICAÇÃO]])),1)} -> 176.36 | F69: 4 | G69: AUXILIAR DE MANUTENCAO PREDIAL - 220 H | H69: 22 | I69: =tabUniformes[[#This Row],[Valor Reajustado]]*tabUniformes[[#This Row],[Qtde Anual de Peças]]*tabUniformes[[#This Row],[Qtde. funcionários]] -> 15519.68 | J69: =tabUniformes[[#This Row],[Qtde Anual de Peças]]*tabUniformes[[#This Row],[Qtde. funcionários]] -> 88 | K69: =IFERROR(tabUniformes[[#This Row],[Total]]/12/tabUniformes[[#This Row],[Qtde. funcionários]],0) -> 58.786667
A70: Calçados M/F | B70: Calçado Ocupacional Tipo Botina | D70: 280.04 | E70: {=tabUniformes[[#This Row],[Valor Inicial]]*IFERROR(PRODUCT(1+_xlfn._xlws.FILTER(tabIndices[PERCENTUAL],tabIndices[DATA DA PUBLICAÇÃO]>tabUniformes[[#This Row],[DATA PUBLICAÇÃO]])),1)} -> 280.04 | F70: 2 | G70: AUXILIAR DE MANUTENCAO PREDIAL - 220 H | H70: 22 | I70: =tabUniformes[[#This Row],[Valor Reajustado]]*tabUniformes[[#This Row],[Qtde Anual de Peças]]*tabUniformes[[#This Row],[Qtde. funcionários]] -> 12321.76 | J70: =tabUniformes[[#This Row],[Qtde Anual de Peças]]*tabUniformes[[#This Row],[Qtde. funcionários]] -> 44 | K70: =IFERROR(tabUniformes[[#This Row],[Total]]/12/tabUniformes[[#This Row],[Qtde. funcionários]],0) -> 46.673333
A71: Camisa | B71: Camisa De Segurança Confeccionada Em Uma Camada De Tecido Cedrotech | D71: 172.99 | E71: {=tabUniformes[[#This Row],[Valor Inicial]]*IFERROR(PRODUCT(1+_xlfn._xlws.FILTER(tabIndices[PERCENTUAL],tabIndices[DATA DA PUBLICAÇÃO]>tabUniformes[[#This Row],[DATA PUBLICAÇÃO]])),1)} -> 172.99 | F71: 4 | G71: AUXILIAR DE MANUTENCAO PREDIAL - 220 H | H71: 22 | I71: =tabUniformes[[#This Row],[Valor Reajustado]]*tabUniformes[[#This Row],[Qtde Anual de Peças]]*tabUniformes[[#This Row],[Qtde. funcionários]] -> 15223.12 | J71: =tabUniformes[[#This Row],[Qtde Anual de Peças]]*tabUniformes[[#This Row],[Qtde. funcionários]] -> 88 | K71: =IFERROR(tabUniformes[[#This Row],[Total]]/12/tabUniformes[[#This Row],[Qtde. funcionários]],0) -> 57.663333
A72: Capacete | B72: Capacete Aba Frontal Tipo Ii Classe B | D72: 22.2 | E72: {=tabUniformes[[#This Row],[Valor Inicial]]*IFERROR(PRODUCT(1+_xlfn._xlws.FILTER(tabIndices[PERCENTUAL],tabIndices[DATA DA PUBLICAÇÃO]>tabUniformes[[#This Row],[DATA PUBLICAÇÃO]])),1)} -> 22.2 | F72: 1 | G72: AUXILIAR DE MANUTENCAO PREDIAL - 220 H | H72: 22 | I72: =tabUniformes[[#This Row],[Valor Reajustado]]*tabUniformes[[#This Row],[Qtde Anual de Peças]]*tabUniformes[[#This Row],[Qtde. funcionários]] -> 488.4 | J72: =tabUniformes[[#This Row],[Qtde Anual de Peças]]*tabUniformes[[#This Row],[Qtde. funcionários]] -> 22 | K72: =IFERROR(tabUniformes[[#This Row],[Total]]/12/tabUniformes[[#This Row],[Qtde. funcionários]],0) -> 1.85
A73: Capuz | B73: Capuz Ou Balaclava | D73: 64.2 | E73: {=tabUniformes[[#This Row],[Valor Inicial]]*IFERROR(PRODUCT(1+_xlfn._xlws.FILTER(tabIndices[PERCENTUAL],tabIndices[DATA DA PUBLICAÇÃO]>tabUniformes[[#This Row],[DATA PUBLICAÇÃO]])),1)} -> 64.2 | F73: 1 | G73: AUXILIAR DE MANUTENCAO PREDIAL - 220 H | H73: 22 | I73: =tabUniformes[[#This Row],[Valor Reajustado]]*tabUniformes[[#This Row],[Qtde Anual de Peças]]*tabUniformes[[#This Row],[Qtde. funcionários]] -> 1412.4 | J73: =tabUniformes[[#This Row],[Qtde Anual de Peças]]*tabUniformes[[#This Row],[Qtde. funcionários]] -> 22 | K73: =IFERROR(tabUniformes[[#This Row],[Total]]/12/tabUniformes[[#This Row],[Qtde. funcionários]],0) -> 5.35
A74: Cinto | B74: Cinto De Segurança | D74: 351.15 | E74: {=tabUniformes[[#This Row],[Valor Inicial]]*IFERROR(PRODUCT(1+_xlfn._xlws.FILTER(tabIndices[PERCENTUAL],tabIndices[DATA DA PUBLICAÇÃO]>tabUniformes[[#This Row],[DATA PUBLICAÇÃO]])),1)} -> 351.15 | F74: 1 | G74: AUXILIAR DE MANUTENCAO PREDIAL - 220 H | H74: 22 | I74: =tabUniformes[[#This Row],[Valor Reajustado]]*tabUniformes[[#This Row],[Qtde Anual de Peças]]*tabUniformes[[#This Row],[Qtde. funcionários]] -> 7725.3 | J74: =tabUniformes[[#This Row],[Qtde Anual de Peças]]*tabUniformes[[#This Row],[Qtde. funcionários]] -> 22 | K74: =IFERROR(tabUniformes[[#This Row],[Total]]/12/tabUniformes[[#This Row],[Qtde. funcionários]],0) -> 29.2625
A75: Protetor | B75: Creme Protetor De Pele (Luva Quimica) | D75: 9.7 | E75: {=tabUniformes[[#This Row],[Valor Inicial]]*IFERROR(PRODUCT(1+_xlfn._xlws.FILTER(tabIndices[PERCENTUAL],tabIndices[DATA DA PUBLICAÇÃO]>tabUniformes[[#This Row],[DATA PUBLICAÇÃO]])),1)} -> 9.7 | F75: 12 | G75: AUXILIAR DE MANUTENCAO PREDIAL - 220 H | H75: 22 | I75: =tabUniformes[[#This Row],[Valor Reajustado]]*tabUniformes[[#This Row],[Qtde Anual de Peças]]*tabUniformes[[#This Row],[Qtde. funcionários]] -> 2560.8 | J75: =tabUniformes[[#This Row],[Qtde Anual de Peças]]*tabUniformes[[#This Row],[Qtde. funcionários]] -> 264 | K75: =IFERROR(tabUniformes[[#This Row],[Total]]/12/tabUniformes[[#This Row],[Qtde. funcionários]],0) -> 9.7
A76: Calça Comprida | B76: Jeans escuro | D76: 94.82 | E76: {=tabUniformes[[#This Row],[Valor Inicial]]*IFERROR(PRODUCT(1+_xlfn._xlws.FILTER(tabIndices[PERCENTUAL],tabIndices[DATA DA PUBLICAÇÃO]>tabUniformes[[#This Row],[DATA PUBLICAÇÃO]])),1)} -> 94.82 | F76: 4 | G76: AUXILIAR DE MANUTENCAO PREDIAL - 220 H | H76: 22 | I76: 4330.9322 | J76: 80 | K76: 18.045551
A77: Luvas | B77: Luvas - Classe 00 Para 2,5 Kv | D77: 348.84 | E77: {=tabUniformes[[#This Row],[Valor Inicial]]*IFERROR(PRODUCT(1+_xlfn._xlws.FILTER(tabIndices[PERCENTUAL],tabIndices[DATA DA PUBLICAÇÃO]>tabUniformes[[#This Row],[DATA PUBLICAÇÃO]])),1)} -> 348.84 | F77: 1 | G77: AUXILIAR DE MANUTENCAO PREDIAL - 220 H | H77: 22 | I77: =tabUniformes[[#This Row],[Valor Reajustado]]*tabUniformes[[#This Row],[Qtde Anual de Peças]]*tabUniformes[[#This Row],[Qtde. funcionários]] -> 7674.48 | J77: =tabUniformes[[#This Row],[Qtde Anual de Peças]]*tabUniformes[[#This Row],[Qtde. funcionários]] -> 22 | K77: =IFERROR(tabUniformes[[#This Row],[Total]]/12/tabUniformes[[#This Row],[Qtde. funcionários]],0) -> 29.07
A78: Luvas | B78: Luvas - Cobertura Tipo Vaqueta | D78: 20.17 | E78: {=tabUniformes[[#This Row],[Valor Inicial]]*IFERROR(PRODUCT(1+_xlfn._xlws.FILTER(tabIndices[PERCENTUAL],tabIndices[DATA DA PUBLICAÇÃO]>tabUniformes[[#This Row],[DATA PUBLICAÇÃO]])),1)} -> 20.17 | F78: 4 | G78: AUXILIAR DE MANUTENCAO PREDIAL - 220 H | H78: 22 | I78: =tabUniformes[[#This Row],[Valor Reajustado]]*tabUniformes[[#This Row],[Qtde Anual de Peças]]*tabUniformes[[#This Row],[Qtde. funcionários]] -> 1774.96 | J78: =tabUniformes[[#This Row],[Qtde Anual de Peças]]*tabUniformes[[#This Row],[Qtde. funcionários]] -> 88 | K78: =IFERROR(tabUniformes[[#This Row],[Total]]/12/tabUniformes[[#This Row],[Qtde. funcionários]],0) -> 6.7233333
A79: Luvas | B79: Luvas - Em Pvc (Plastissol) Com Forro De Algodão | D79: 35.29 | E79: {=tabUniformes[[#This Row],[Valor Inicial]]*IFERROR(PRODUCT(1+_xlfn._xlws.FILTER(tabIndices[PERCENTUAL],tabIndices[DATA DA PUBLICAÇÃO]>tabUniformes[[#This Row],[DATA PUBLICAÇÃO]])),1)} -> 35.29 | F79: 12 | G79: AUXILIAR DE MANUTENCAO PREDIAL - 220 H | H79: 22 | I79: =tabUniformes[[#This Row],[Valor Reajustado]]*tabUniformes[[#This Row],[Qtde Anual de Peças]]*tabUniformes[[#This Row],[Qtde. funcionários]] -> 9316.56 | J79: =tabUniformes[[#This Row],[Qtde Anual de Peças]]*tabUniformes[[#This Row],[Qtde. funcionários]] -> 264 | K79: =IFERROR(tabUniformes[[#This Row],[Total]]/12/tabUniformes[[#This Row],[Qtde. funcionários]],0) -> 35.29
A80: Luvas | B80: Luvas - Látex Vulcanizada (Flex Cut Ou Suedine) | D80: 7.27 | E80: {=tabUniformes[[#This Row],[Valor Inicial]]*IFERROR(PRODUCT(1+_xlfn._xlws.FILTER(tabIndices[PERCENTUAL],tabIndices[DATA DA PUBLICAÇÃO]>tabUniformes[[#This Row],[DATA PUBLICAÇÃO]])),1)} -> 7.27 | F80: 2 | G80: AUXILIAR DE MANUTENCAO PREDIAL - 220 H | H80: 22 | I80: =tabUniformes[[#This Row],[Valor Reajustado]]*tabUniformes[[#This Row],[Qtde Anual de Peças]]*tabUniformes[[#This Row],[Qtde. funcionários]] -> 319.88 | J80: =tabUniformes[[#This Row],[Qtde Anual de Peças]]*tabUniformes[[#This Row],[Qtde. funcionários]] -> 44 | K80: =IFERROR(tabUniformes[[#This Row],[Total]]/12/tabUniformes[[#This Row],[Qtde. funcionários]],0) -> 1.2116667
A81: Luvas | B81: Luvas De Borracha | D81: 6.12 | E81: {=tabUniformes[[#This Row],[Valor Inicial]]*IFERROR(PRODUCT(1+_xlfn._xlws.FILTER(tabIndices[PERCENTUAL],tabIndices[DATA DA PUBLICAÇÃO]>tabUniformes[[#This Row],[DATA PUBLICAÇÃO]])),1)} -> 6.12 | F81: 12 | G81: AUXILIAR DE MANUTENCAO PREDIAL - 220 H | H81: 22 | I81: =tabUniformes[[#This Row],[Valor Reajustado]]*tabUniformes[[#This Row],[Qtde Anual de Peças]]*tabUniformes[[#This Row],[Qtde. funcionários]] -> 1615.68 | J81: =tabUniformes[[#This Row],[Qtde Anual de Peças]]*tabUniformes[[#This Row],[Qtde. funcionários]] -> 264 | K81: =IFERROR(tabUniformes[[#This Row],[Total]]/12/tabUniformes[[#This Row],[Qtde. funcionários]],0) -> 6.12
A82: Luvas | B82: Luvas De Raspa | D82: 16.38 | E82: {=tabUniformes[[#This Row],[Valor Inicial]]*IFERROR(PRODUCT(1+_xlfn._xlws.FILTER(tabIndices[PERCENTUAL],tabIndices[DATA DA PUBLICAÇÃO]>tabUniformes[[#This Row],[DATA PUBLICAÇÃO]])),1)} -> 16.38 | F82: 2 | G82: AUXILIAR DE MANUTENCAO PREDIAL - 220 H | H82: 22 | I82: =tabUniformes[[#This Row],[Valor Reajustado]]*tabUniformes[[#This Row],[Qtde Anual de Peças]]*tabUniformes[[#This Row],[Qtde. funcionários]] -> 720.72 | J82: =tabUniformes[[#This Row],[Qtde Anual de Peças]]*tabUniformes[[#This Row],[Qtde. funcionários]] -> 44 | K82: =IFERROR(tabUniformes[[#This Row],[Total]]/12/tabUniformes[[#This Row],[Qtde. funcionários]],0) -> 2.73
A83: Luvas | B83: Luvas Nitrílicas Cano Longo | D83: 32 | E83: {=tabUniformes[[#This Row],[Valor Inicial]]*IFERROR(PRODUCT(1+_xlfn._xlws.FILTER(tabIndices[PERCENTUAL],tabIndices[DATA DA PUBLICAÇÃO]>tabUniformes[[#This Row],[DATA PUBLICAÇÃO]])),1)} -> 32 | F83: 6 | G83: AUXILIAR DE MANUTENCAO PREDIAL - 220 H | H83: 22 | I83: =tabUniformes[[#This Row],[Valor Reajustado]]*tabUniformes[[#This Row],[Qtde Anual de Peças]]*tabUniformes[[#This Row],[Qtde. funcionários]] -> 4224 | J83: =tabUniformes[[#This Row],[Qtde Anual de Peças]]*tabUniformes[[#This Row],[Qtde. funcionários]] -> 132 | K83: =IFERROR(tabUniformes[[#This Row],[Total]]/12/tabUniformes[[#This Row],[Qtde. funcionários]],0) -> 16
A84: Macacão | B84: Macacão Com Capuz (Tamanho Gg) | D84: 14.42 | E84: {=tabUniformes[[#This Row],[Valor Inicial]]*IFERROR(PRODUCT(1+_xlfn._xlws.FILTER(tabIndices[PERCENTUAL],tabIndices[DATA DA PUBLICAÇÃO]>tabUniformes[[#This Row],[DATA PUBLICAÇÃO]])),1)} -> 14.42 | F84: 50 | G84: AUXILIAR DE MANUTENCAO PREDIAL - 220 H | H84: 22 | I84: =tabUniformes[[#This Row],[Valor Reajustado]]*tabUniformes[[#This Row],[Qtde Anual de Peças]]*tabUniformes[[#This Row],[Qtde. funcionários]] -> 15862 | J84: =tabUniformes[[#This Row],[Qtde Anual de Peças]]*tabUniformes[[#This Row],[Qtde. funcionários]] -> 1100 | K84: =IFERROR(tabUniformes[[#This Row],[Total]]/12/tabUniformes[[#This Row],[Qtde. funcionários]],0) -> 60.083333
A85: Camisa manga curta | B85: Malha - PV | D85: 40.85 | E85: {=tabUniformes[[#This Row],[Valor Inicial]]*IFERROR(PRODUCT(1+_xlfn._xlws.FILTER(tabIndices[PERCENTUAL],tabIndices[DATA DA PUBLICAÇÃO]>tabUniformes[[#This Row],[DATA PUBLICAÇÃO]])),1)} -> 40.85 | F85: 8 | G85: AUXILIAR DE MANUTENCAO PREDIAL - 220 H | H85: 22 | I85: 4812.1469 | J85: 160 | K85: 20.050612
A86: Jaleco | B86: Manga curta - Brim - com dois bolsos, com inscrição impressa em serigrafia nas costas | D86: 66.32 | E86: {=tabUniformes[[#This Row],[Valor Inicial]]*IFERROR(PRODUCT(1+_xlfn._xlws.FILTER(tabIndices[PERCENTUAL],tabIndices[DATA DA PUBLICAÇÃO]>tabUniformes[[#This Row],[DATA PUBLICAÇÃO]])),1)} -> 66.32 | F86: 2 | G86: AUXILIAR DE MANUTENCAO PREDIAL - 220 H | H86: 22 | I86: 1443.6441 | J86: 40 | K86: 6.0151836
A87: Manguito | B87: Manguito Mangote | D87: 19.86 | E87: {=tabUniformes[[#This Row],[Valor Inicial]]*IFERROR(PRODUCT(1+_xlfn._xlws.FILTER(tabIndices[PERCENTUAL],tabIndices[DATA DA PUBLICAÇÃO]>tabUniformes[[#This Row],[DATA PUBLICAÇÃO]])),1)} -> 19.86 | F87: 1 | G87: AUXILIAR DE MANUTENCAO PREDIAL - 220 H | H87: 22 | I87: =tabUniformes[[#This Row],[Valor Reajustado]]*tabUniformes[[#This Row],[Qtde Anual de Peças]]*tabUniformes[[#This Row],[Qtde. funcionários]] -> 436.92 | J87: =tabUniformes[[#This Row],[Qtde Anual de Peças]]*tabUniformes[[#This Row],[Qtde. funcionários]] -> 22 | K87: =IFERROR(tabUniformes[[#This Row],[Total]]/12/tabUniformes[[#This Row],[Qtde. funcionários]],0) -> 1.655
A88: Máscara | B88: Máscara De Solda Com Escurecimento Automático | D88: 344.45 | E88: {=tabUniformes[[#This Row],[Valor Inicial]]*IFERROR(PRODUCT(1+_xlfn._xlws.FILTER(tabIndices[PERCENTUAL],tabIndices[DATA DA PUBLICAÇÃO]>tabUniformes[[#This Row],[DATA PUBLICAÇÃO]])),1)} -> 344.45 | F88: 1 | G88: AUXILIAR DE MANUTENCAO PREDIAL - 220 H | H88: 22 | I88: =tabUniformes[[#This Row],[Valor Reajustado]]*tabUniformes[[#This Row],[Qtde Anual de Peças]]*tabUniformes[[#This Row],[Qtde. funcionários]] -> 7577.9 | J88: =tabUniformes[[#This Row],[Qtde Anual de Peças]]*tabUniformes[[#This Row],[Qtde. funcionários]] -> 22 | K88: =IFERROR(tabUniformes[[#This Row],[Total]]/12/tabUniformes[[#This Row],[Qtde. funcionários]],0) -> 28.704167
A89: Máscara | B89: Máscara Pff2 Sem Válvula | D89: 2.5 | E89: {=tabUniformes[[#This Row],[Valor Inicial]]*IFERROR(PRODUCT(1+_xlfn._xlws.FILTER(tabIndices[PERCENTUAL],tabIndices[DATA DA PUBLICAÇÃO]>tabUniformes[[#This Row],[DATA PUBLICAÇÃO]])),1)} -> 2.5 | F89: 40 | G89: AUXILIAR DE MANUTENCAO PREDIAL - 220 H | H89: 22 | I89: =tabUniformes[[#This Row],[Valor Reajustado]]*tabUniformes[[#This Row],[Qtde Anual de Peças]]*tabUniformes[[#This Row],[Qtde. funcionários]] -> 2200 | J89: =tabUniformes[[#This Row],[Qtde Anual de Peças]]*tabUniformes[[#This Row],[Qtde. funcionários]] -> 880 | K89: =IFERROR(tabUniformes[[#This Row],[Total]]/12/tabUniformes[[#This Row],[Qtde. funcionários]],0) -> 8.3333333
A90: Máscara | B90: Máscaras Respiratórias Pff 2 Vo | D90: 24.46 | E90: {=tabUniformes[[#This Row],[Valor Inicial]]*IFERROR(PRODUCT(1+_xlfn._xlws.FILTER(tabIndices[PERCENTUAL],tabIndices[DATA DA PUBLICAÇÃO]>tabUniformes[[#This Row],[DATA PUBLICAÇÃO]])),1)} -> 24.46 | F90: 20 | G90: AUXILIAR DE MANUTENCAO PREDIAL - 220 H | H90: 22 | I90: =tabUniformes[[#This Row],[Valor Reajustado]]*tabUniformes[[#This Row],[Qtde Anual de Peças]]*tabUniformes[[#This Row],[Qtde. funcionários]] -> 10762.4 | J90: =tabUniformes[[#This Row],[Qtde Anual de Peças]]*tabUniformes[[#This Row],[Qtde. funcionários]] -> 440 | K90: =IFERROR(tabUniformes[[#This Row],[Total]]/12/tabUniformes[[#This Row],[Qtde. funcionários]],0) -> 40.766667
A91: Agasalho | B91: Moletom aberto | D91: 95.13 | E91: {=tabUniformes[[#This Row],[Valor Inicial]]*IFERROR(PRODUCT(1+_xlfn._xlws.FILTER(tabIndices[PERCENTUAL],tabIndices[DATA DA PUBLICAÇÃO]>tabUniformes[[#This Row],[DATA PUBLICAÇÃO]])),1)} -> 95.13 | F91: 1 | G91: AUXILIAR DE MANUTENCAO PREDIAL - 220 H | H91: 22 | I91: 1203.0367 | J91: 20 | K91: 5.012653
A92: Óculos | B92: Óculos De Segurança De Sobreposição Incolor Ou Fumê | D92: 7.67 | E92: {=tabUniformes[[#This Row],[Valor Inicial]]*IFERROR(PRODUCT(1+_xlfn._xlws.FILTER(tabIndices[PERCENTUAL],tabIndices[DATA DA PUBLICAÇÃO]>tabUniformes[[#This Row],[DATA PUBLICAÇÃO]])),1)} -> 7.67 | F92: 2 | G92: AUXILIAR DE MANUTENCAO PREDIAL - 220 H | H92: 22 | I92: =tabUniformes[[#This Row],[Valor Reajustado]]*tabUniformes[[#This Row],[Qtde Anual de Peças]]*tabUniformes[[#This Row],[Qtde. funcionários]] -> 337.48 | J92: =tabUniformes[[#This Row],[Qtde Anual de Peças]]*tabUniformes[[#This Row],[Qtde. funcionários]] -> 44 | K92: =IFERROR(tabUniformes[[#This Row],[Total]]/12/tabUniformes[[#This Row],[Qtde. funcionários]],0) -> 1.2783333
A93: Perneira | B93: Perneira De Raspa | D93: 36.26 | E93: {=tabUniformes[[#This Row],[Valor Inicial]]*IFERROR(PRODUCT(1+_xlfn._xlws.FILTER(tabIndices[PERCENTUAL],tabIndices[DATA DA PUBLICAÇÃO]>tabUniformes[[#This Row],[DATA PUBLICAÇÃO]])),1)} -> 36.26 | F93: 1 | G93: AUXILIAR DE MANUTENCAO PREDIAL - 220 H | H93: 22 | I93: =tabUniformes[[#This Row],[Valor Reajustado]]*tabUniformes[[#This Row],[Qtde Anual de Peças]]*tabUniformes[[#This Row],[Qtde. funcionários]] -> 797.72 | J93: =tabUniformes[[#This Row],[Qtde Anual de Peças]]*tabUniformes[[#This Row],[Qtde. funcionários]] -> 22 | K93: =IFERROR(tabUniformes[[#This Row],[Total]]/12/tabUniformes[[#This Row],[Qtde. funcionários]],0) -> 3.0216667
A94: Protetor | B94: Protetor Auricular Plug Com Cordinha | D94: 5.14 | E94: {=tabUniformes[[#This Row],[Valor Inicial]]*IFERROR(PRODUCT(1+_xlfn._xlws.FILTER(tabIndices[PERCENTUAL],tabIndices[DATA DA PUBLICAÇÃO]>tabUniformes[[#This Row],[DATA PUBLICAÇÃO]])),1)} -> 5.14 | F94: 20 | G94: AUXILIAR DE MANUTENCAO PREDIAL - 220 H | H94: 22 | I94: =tabUniformes[[#This Row],[Valor Reajustado]]*tabUniformes[[#This Row],[Qtde Anual de Peças]]*tabUniformes[[#This Row],[Qtde. funcionários]] -> 2261.6 | J94: =tabUniformes[[#This Row],[Qtde Anual de Peças]]*tabUniformes[[#This Row],[Qtde. funcionários]] -> 440 | K94: =IFERROR(tabUniformes[[#This Row],[Total]]/12/tabUniformes[[#This Row],[Qtde. funcionários]],0) -> 8.5666667
A95: Protetor | B95: Protetor Auricular Tipo Concha | D95: 59.9 | E95: {=tabUniformes[[#This Row],[Valor Inicial]]*IFERROR(PRODUCT(1+_xlfn._xlws.FILTER(tabIndices[PERCENTUAL],tabIndices[DATA DA PUBLICAÇÃO]>tabUniformes[[#This Row],[DATA PUBLICAÇÃO]])),1)} -> 59.9 | F95: 4 | G95: AUXILIAR DE MANUTENCAO PREDIAL - 220 H | H95: 22 | I95: =tabUniformes[[#This Row],[Valor Reajustado]]*tabUniformes[[#This Row],[Qtde Anual de Peças]]*tabUniformes[[#This Row],[Qtde. funcionários]] -> 5271.2 | J95: =tabUniformes[[#This Row],[Qtde Anual de Peças]]*tabUniformes[[#This Row],[Qtde. funcionários]] -> 88 | K95: =IFERROR(tabUniformes[[#This Row],[Total]]/12/tabUniformes[[#This Row],[Qtde. funcionários]],0) -> 19.966667
A96: Protetor | B96: Protetor Facial | D96: 33.17 | E96: {=tabUniformes[[#This Row],[Valor Inicial]]*IFERROR(PRODUCT(1+_xlfn._xlws.FILTER(tabIndices[PERCENTUAL],tabIndices[DATA DA PUBLICAÇÃO]>tabUniformes[[#This Row],[DATA PUBLICAÇÃO]])),1)} -> 33.17 | F96: 2 | G96: AUXILIAR DE MANUTENCAO PREDIAL - 220 H | H96: 22 | I96: =tabUniformes[[#This Row],[Valor Reajustado]]*tabUniformes[[#This Row],[Qtde Anual de Peças]]*tabUniformes[[#This Row],[Qtde. funcionários]] -> 1459.48 | J96: =tabUniformes[[#This Row],[Qtde Anual de Peças]]*tabUniformes[[#This Row],[Qtde. funcionários]] -> 44 | K96: =IFERROR(tabUniformes[[#This Row],[Total]]/12/tabUniformes[[#This Row],[Qtde. funcionários]],0) -> 5.5283333
A97: Máscara | B97: Respirador Com Filtro Contra Vapores Orgânicos (Com 4 Cartuchos Químicos Vo), Compatível Com O Respirador | D97: 326.78 | E97: {=tabUniformes[[#This Row],[Valor Inicial]]*IFERROR(PRODUCT(1+_xlfn._xlws.FILTER(tabIndices[PERCENTUAL],tabIndices[DATA DA PUBLICAÇÃO]>tabUniformes[[#This Row],[DATA PUBLICAÇÃO]])),1)} -> 326.78 | F97: 1 | G97: AUXILIAR DE MANUTENCAO PREDIAL - 220 H | H97: 22 | I97: =tabUniformes[[#This Row],[Valor Reajustado]]*tabUniformes[[#This Row],[Qtde Anual de Peças]]*tabUniformes[[#This Row],[Qtde. funcionários]] -> 7189.16 | J97: =tabUniformes[[#This Row],[Qtde Anual de Peças]]*tabUniformes[[#This Row],[Qtde. funcionários]] -> 22 | K97: =IFERROR(tabUniformes[[#This Row],[Total]]/12/tabUniformes[[#This Row],[Qtde. funcionários]],0) -> 27.231667
A98: Avental | B98: Avental De Raspa | D98: 90.53 | E98: {=tabUniformes[[#This Row],[Valor Inicial]]*IFERROR(PRODUCT(1+_xlfn._xlws.FILTER(tabIndices[PERCENTUAL],tabIndices[DATA DA PUBLICAÇÃO]>tabUniformes[[#This Row],[DATA PUBLICAÇÃO]])),1)} -> 90.53 | F98: 1 | G98: BOMBEIRO HIDRAULICO - 220 H | H98: 8 | I98: =tabUniformes[[#This Row],[Valor Reajustado]]*tabUniformes[[#This Row],[Qtde Anual de Peças]]*tabUniformes[[#This Row],[Qtde. funcionários]] -> 724.24 | J98: =tabUniformes[[#This Row],[Qtde Anual de Peças]]*tabUniformes[[#This Row],[Qtde. funcionários]] -> 8 | K98: =IFERROR(tabUniformes[[#This Row],[Total]]/12/tabUniformes[[#This Row],[Qtde. funcionários]],0) -> 7.5441667
A99: Calçados M/F | B99: Bota De Borracha | D99: 49.99 | E99: {=tabUniformes[[#This Row],[Valor Inicial]]*IFERROR(PRODUCT(1+_xlfn._xlws.FILTER(tabIndices[PERCENTUAL],tabIndices[DATA DA PUBLICAÇÃO]>tabUniformes[[#This Row],[DATA PUBLICAÇÃO]])),1)} -> 49.99 | F99: 2 | G99: BOMBEIRO HIDRAULICO - 220 H | H99: 8 | I99: =tabUniformes[[#This Row],[Valor Reajustado]]*tabUniformes[[#This Row],[Qtde Anual de Peças]]*tabUniformes[[#This Row],[Qtde. funcionários]] -> 799.84 | J99: =tabUniformes[[#This Row],[Qtde Anual de Peças]]*tabUniformes[[#This Row],[Qtde. funcionários]] -> 16 | K99: =IFERROR(tabUniformes[[#This Row],[Total]]/12/tabUniformes[[#This Row],[Qtde. funcionários]],0) -> 8.3316667
A100: Calçados M/F | B100: Calçado Ocupacional Tipo Botina | D100: 280.04 | E100: {=tabUniformes[[#This Row],[Valor Inicial]]*IFERROR(PRODUCT(1+_xlfn._xlws.FILTER(tabIndices[PERCENTUAL],tabIndices[DATA DA PUBLICAÇÃO]>tabUniformes[[#This Row],[DATA PUBLICAÇÃO]])),1)} -> 280.04 | F100: 2 | G100: BOMBEIRO HIDRAULICO - 220 H | H100: 8 | I100: =tabUniformes[[#This Row],[Valor Reajustado]]*tabUniformes[[#This Row],[Qtde Anual de Peças]]*tabUniformes[[#This Row],[Qtde. funcionários]] -> 4480.64 | J100: =tabUniformes[[#This Row],[Qtde Anual de Peças]]*tabUniformes[[#This Row],[Qtde. funcionários]] -> 16 | K100: =IFERROR(tabUniformes[[#This Row],[Total]]/12/tabUniformes[[#This Row],[Qtde. funcionários]],0) -> 46.673333
A101: Capacete | B101: Capacete Aba Frontal Tipo Ii Classe B | D101: 22.2 | E101: {=tabUniformes[[#This Row],[Valor Inicial]]*IFERROR(PRODUCT(1+_xlfn._xlws.FILTER(tabIndices[PERCENTUAL],tabIndices[DATA DA PUBLICAÇÃO]>tabUniformes[[#This Row],[DATA PUBLICAÇÃO]])),1)} -> 22.2 | F101: 1 | G101: BOMBEIRO HIDRAULICO - 220 H | H101: 8 | I101: =tabUniformes[[#This Row],[Valor Reajustado]]*tabUniformes[[#This Row],[Qtde Anual de Peças]]*tabUniformes[[#This Row],[Qtde. funcionários]] -> 177.6 | J101: =tabUniformes[[#This Row],[Qtde Anual de Peças]]*tabUniformes[[#This Row],[Qtde. funcionários]] -> 8 | K101: =IFERROR(tabUniformes[[#This Row],[Total]]/12/tabUniformes[[#This Row],[Qtde. funcionários]],0) -> 1.85
A102: Capuz | B102: Capuz Ou Balaclava | D102: 64.2 | E102: {=tabUniformes[[#This Row],[Valor Inicial]]*IFERROR(PRODUCT(1+_xlfn._xlws.FILTER(tabIndices[PERCENTUAL],tabIndices[DATA DA PUBLICAÇÃO]>tabUniformes[[#This Row],[DATA PUBLICAÇÃO]])),1)} -> 64.2 | F102: 1 | G102: BOMBEIRO HIDRAULICO - 220 H | H102: 8 | I102: =tabUniformes[[#This Row],[Valor Reajustado]]*tabUniformes[[#This Row],[Qtde Anual de Peças]]*tabUniformes[[#This Row],[Qtde. funcionários]] -> 513.6 | J102: =tabUniformes[[#This Row],[Qtde Anual de Peças]]*tabUniformes[[#This Row],[Qtde. funcionários]] -> 8 | K102: =IFERROR(tabUniformes[[#This Row],[Total]]/12/tabUniformes[[#This Row],[Qtde. funcionários]],0) -> 5.35
A103: Cinto | B103: Cinto De Segurança | D103: 351.15 | E103: {=tabUniformes[[#This Row],[Valor Inicial]]*IFERROR(PRODUCT(1+_xlfn._xlws.FILTER(tabIndices[PERCENTUAL],tabIndices[DATA DA PUBLICAÇÃO]>tabUniformes[[#This Row],[DATA PUBLICAÇÃO]])),1)} -> 351.15 | F103: 1 | G103: BOMBEIRO HIDRAULICO - 220 H | H103: 8 | I103: =tabUniformes[[#This Row],[Valor Reajustado]]*tabUniformes[[#This Row],[Qtde Anual de Peças]]*tabUniformes[[#This Row],[Qtde. funcionários]] -> 2809.2 | J103: =tabUniformes[[#This Row],[Qtde Anual de Peças]]*tabUniformes[[#This Row],[Qtde. funcionários]] -> 8 | K103: =IFERROR(tabUniformes[[#This Row],[Total]]/12/tabUniformes[[#This Row],[Qtde. funcionários]],0) -> 29.2625
...

Sheet INSUMOS JARDINAGEM
A1: APENSO IX - Quantitativo estimado e preços de referência de Materiais de Consumo APENSO XI- Quantitativo estimado e preços de Máquinas e Equipamentos – Depreciação Mensal
A3: ORDEM | B3: QUANT ANUAL DO ITEM | C3: UNIDADE | D3: QUANT. POSTOS | E3: DESCRIÇÃO | F3: TIPO | G3: PERIODICIDADE DE FORNECIMENTO | H3: TA / APOST | I3: DATA PUBLICAÇÃO | J3: PREÇO INICIAL - (R$) | K3: PREÇO TOTAL - (R$) | L3: PREÇO UNIDADE - (R$) | M3: VALOR - DEPRECIAÇÃO MENSAL - UNIDADE (R$) | N3: VALOR DEPRECIAÇÃO MENSAL - TOTAL (R$) | O3: VALOR - DEPRECIAÇÃO ANUAL - TOTAL (R$) | P3: VALOR UNITÁRIO P/ POSTO (R$)
A4: =ROW()-3 -> 1 | B4: 50 | C4: UNIDADE | D4: =SUMIFS(tabPostos[Vagas contratadas],tabPostos[Função],"Jardineiro"&"*") -> 31 | E4: Ancinho rastelo com 30cm de ferro reforçado, 14 dentes com cabo de madeira. Ref.: Tarza ou similar. | F4: Equipamento | G4: Contratual | J4: 49.25 | K4: =tabJardinagem[[#This Row],[PREÇO UNIDADE - (R$)]]*tabJardinagem[[#This Row],[QUANT ANUAL DO ITEM]] -> 2462.5 | L4: {=tabJardinagem[[#This Row],[PREÇO INICIAL - (R$)]]*IFERROR(PRODUCT(1+_xlfn._xlws.FILTER(tabIndices[PERCENTUAL],tabIndices[DATA DA PUBLICAÇÃO]>tabJardinagem[[#This Row],[DATA PUBLICAÇÃO]])),1)} -> 49.25 | M4: =IF(tabJardinagem[[#This Row],[TIPO]]="Equipamento",tabJardinagem[[#This Row],[PREÇO UNIDADE - (R$)]]/60,0) -> 0.82083333 | N4: =tabJardinagem[[#This Row],[VALOR - DEPRECIAÇÃO MENSAL - UNIDADE (R$)]]*tabJardinagem[[#This Row],[QUANT ANUAL DO ITEM]] -> 41.041667 | O4: =tabJardinagem[[#This Row],[VALOR DEPRECIAÇÃO MENSAL - TOTAL (R$)]]*12 -> 492.5 | P4: =IFERROR(IF(tabJardinagem[[#This Row],[TIPO]]="Equipamento",tabJardinagem[[#This Row],[VALOR - DEPRECIAÇÃO ANUAL - TOTAL (R$) ]]/12/tabJardinagem[[#This Row],[QUANT. POSTOS]],tabJardinagem[[#This Row],[PREÇO TOTAL - (R$)]]/12/tabJardinagem[[#This Row],[QUANT. POSTOS]]),0) -> 1.3239247
A5: =ROW()-3 -> 2 | B5: 115 | C5: UNIDADE | D5: =SUMIFS(tabPostos[Vagas contratadas],tabPostos[Função],"Jardineiro"&"*") -> 31 | E5: Aspersor para irrigação agrícola 3/4, pressão de trabalho 25mca, não setorial, material: plástico. 2 bicos aspersores com ângulo de trajetória 25 e 25 bocais coloridos para fácil identificação. Ref.: Impelbras ou similar. | F5: Equipamento | G5: Contratual | J5: 23.56 | K5: =tabJardinagem[[#This Row],[PREÇO UNIDADE - (R$)]]*tabJardinagem[[#This Row],[QUANT ANUAL DO ITEM]] -> 2709.4 | L5: {=tabJardinagem[[#This Row],[PREÇO INICIAL - (R$)]]*IFERROR(PRODUCT(1+_xlfn._xlws.FILTER(tabIndices[PERCENTUAL],tabIndices[DATA DA PUBLICAÇÃO]>tabJardinagem[[#This Row],[DATA PUBLICAÇÃO]])),1)} -> 23.56 | M5: =IF(tabJardinagem[[#This Row],[TIPO]]="Equipamento",tabJardinagem[[#This Row],[PREÇO UNIDADE - (R$)]]/60,0) -> 0.39266667 | N5: =tabJardinagem[[#This Row],[VALOR - DEPRECIAÇÃO MENSAL - UNIDADE (R$)]]*tabJardinagem[[#This Row],[QUANT ANUAL DO ITEM]] -> 45.156667 | O5: =tabJardinagem[[#This Row],[VALOR DEPRECIAÇÃO MENSAL - TOTAL (R$)]]*12 -> 541.88 | P5: =IFERROR(IF(tabJardinagem[[#This Row],[TIPO]]="Equipamento",tabJardinagem[[#This Row],[VALOR - DEPRECIAÇÃO ANUAL - TOTAL (R$) ]]/12/tabJardinagem[[#This Row],[QUANT. POSTOS]],tabJardinagem[[#This Row],[PREÇO TOTAL - (R$)]]/12/tabJardinagem[[#This Row],[QUANT. POSTOS]]),0) -> 1.4566667
A6: =ROW()-3 -> 3 | B6: 50 | C6: UNIDADE | D6: =SUMIFS(tabPostos[Vagas contratadas],tabPostos[Função],"Jardineiro"&"*") -> 31 | E6: Carrinho de mão (carrinho de pedreiro) com caçamba rasa metálica, braço metálico e pneu com câmara. Referência: Tramontina. | F6: Equipamento | G6: Contratual | J6: 259.34 | K6: =tabJardinagem[[#This Row],[PREÇO UNIDADE - (R$)]]*tabJardinagem[[#This Row],[QUANT ANUAL DO ITEM]] -> 12967 | L6: {=tabJardinagem[[#This Row],[PREÇO INICIAL - (R$)]]*IFERROR(PRODUCT(1+_xlfn._xlws.FILTER(tabIndices[PERCENTUAL],tabIndices[DATA DA PUBLICAÇÃO]>tabJardinagem[[#This Row],[DATA PUBLICAÇÃO]])),1)} -> 259.34 | M6: =IF(tabJardinagem[[#This Row],[TIPO]]="Equipamento",tabJardinagem[[#This Row],[PREÇO UNIDADE - (R$)]]/60,0) -> 4.3223333 | N6: =tabJardinagem[[#This Row],[VALOR - DEPRECIAÇÃO MENSAL - UNIDADE (R$)]]*tabJardinagem[[#This Row],[QUANT ANUAL DO ITEM]] -> 216.11667 | O6: =tabJardinagem[[#This Row],[VALOR DEPRECIAÇÃO MENSAL - TOTAL (R$)]]*12 -> 2593.4 | P6: =IFERROR(IF(tabJardinagem[[#This Row],[TIPO]]="Equipamento",tabJardinagem[[#This Row],[VALOR - DEPRECIAÇÃO ANUAL - TOTAL (R$) ]]/12/tabJardinagem[[#This Row],[QUANT. POSTOS]],tabJardinagem[[#This Row],[PREÇO TOTAL - (R$)]]/12/tabJardinagem[[#This Row],[QUANT. POSTOS]]),0) -> 6.9715054
B7: 50 | C7: UNIDADE | D7: =SUMIFS(tabPostos[Vagas contratadas],tabPostos[Função],"Jardineiro"&"*") -> 31 | E7: Enxada de jardinagem 2,5Lbs com cabo de madeira de 145cm. Ref.: Tramontina ou similar. | F7: Equipamento | G7: Contratual | J7: 76.34 | K7: =tabJardinagem[[#This Row],[PREÇO UNIDADE - (R$)]]*tabJardinagem[[#This Row],[QUANT ANUAL DO ITEM]] -> 3817 | L7: {=tabJardinagem[[#This Row],[PREÇO INICIAL - (R$)]]*IFERROR(PRODUCT(1+_xlfn._xlws.FILTER(tabIndices[PERCENTUAL],tabIndices[DATA DA PUBLICAÇÃO]>tabJardinagem[[#This Row],[DATA PUBLICAÇÃO]])),1)} -> 76.34 | M7: =IF(tabJardinagem[[#This Row],[TIPO]]="Equipamento",tabJardinagem[[#This Row],[PREÇO UNIDADE - (R$)]]/60,0) -> 1.2723333 | N7: =tabJardinagem[[#This Row],[VALOR - DEPRECIAÇÃO MENSAL - UNIDADE (R$)]]*tabJardinagem[[#This Row],[QUANT ANUAL DO ITEM]] -> 63.616667 | O7: =tabJardinagem[[#This Row],[VALOR DEPRECIAÇÃO MENSAL - TOTAL (R$)]]*12 -> 763.4 | P7: =IFERROR(IF(tabJardinagem[[#This Row],[TIPO]]="Equipamento",tabJardinagem[[#This Row],[VALOR - DEPRECIAÇÃO ANUAL - TOTAL (R$) ]]/12/tabJardinagem[[#This Row],[QUANT. POSTOS]],tabJardinagem[[#This Row],[PREÇO TOTAL - (R$)]]/12/tabJardinagem[[#This Row],[QUANT. POSTOS]]),0) -> 2.0521505
A8: =ROW()-3 -> 5 | B8: 50 | C8: UNIDADE | D8: =SUMIFS(tabPostos[Vagas contratadas],tabPostos[Função],"Jardineiro"&"*") -> 31 | E8: Facão - matéria prima: aco inoxidável 420; tipo: para mato; tamanho: lâmina 34 cm; cabo: abs com revestimento emborrachado, medindo 16cm. Ref.: Paraboni, Tramontina ou similar. | F8: Equipamento | G8: Contratual | J8: 25.37 | K8: =tabJardinagem[[#This Row],[PREÇO UNIDADE - (R$)]]*tabJardinagem[[#This Row],[QUANT ANUAL DO ITEM]] -> 1268.5 | L8: {=tabJardinagem[[#This Row],[PREÇO INICIAL - (R$)]]*IFERROR(PRODUCT(1+_xlfn._xlws.FILTER(tabIndices[PERCENTUAL],tabIndices[DATA DA PUBLICAÇÃO]>tabJardinagem[[#This Row],[DATA PUBLICAÇÃO]])),1)} -> 25.37 | M8: =IF(tabJardinagem[[#This Row],[TIPO]]="Equipamento",tabJardinagem[[#This Row],[PREÇO UNIDADE - (R$)]]/60,0) -> 0.42283333 | N8: =tabJardinagem[[#This Row],[VALOR - DEPRECIAÇÃO MENSAL - UNIDADE (R$)]]*tabJardinagem[[#This Row],[QUANT ANUAL DO ITEM]] -> 21.141667 | O8: =tabJardinagem[[#This Row],[VALOR DEPRECIAÇÃO MENSAL - TOTAL (R$)]]*12 -> 253.7 | P8: =IFERROR(IF(tabJardinagem[[#This Row],[TIPO]]="Equipamento",tabJardinagem[[#This Row],[VALOR - DEPRECIAÇÃO ANUAL - TOTAL (R$) ]]/12/tabJardinagem[[#This Row],[QUANT. POSTOS]],tabJardinagem[[#This Row],[PREÇO TOTAL - (R$)]]/12/tabJardinagem[[#This Row],[QUANT. POSTOS]]),0) -> 0.68198925
A9: =ROW()-3 -> 6 | B9: 50 | C9: UNIDADE | D9: =SUMIFS(tabPostos[Vagas contratadas],tabPostos[Função],"Jardineiro"&"*") -> 31 | E9: Foice roçadeira com cabo de madeira de 110cm, produzida em aço carbono, 1361 x 174 x 36mm. Ref.: Tramontina ou similar. | F9: Equipamento | G9: Contratual | J9: 55.76 | K9: =tabJardinagem[[#This Row],[PREÇO UNIDADE - (R$)]]*tabJardinagem[[#This Row],[QUANT ANUAL DO ITEM]] -> 2788 | L9: {=tabJardinagem[[#This Row],[PREÇO INICIAL - (R$)]]*IFERROR(PRODUCT(1+_xlfn._xlws.FILTER(tabIndices[PERCENTUAL],tabIndices[DATA DA PUBLICAÇÃO]>tabJardinagem[[#This Row],[DATA PUBLICAÇÃO]])),1)} -> 55.76 | M9: =IF(tabJardinagem[[#This Row],[TIPO]]="Equipamento",tabJardinagem[[#This Row],[PREÇO UNIDADE - (R$)]]/60,0) -> 0.92933333 | N9: =tabJardinagem[[#This Row],[VALOR - DEPRECIAÇÃO MENSAL - UNIDADE (R$)]]*tabJardinagem[[#This Row],[QUANT ANUAL DO ITEM]] -> 46.466667 | O9: =tabJardinagem[[#This Row],[VALOR DEPRECIAÇÃO MENSAL - TOTAL (R$)]]*12 -> 557.6 | P9: =IFERROR(IF(tabJardinagem[[#This Row],[TIPO]]="Equipamento",tabJardinagem[[#This Row],[VALOR - DEPRECIAÇÃO ANUAL - TOTAL (R$) ]]/12/tabJardinagem[[#This Row],[QUANT. POSTOS]],tabJardinagem[[#This Row],[PREÇO TOTAL - (R$)]]/12/tabJardinagem[[#This Row],[QUANT. POSTOS]]),0) -> 1.4989247
A10: =ROW()-3 -> 7 | B10: 50 | C10: UNIDADE | D10: =SUMIFS(tabPostos[Vagas contratadas],tabPostos[Função],"Jardineiro"&"*") -> 31 | E10: Garfo de jardim comprimento forcado 42cm, comprimento cabo 120cm. Ref.: Tarza ou similar. | F10: Equipamento | G10: Contratual | J10: 253.8 | K10: =tabJardinagem[[#This Row],[PREÇO UNIDADE - (R$)]]*tabJardinagem[[#This Row],[QUANT ANUAL DO ITEM]] -> 12690 | L10: {=tabJardinagem[[#This Row],[PREÇO INICIAL - (R$)]]*IFERROR(PRODUCT(1+_xlfn._xlws.FILTER(tabIndices[PERCENTUAL],tabIndices[DATA DA PUBLICAÇÃO]>tabJardinagem[[#This Row],[DATA PUBLICAÇÃO]])),1)} -> 253.8 | M10: =IF(tabJardinagem[[#This Row],[TIPO]]="Equipamento",tabJardinagem[[#This Row],[PREÇO UNIDADE - (R$)]]/60,0) -> 4.23 | N10: =tabJardinagem[[#This Row],[VALOR - DEPRECIAÇÃO MENSAL - UNIDADE (R$)]]*tabJardinagem[[#This Row],[QUANT ANUAL DO ITEM]] -> 211.5 | O10: =tabJardinagem[[#This Row],[VALOR DEPRECIAÇÃO MENSAL - TOTAL (R$)]]*12 -> 2538 | P10: =IFERROR(IF(tabJardinagem[[#This Row],[TIPO]]="Equipamento",tabJardinagem[[#This Row],[VALOR - DEPRECIAÇÃO ANUAL - TOTAL (R$) ]]/12/tabJardinagem[[#This Row],[QUANT. POSTOS]],tabJardinagem[[#This Row],[PREÇO TOTAL - (R$)]]/12/tabJardinagem[[#This Row],[QUANT. POSTOS]]),0) -> 6.8225806
A11: =ROW()-3 -> 8 | B11: 50 | C11: UNIDADE | D11: =SUMIFS(tabPostos[Vagas contratadas],tabPostos[Função],"Jardineiro"&"*") -> 31 | E11: Pá de ferro para jardinagem fabricada em aço carbono especial, cortada a laser, pintura eletrostática a pó, cabo de 71cm envernizado - 100,9 x 24,8 x 12,1 cm; 1,22 quilogramas. Ref.: Minasul ou similar. | F11: Equipamento | G11: Contratual | J11: 47.55 | K11: =tabJardinagem[[#This Row],[PREÇO UNIDADE - (R$)]]*tabJardinagem[[#This Row],[QUANT ANUAL DO ITEM]] -> 2377.5 | L11: {=tabJardinagem[[#This Row],[PREÇO INICIAL - (R$)]]*IFERROR(PRODUCT(1+_xlfn._xlws.FILTER(tabIndices[PERCENTUAL],tabIndices[DATA DA PUBLICAÇÃO]>tabJardinagem[[#This Row],[DATA PUBLICAÇÃO]])),1)} -> 47.55 | M11: =IF(tabJardinagem[[#This Row],[TIPO]]="Equipamento",tabJardinagem[[#This Row],[PREÇO UNIDADE - (R$)]]/60,0) -> 0.7925 | N11: =tabJardinagem[[#This Row],[VALOR - DEPRECIAÇÃO MENSAL - UNIDADE (R$)]]*tabJardinagem[[#This Row],[QUANT ANUAL DO ITEM]] -> 39.625 | O11: =tabJardinagem[[#This Row],[VALOR DEPRECIAÇÃO MENSAL - TOTAL (R$)]]*12 -> 475.5 | P11: =IFERROR(IF(tabJardinagem[[#This Row],[TIPO]]="Equipamento",tabJardinagem[[#This Row],[VALOR - DEPRECIAÇÃO ANUAL - TOTAL (R$) ]]/12/tabJardinagem[[#This Row],[QUANT. POSTOS]],tabJardinagem[[#This Row],[PREÇO TOTAL - (R$)]]/12/tabJardinagem[[#This Row],[QUANT. POSTOS]]),0) -> 1.2782258
A12: =ROW()-3 -> 9 | B12: 50 | C12: UNIDADE | D12: =SUMIFS(tabPostos[Vagas contratadas],tabPostos[Função],"Jardineiro"&"*") -> 31 | E12: Protetor de roçagem com 4 rodas maciças com aproximadamente 15cm de diâmetro, com regulagem, desmontável. Ref.: Meghi ou similar. | F12: Equipamento | G12: Contratual | J12: 1845.83 | K12: =tabJardinagem[[#This Row],[PREÇO UNIDADE - (R$)]]*tabJardinagem[[#This Row],[QUANT ANUAL DO ITEM]] -> 92291.5 | L12: {=tabJardinagem[[#This Row],[PREÇO INICIAL - (R$)]]*IFERROR(PRODUCT(1+_xlfn._xlws.FILTER(tabIndices[PERCENTUAL],tabIndices[DATA DA PUBLICAÇÃO]>tabJardinagem[[#This Row],[DATA PUBLICAÇÃO]])),1)} -> 1845.83 | M12: =IF(tabJardinagem[[#This Row],[TIPO]]="Equipamento",tabJardinagem[[#This Row],[PREÇO UNIDADE - (R$)]]/60,0) -> 30.763833 | N12: =tabJardinagem[[#This Row],[VALOR - DEPRECIAÇÃO MENSAL - UNIDADE (R$)]]*tabJardinagem[[#This Row],[QUANT ANUAL DO ITEM]] -> 1538.1917 | O12: =tabJardinagem[[#This Row],[VALOR DEPRECIAÇÃO MENSAL - TOTAL (R$)]]*12 -> 18458.3 | P12: =IFERROR(IF(tabJardinagem[[#This Row],[TIPO]]="Equipamento",tabJardinagem[[#This Row],[VALOR - DEPRECIAÇÃO ANUAL - TOTAL (R$) ]]/12/tabJardinagem[[#This Row],[QUANT. POSTOS]],tabJardinagem[[#This Row],[PREÇO TOTAL - (R$)]]/12/tabJardinagem[[#This Row],[QUANT. POSTOS]]),0) -> 49.619086
A13: =ROW()-3 -> 10 | B13: 102 | C13: UNIDADE | D13: =SUMIFS(tabPostos[Vagas contratadas],tabPostos[Função],"Jardineiro"&"*") -> 31 | E13: Rastelo com cabeça de plástico resistente e largura de 54cm, com 26 dentes. Ref.: Trapp ou similar. | F13: Equipamento | G13: Contratual | J13: 32.21 | K13: =tabJardinagem[[#This Row],[PREÇO UNIDADE - (R$)]]*tabJardinagem[[#This Row],[QUANT ANUAL DO ITEM]] -> 3285.42 | L13: {=tabJardinagem[[#This Row],[PREÇO INICIAL - (R$)]]*IFERROR(PRODUCT(1+_xlfn._xlws.FILTER(tabIndices[PERCENTUAL],tabIndices[DATA DA PUBLICAÇÃO]>tabJardinagem[[#This Row],[DATA PUBLICAÇÃO]])),1)} -> 32.21 | M13: =IF(tabJardinagem[[#This Row],[TIPO]]="Equipamento",tabJardinagem[[#This Row],[PREÇO UNIDADE - (R$)]]/60,0) -> 0.53683333 | N13: =tabJardinagem[[#This Row],[VALOR - DEPRECIAÇÃO MENSAL - UNIDADE (R$)]]*tabJardinagem[[#This Row],[QUANT ANUAL DO ITEM]] -> 54.757 | O13: =tabJardinagem[[#This Row],[VALOR DEPRECIAÇÃO MENSAL - TOTAL (R$)]]*12 -> 657.084 | P13: =IFERROR(IF(tabJardinagem[[#This Row],[TIPO]]="Equipamento",tabJardinagem[[#This Row],[VALOR - DEPRECIAÇÃO ANUAL - TOTAL (R$) ]]/12/tabJardinagem[[#This Row],[QUANT. POSTOS]],tabJardinagem[[#This Row],[PREÇO TOTAL - (R$)]]/12/tabJardinagem[[#This Row],[QUANT. POSTOS]]),0) -> 1.7663548
A14: =ROW()-3 -> 11 | B14: 50 | C14: UNIDADE | D14: =SUMIFS(tabPostos[Vagas contratadas],tabPostos[Função],"Jardineiro"&"*") -> 31 | E14: Roçadeira a gasolina/óleo, profissional, 65CC. Especificações: dimensões: 109 x 30 x 12,7 cm; 9 quilogramas; motor: 65 CC, 3CV, 2 TEMPOS, filtro de ar duplo; rolamento de óleo dentro do eixo; protetor de lâmina; punho multifuncional; placa de embreagem; espessura do punho: 1.5 MM x 1.2 MM). Marca Düseldorf, Husqvarna ou similar. | F14: Equipamento | G14: Contratual | J14: 1197.99 | K14: =tabJardinagem[[#This Row],[PREÇO UNIDADE - (R$)]]*tabJardinagem[[#This Row],[QUANT ANUAL DO ITEM]] -> 59899.5 | L14: {=tabJardinagem[[#This Row],[PREÇO INICIAL - (R$)]]*IFERROR(PRODUCT(1+_xlfn._xlws.FILTER(tabIndices[PERCENTUAL],tabIndices[DATA DA PUBLICAÇÃO]>tabJardinagem[[#This Row],[DATA PUBLICAÇÃO]])),1)} -> 1197.99 | M14: =IF(tabJardinagem[[#This Row],[TIPO]]="Equipamento",tabJardinagem[[#This Row],[PREÇO UNIDADE - (R$)]]/60,0) -> 19.9665 | N14: =tabJardinagem[[#This Row],[VALOR - DEPRECIAÇÃO MENSAL - UNIDADE (R$)]]*tabJardinagem[[#This Row],[QUANT ANUAL DO ITEM]] -> 998.325 | O14: =tabJardinagem[[#This Row],[VALOR DEPRECIAÇÃO MENSAL - TOTAL (R$)]]*12 -> 11979.9 | P14: =IFERROR(IF(tabJardinagem[[#This Row],[TIPO]]="Equipamento",tabJardinagem[[#This Row],[VALOR - DEPRECIAÇÃO ANUAL - TOTAL (R$) ]]/12/tabJardinagem[[#This Row],[QUANT. POSTOS]],tabJardinagem[[#This Row],[PREÇO TOTAL - (R$)]]/12/tabJardinagem[[#This Row],[QUANT. POSTOS]]),0) -> 32.204032
A15: =ROW()-3 -> 12 | B15: 92 | C15: UNIDADE | D15: =SUMIFS(tabPostos[Vagas contratadas],tabPostos[Função],"Jardineiro"&"*") -> 31 | E15: Sacho para jardinagem fabricado em aço carbono especial, cabo de 120cm e acabamento envernizado, olho de 29mm de diâmetro - dimensões: 120,5 x 9,8 x 26,7; 850g. Ref.: Tramontina ou similar. | F15: Equipamento | G15: Contratual | J15: 64.27 | K15: =tabJardinagem[[#This Row],[PREÇO UNIDADE - (R$)]]*tabJardinagem[[#This Row],[QUANT ANUAL DO ITEM]] -> 5912.84 | L15: {=tabJardinagem[[#This Row],[PREÇO INICIAL - (R$)]]*IFERROR(PRODUCT(1+_xlfn._xlws.FILTER(tabIndices[PERCENTUAL],tabIndices[DATA DA PUBLICAÇÃO]>tabJardinagem[[#This Row],[DATA PUBLICAÇÃO]])),1)} -> 64.27 | M15: =IF(tabJardinagem[[#This Row],[TIPO]]="Equipamento",tabJardinagem[[#This Row],[PREÇO UNIDADE - (R$)]]/60,0) -> 1.0711667 | N15: =tabJardinagem[[#This Row],[VALOR - DEPRECIAÇÃO MENSAL - UNIDADE (R$)]]*tabJardinagem[[#This Row],[QUANT ANUAL DO ITEM]] -> 98.547333 | O15: =tabJardinagem[[#This Row],[VALOR DEPRECIAÇÃO MENSAL - TOTAL (R$)]]*12 -> 1182.568 | P15: =IFERROR(IF(tabJardinagem[[#This Row],[TIPO]]="Equipamento",tabJardinagem[[#This Row],[VALOR - DEPRECIAÇÃO ANUAL - TOTAL (R$) ]]/12/tabJardinagem[[#This Row],[QUANT. POSTOS]],tabJardinagem[[#This Row],[PREÇO TOTAL - (R$)]]/12/tabJardinagem[[#This Row],[QUANT. POSTOS]]),0) -> 3.1789462
A16: =ROW()-3 -> 13 | B16: 92 | C16: UNIDADE | D16: =SUMIFS(tabPostos[Vagas contratadas],tabPostos[Função],"Jardineiro"&"*") -> 31 | E16: Tesoura de poda de jardim com lâmina metálica e cabo revestido de plástico 17,8 x 6,2 x 0,25 cm; 116 g. Ref.: Tramontina ou similar. | F16: Equipamento | G16: Contratual | J16: 38.73 | K16: =tabJardinagem[[#This Row],[PREÇO UNIDADE - (R$)]]*tabJardinagem[[#This Row],[QUANT ANUAL DO ITEM]] -> 3563.16 | L16: {=tabJardinagem[[#This Row],[PREÇO INICIAL - (R$)]]*IFERROR(PRODUCT(1+_xlfn._xlws.FILTER(tabIndices[PERCENTUAL],tabIndices[DATA DA PUBLICAÇÃO]>tabJardinagem[[#This Row],[DATA PUBLICAÇÃO]])),1)} -> 38.73 | M16: =IF(tabJardinagem[[#This Row],[TIPO]]="Equipamento",tabJardinagem[[#This Row],[PREÇO UNIDADE - (R$)]]/60,0) -> 0.6455 | N16: =tabJardinagem[[#This Row],[VALOR - DEPRECIAÇÃO MENSAL - UNIDADE (R$)]]*tabJardinagem[[#This Row],[QUANT ANUAL DO ITEM]] -> 59.386 | O16: =tabJardinagem[[#This Row],[VALOR DEPRECIAÇÃO MENSAL - TOTAL (R$)]]*12 -> 712.632 | P16: =IFERROR(IF(tabJardinagem[[#This Row],[TIPO]]="Equipamento",tabJardinagem[[#This Row],[VALOR - DEPRECIAÇÃO ANUAL - TOTAL (R$) ]]/12/tabJardinagem[[#This Row],[QUANT. POSTOS]],tabJardinagem[[#This Row],[PREÇO TOTAL - (R$)]]/12/tabJardinagem[[#This Row],[QUANT. POSTOS]]),0) -> 1.9156774
A17: =ROW()-3 -> 14 | B17: 92 | C17: UNIDADE | D17: =SUMIFS(tabPostos[Vagas contratadas],tabPostos[Função],"Jardineiro"&"*") -> 31 | E17: Tesoura para jardinagem com lâmina metálica e cabo de madeira - 48,6 x 15,9 x 10,8 cm, 500g. Ref.: Tramontina ou similar. | F17: Equipamento | G17: Contratual | J17: 47.37 | K17: =tabJardinagem[[#This Row],[PREÇO UNIDADE - (R$)]]*tabJardinagem[[#This Row],[QUANT ANUAL DO ITEM]] -> 4358.04 | L17: {=tabJardinagem[[#This Row],[PREÇO INICIAL - (R$)]]*IFERROR(PRODUCT(1+_xlfn._xlws.FILTER(tabIndices[PERCENTUAL],tabIndices[DATA DA PUBLICAÇÃO]>tabJardinagem[[#This Row],[DATA PUBLICAÇÃO]])),1)} -> 47.37 | M17: =IF(tabJardinagem[[#This Row],[TIPO]]="Equipamento",tabJardinagem[[#This Row],[PREÇO UNIDADE - (R$)]]/60,0) -> 0.7895 | N17: =tabJardinagem[[#This Row],[VALOR - DEPRECIAÇÃO MENSAL - UNIDADE (R$)]]*tabJardinagem[[#This Row],[QUANT ANUAL DO ITEM]] -> 72.634 | O17: =tabJardinagem[[#This Row],[VALOR DEPRECIAÇÃO MENSAL - TOTAL (R$)]]*12 -> 871.608 | P17: =IFERROR(IF(tabJardinagem[[#This Row],[TIPO]]="Equipamento",tabJardinagem[[#This Row],[VALOR - DEPRECIAÇÃO ANUAL - TOTAL (R$) ]]/12/tabJardinagem[[#This Row],[QUANT. POSTOS]],tabJardinagem[[#This Row],[PREÇO TOTAL - (R$)]]/12/tabJardinagem[[#This Row],[QUANT. POSTOS]]),0) -> 2.3430323
A18: =ROW()-3 -> 15 | B18: 2 | C18: UNIDADE | D18: =SUMIFS(tabPostos[Vagas contratadas],tabPostos[Função],"Jardineiro"&"*") -> 31 | E18: Clorofito (conjunto de 5 mudas). | F18: Material | G18: Anual | J18: 8.83 | K18: =tabJardinagem[[#This Row],[PREÇO UNIDADE - (R$)]]*tabJardinagem[[#This Row],[QUANT ANUAL DO ITEM]] -> 17.66 | L18: {=tabJardinagem[[#This Row],[PREÇO INICIAL - (R$)]]*IFERROR(PRODUCT(1+_xlfn._xlws.FILTER(tabIndices[PERCENTUAL],tabIndices[DATA DA PUBLICAÇÃO]>tabJardinagem[[#This Row],[DATA PUBLICAÇÃO]])),1)} -> 8.83 | M18: =IF(tabJardinagem[[#This Row],[TIPO]]="Equipamento",tabJardinagem[[#This Row],[PREÇO UNIDADE - (R$)]]/60,0) -> 0 | N18: =tabJardinagem[[#This Row],[VALOR - DEPRECIAÇÃO MENSAL - UNIDADE (R$)]]*tabJardinagem[[#This Row],[QUANT ANUAL DO ITEM]] -> 0 | O18: =tabJardinagem[[#This Row],[VALOR DEPRECIAÇÃO MENSAL - TOTAL (R$)]]*12 -> 0 | P18: =IFERROR(IF(tabJardinagem[[#This Row],[TIPO]]="Equipamento",tabJardinagem[[#This Row],[VALOR - DEPRECIAÇÃO ANUAL - TOTAL (R$) ]]/12/tabJardinagem[[#This Row],[QUANT. POSTOS]],tabJardinagem[[#This Row],[PREÇO TOTAL - (R$)]]/12/tabJardinagem[[#This Row],[QUANT. POSTOS]]),0) -> 0.047473118
A19: =ROW()-3 -> 16 | B19: 680 | C19: UNIDADE | D19: =SUMIFS(tabPostos[Vagas contratadas],tabPostos[Função],"Jardineiro"&"*") -> 31 | E19: Fertilizante NPK 04-14-08 - pacote de 5kg. | F19: Material | G19: Anual | J19: 18.54 | K19: =tabJardinagem[[#This Row],[PREÇO UNIDADE - (R$)]]*tabJardinagem[[#This Row],[QUANT ANUAL DO ITEM]] -> 12607.2 | L19: {=tabJardinagem[[#This Row],[PREÇO INICIAL - (R$)]]*IFERROR(PRODUCT(1+_xlfn._xlws.FILTER(tabIndices[PERCENTUAL],tabIndices[DATA DA PUBLICAÇÃO]>tabJardinagem[[#This Row],[DATA PUBLICAÇÃO]])),1)} -> 18.54 | M19: =IF(tabJardinagem[[#This Row],[TIPO]]="Equipamento",tabJardinagem[[#This Row],[PREÇO UNIDADE - (R$)]]/60,0) -> 0 | N19: =tabJardinagem[[#This Row],[VALOR - DEPRECIAÇÃO MENSAL - UNIDADE (R$)]]*tabJardinagem[[#This Row],[QUANT ANUAL DO ITEM]] -> 0 | O19: =tabJardinagem[[#This Row],[VALOR DEPRECIAÇÃO MENSAL - TOTAL (R$)]]*12 -> 0 | P19: =IFERROR(IF(tabJardinagem[[#This Row],[TIPO]]="Equipamento",tabJardinagem[[#This Row],[VALOR - DEPRECIAÇÃO ANUAL - TOTAL (R$) ]]/12/tabJardinagem[[#This Row],[QUANT. POSTOS]],tabJardinagem[[#This Row],[PREÇO TOTAL - (R$)]]/12/tabJardinagem[[#This Row],[QUANT. POSTOS]]),0) -> 33.890323
... A42: =ROW()-3 -> 39 | B42: 30 | C42: UNIDADE | D42: =SUMIFS(tabPostos[Vagas contratadas],tabPostos[Função],"Jardineiro"&"*") -> 31 | E42: Vaso em polietileno com 46 cm de altura, 51 cm de diâmetro da boca e 33 cm de diâmetro da base, com 50 litros de volume (poderá ser aceito produto com variação de medidas - 5 cm a mais ou menos). | F42: Material | G42: Anual | J42: 165.7 | K42: =tabJardinagem[[#This Row],[PREÇO UNIDADE - (R$)]]*tabJardinagem[[#This Row],[QUANT ANUAL DO ITEM]] -> 4971 | L42: {=tabJardinagem[[#This Row],[PREÇO INICIAL - (R$)]]*IFERROR(PRODUCT(1+_xlfn._xlws.FILTER(tabIndices[PERCENTUAL],tabIndices[DATA DA PUBLICAÇÃO]>tabJardinagem[[#This Row],[DATA PUBLICAÇÃO]])),1)} -> 165.7 | M42: =IF(tabJardinagem[[#This Row],[TIPO]]="Equipamento",tabJardinagem[[#This Row],[PREÇO UNIDADE - (R$)]]/60,0) -> 0 | N42: =tabJardinagem[[#This Row],[VALOR - DEPRECIAÇÃO MENSAL - UNIDADE (R$)]]*tabJardinagem[[#This Row],[QUANT ANUAL DO ITEM]] -> 0 | O42: =tabJardinagem[[#This Row],[VALOR DEPRECIAÇÃO MENSAL - TOTAL (R$)]]*12 -> 0 | P42: =IFERROR(IF(tabJardinagem[[#This Row],[TIPO]]="Equipamento",tabJardinagem[[#This Row],[VALOR - DEPRECIAÇÃO ANUAL - TOTAL (R$) ]]/12/tabJardinagem[[#This Row],[QUANT. POSTOS]],tabJardinagem[[#This Row],[PREÇO TOTAL - (R$)]]/12/tabJardinagem[[#This Row],[QUANT. POSTOS]]),0) -> 13.362903
B43: 30 | C43: UNIDADE | D43: =SUMIFS(tabPostos[Vagas contratadas],tabPostos[Função],"Jardineiro"&"*") -> 31 | E43: Vaso ideal para plantas de grande porte, especialmente frutíferas, com 70 cm de altura, 67 cm de largura, 67 cm de comprimento e 50 cm de base, pesando 8 kg e com 200 litros de capacidade, produzido em polietileno (poderá ser aceito produto com variação de medidas - 5 cm a mais ou menos). | F43: Material | G43: Anual | J43: 235.49 | K43: =tabJardinagem[[#This Row],[PREÇO UNIDADE - (R$)]]*tabJardinagem[[#This Row],[QUANT ANUAL DO ITEM]] -> 7064.7 | L43: {=tabJardinagem[[#This Row],[PREÇO INICIAL - (R$)]]*IFERROR(PRODUCT(1+_xlfn._xlws.FILTER(tabIndices[PERCENTUAL],tabIndices[DATA DA PUBLICAÇÃO]>tabJardinagem[[#This Row],[DATA PUBLICAÇÃO]])),1)} -> 235.49 | M43: =IF(tabJardinagem[[#This Row],[TIPO]]="Equipamento",tabJardinagem[[#This Row],[PREÇO UNIDADE - (R$)]]/60,0) -> 0 | N43: =tabJardinagem[[#This Row],[VALOR - DEPRECIAÇÃO MENSAL - UNIDADE (R$)]]*tabJardinagem[[#This Row],[QUANT ANUAL DO ITEM]] -> 0 | O43: =tabJardinagem[[#This Row],[VALOR DEPRECIAÇÃO MENSAL - TOTAL (R$)]]*12 -> 0 | P43: =IFERROR(IF(tabJardinagem[[#This Row],[TIPO]]="Equipamento",tabJardinagem[[#This Row],[VALOR - DEPRECIAÇÃO ANUAL - TOTAL (R$) ]]/12/tabJardinagem[[#This Row],[QUANT. POSTOS]],tabJardinagem[[#This Row],[PREÇO TOTAL - (R$)]]/12/tabJardinagem[[#This Row],[QUANT. POSTOS]]),0) -> 18.991129
A44: Total | J44: =SUBTOTAL(9,tabJardinagem[PREÇO INICIAL - (R$)]) -> 5618.3 | K44: =SUBTOTAL(9,tabJardinagem[PREÇO TOTAL - (R$)]) -> 374744.05 | L44: =SUBTOTAL(9,tabJardinagem[PREÇO UNIDADE - (R$)]) -> 5618.3 | M44: =SUBTOTAL(9,tabJardinagem[VALOR - DEPRECIAÇÃO MENSAL - UNIDADE (R$)]) -> 66.956167 | N44: =SUBTOTAL(9,tabJardinagem[VALOR DEPRECIAÇÃO MENSAL - TOTAL (R$)]) -> 3506.506 | O44: =SUBTOTAL(9,tabJardinagem[VALOR - DEPRECIAÇÃO ANUAL - TOTAL (R$) ]) -> 42078.072 | P44: =SUBTOTAL(9,tabJardinagem[VALOR UNITÁRIO P/ POSTO (R$)]) -> 554.92409

Sheet INSUMOS LAV. VEÍCULO
A1: APENSO IX - Quantitativo estimado e preços de referência de Materiais de Consumo APENSO X – Quantitativo estimado e preços de referência de Produtos de Limpeza APENSO XI- Quantitativo estimado e preços de Máquinas e Equipamentos – Depreciação Mensal
A3: ORDEM | B3: QUANT ANUAL DO ITEM | C3: UNIDADE | D3: QUANT. POSTOS | E3: DESCRIÇÃO | F3: TIPO | G3: PERIODICIDADE DE FORNECIMENTO | H3: TA / APOST | I3: DATA PUBLICAÇÃO | J3: PREÇO INICIAL - (R$) | K3: PREÇO TOTAL - (R$) | L3: PREÇO UNIDADE - (R$) | M3: VALOR - DEPRECIAÇÃO MENSAL - UNIDADE (R$) | N3: VALOR DEPRECIAÇÃO MENSAL - TOTAL (R$) | O3: VALOR - DEPRECIAÇÃO ANUAL - TOTAL (R$) | P3: VALOR UNITÁRIO P/ POSTO (R$)
A4: 1 | B4: 1 | C4: UNIDADE | D4: =SUMIFS(tabPostos[Vagas contratadas],tabPostos[Função],"Lavador de Veiculos - 220 h") -> 1 | E4: Aspirador de pó e líquido para higienização de veículos, potência: 1500 a 1600 W. Mangueira de sucção, 2.5 m, Curvatura.Marca Karcher ou similar. | F4: Equipamento | G4: Contratual | J4: 699.95 | K4: =tabVeicular[[#This Row],[PREÇO UNIDADE - (R$)]]*tabVeicular[[#This Row],[QUANT ANUAL DO ITEM]] -> 699.95 | L4: {=tabVeicular[[#This Row],[PREÇO INICIAL - (R$)]]*IFERROR(PRODUCT(1+_xlfn._xlws.FILTER(tabIndices[PERCENTUAL],tabIndices[DATA DA PUBLICAÇÃO]>tabVeicular[[#This Row],[DATA PUBLICAÇÃO]])),1)} -> 699.95 | M4: =IF(tabVeicular[[#This Row],[TIPO]]="Equipamento",tabVeicular[[#This Row],[PREÇO UNIDADE - (R$)]]/60,0) -> 11.665833 | N4: =tabVeicular[[#This Row],[VALOR - DEPRECIAÇÃO MENSAL - UNIDADE (R$)]]*tabVeicular[[#This Row],[QUANT ANUAL DO ITEM]] -> 11.665833 | O4: =tabVeicular[[#This Row],[VALOR DEPRECIAÇÃO MENSAL - TOTAL (R$)]]*12 -> 139.99 | P4: =IFERROR(IF(tabVeicular[[#This Row],[TIPO]]="Equipamento",tabVeicular[[#This Row],[VALOR - DEPRECIAÇÃO ANUAL - TOTAL (R$) ]]/12/tabVeicular[[#This Row],[QUANT. POSTOS]],tabVeicular[[#This Row],[PREÇO TOTAL - (R$)]]/12/tabVeicular[[#This Row],[QUANT. POSTOS]]),0) -> 11.665833
A5: 2 | B5: 1 | C5: UNIDADE | D5: =SUMIFS(tabPostos[Vagas contratadas],tabPostos[Função],"Lavador de Veiculos - 220 h") -> 1 | E5: Lavadora de alta pressão profissional; finalidade: limpeza de áreas internas e externas, vazão de 600 l/h e pressão de até 150 bar. Tensão ( face/V/Hz) 127V/Hz. Potência(KW) 3,3. Marca Karcher ou similar. | F5: Equipamento | G5: Contratual | J5: 4978.15 | K5: =tabVeicular[[#This Row],[PREÇO UNIDADE - (R$)]]*tabVeicular[[#This Row],[QUANT ANUAL DO ITEM]] -> 4978.15 | L5: {=tabVeicular[[#This Row],[PREÇO INICIAL - (R$)]]*IFERROR(PRODUCT(1+_xlfn._xlws.FILTER(tabIndices[PERCENTUAL],tabIndices[DATA DA PUBLICAÇÃO]>tabVeicular[[#This Row],[DATA PUBLICAÇÃO]])),1)} -> 4978.15 | M5: =IF(tabVeicular[[#This Row],[TIPO]]="Equipamento",tabVeicular[[#This Row],[PREÇO UNIDADE - (R$)]]/60,0) -> 82.969167 | N5: =tabVeicular[[#This Row],[VALOR - DEPRECIAÇÃO MENSAL - UNIDADE (R$)]]*tabVeicular[[#This Row],[QUANT ANUAL DO ITEM]] -> 82.969167 | O5: =tabVeicular[[#This Row],[VALOR DEPRECIAÇÃO MENSAL - TOTAL (R$)]]*12 -> 995.63 | P5: =IFERROR(IF(tabVeicular[[#This Row],[TIPO]]="Equipamento",tabVeicular[[#This Row],[VALOR - DEPRECIAÇÃO ANUAL - TOTAL (R$) ]]/12/tabVeicular[[#This Row],[QUANT. POSTOS]],tabVeicular[[#This Row],[PREÇO TOTAL - (R$)]]/12/tabVeicular[[#This Row],[QUANT. POSTOS]]),0) -> 82.969167
A6: 5 | B6: 2 | C6: UNIDADE | D6: 1 | E6: Escova de cerdas macias para carpetes, tapetes e estofados - limpeza veicular. | F6: Material | G6: Anual | J6: 43.45 | K6: =tabVeicular[[#This Row],[PREÇO UNIDADE - (R$)]]*tabVeicular[[#This Row],[QUANT ANUAL DO ITEM]] -> 86.9 | L6: {=tabVeicular[[#This Row],[PREÇO INICIAL - (R$)]]*IFERROR(PRODUCT(1+_xlfn._xlws.FILTER(tabIndices[PERCENTUAL],tabIndices[DATA DA PUBLICAÇÃO]>tabVeicular[[#This Row],[DATA PUBLICAÇÃO]])),1)} -> 43.45 | M6: =IF(tabVeicular[[#This Row],[TIPO]]="Equipamento",tabVeicular[[#This Row],[PREÇO UNIDADE - (R$)]]/60,0) -> 0 | N6: =tabVeicular[[#This Row],[VALOR - DEPRECIAÇÃO MENSAL - UNIDADE (R$)]]*tabVeicular[[#This Row],[QUANT ANUAL DO ITEM]] -> 0 | O6: =tabVeicular[[#This Row],[VALOR DEPRECIAÇÃO MENSAL - TOTAL (R$)]]*12 -> 0 | P6: =IFERROR(IF(tabVeicular[[#This Row],[TIPO]]="Equipamento",tabVeicular[[#This Row],[VALOR - DEPRECIAÇÃO ANUAL - TOTAL (R$) ]]/12/tabVeicular[[#This Row],[QUANT. POSTOS]],tabVeicular[[#This Row],[PREÇO TOTAL - (R$)]]/12/tabVeicular[[#This Row],[QUANT. POSTOS]]),0) -> 7.2416667
A7: 3 | B7: 36 | C7: UNIDADE | D7: 1 | E7: Flanela em microfibra para limpeza automotiva (mín.L 40cm X C60cm). | F7: Material | G7: Anual | J7: 11.45 | K7: =tabVeicular[[#This Row],[PREÇO UNIDADE - (R$)]]*tabVeicular[[#This Row],[QUANT ANUAL DO ITEM]] -> 412.2 | L7: {=tabVeicular[[#This Row],[PREÇO INICIAL - (R$)]]*IFERROR(PRODUCT(1+_xlfn._xlws.FILTER(tabIndices[PERCENTUAL],tabIndices[DATA DA PUBLICAÇÃO]>tabVeicular[[#This Row],[DATA PUBLICAÇÃO]])),1)} -> 11.45 | M7: =IF(tabVeicular[[#This Row],[TIPO]]="Equipamento",tabVeicular[[#This Row],[PREÇO UNIDADE - (R$)]]/60,0) -> 0 | N7: =tabVeicular[[#This Row],[VALOR - DEPRECIAÇÃO MENSAL - UNIDADE (R$)]]*tabVeicular[[#This Row],[QUANT ANUAL DO ITEM]] -> 0 | O7: =tabVeicular[[#This Row],[VALOR DEPRECIAÇÃO MENSAL - TOTAL (R$)]]*12 -> 0 | P7: =IFERROR(IF(tabVeicular[[#This Row],[TIPO]]="Equipamento",tabVeicular[[#This Row],[VALOR - DEPRECIAÇÃO ANUAL - TOTAL (R$) ]]/12/tabVeicular[[#This Row],[QUANT. POSTOS]],tabVeicular[[#This Row],[PREÇO TOTAL - (R$)]]/12/tabVeicular[[#This Row],[QUANT. POSTOS]]),0) -> 34.35
A8: 6 | B8: 8 | C8: UNIDADE | D8: 1 | E8: Luva de microfibra para limpeza automotiva. | F8: Material | G8: Anual | J8: 25.42 | K8: =tabVeicular[[#This Row],[PREÇO UNIDADE - (R$)]]*tabVeicular[[#This Row],[QUANT ANUAL DO ITEM]] -> 203.36 | L8: {=tabVeicular[[#This Row],[PREÇO INICIAL - (R$)]]*IFERROR(PRODUCT(1+_xlfn._xlws.FILTER(tabIndices[PERCENTUAL],tabIndices[DATA DA PUBLICAÇÃO]>tabVeicular[[#This Row],[DATA PUBLICAÇÃO]])),1)} -> 25.42 | M8: =IF(tabVeicular[[#This Row],[TIPO]]="Equipamento",tabVeicular[[#This Row],[PREÇO UNIDADE - (R$)]]/60,0) -> 0 | N8: =tabVeicular[[#This Row],[VALOR - DEPRECIAÇÃO MENSAL - UNIDADE (R$)]]*tabVeicular[[#This Row],[QUANT ANUAL DO ITEM]] -> 0 | O8: =tabVeicular[[#This Row],[VALOR DEPRECIAÇÃO MENSAL - TOTAL (R$)]]*12 -> 0 | P8: =IFERROR(IF(tabVeicular[[#This Row],[TIPO]]="Equipamento",tabVeicular[[#This Row],[VALOR - DEPRECIAÇÃO ANUAL - TOTAL (R$) ]]/12/tabVeicular[[#This Row],[QUANT. POSTOS]],tabVeicular[[#This Row],[PREÇO TOTAL - (R$)]]/12/tabVeicular[[#This Row],[QUANT. POSTOS]]),0) -> 16.946667
A9: 7 | B9: 4 | C9: UNIDADE | D9: 1 | E9: Pincel de detalhamento automotivo. | F9: Material | G9: Anual | J9: 21.43 | K9: =tabVeicular[[#This Row],[PREÇO UNIDADE - (R$)]]*tabVeicular[[#This Row],[QUANT ANUAL DO ITEM]] -> 85.72 | L9: {=tabVeicular[[#This Row],[PREÇO INICIAL - (R$)]]*IFERROR(PRODUCT(1+_xlfn._xlws.FILTER(tabIndices[PERCENTUAL],tabIndices[DATA DA PUBLICAÇÃO]>tabVeicular[[#This Row],[DATA PUBLICAÇÃO]])),1)} -> 21.43 | M9: =IF(tabVeicular[[#This Row],[TIPO]]="Equipamento",tabVeicular[[#This Row],[PREÇO UNIDADE - (R$)]]/60,0) -> 0 | N9: =tabVeicular[[#This Row],[VALOR - DEPRECIAÇÃO MENSAL - UNIDADE (R$)]]*tabVeicular[[#This Row],[QUANT ANUAL DO ITEM]] -> 0 | O9: =tabVeicular[[#This Row],[VALOR DEPRECIAÇÃO MENSAL - TOTAL (R$)]]*12 -> 0 | P9: =IFERROR(IF(tabVeicular[[#This Row],[TIPO]]="Equipamento",tabVeicular[[#This Row],[VALOR - DEPRECIAÇÃO ANUAL - TOTAL (R$) ]]/12/tabVeicular[[#This Row],[QUANT. POSTOS]],tabVeicular[[#This Row],[PREÇO TOTAL - (R$)]]/12/tabVeicular[[#This Row],[QUANT. POSTOS]]),0) -> 7.1433333
A10: 8 | B10: 1 | C10: UNIDADE | D10: 1 | E10: Pulverizador compressão prévia mín 1 litro, para pulverização de desengraxante em rodas, capotas, etc. | F10: Material | G10: Anual | J10: 85.81 | K10: =tabVeicular[[#This Row],[PREÇO UNIDADE - (R$)]]*tabVeicular[[#This Row],[QUANT ANUAL DO ITEM]] -> 85.81 | L10: {=tabVeicular[[#This Row],[PREÇO INICIAL - (R$)]]*IFERROR(PRODUCT(1+_xlfn._xlws.FILTER(tabIndices[PERCENTUAL],tabIndices[DATA DA PUBLICAÇÃO]>tabVeicular[[#This Row],[DATA PUBLICAÇÃO]])),1)} -> 85.81 | M10: =IF(tabVeicular[[#This Row],[TIPO]]="Equipamento",tabVeicular[[#This Row],[PREÇO UNIDADE - (R$)]]/60,0) -> 0 | N10: =tabVeicular[[#This Row],[VALOR - DEPRECIAÇÃO MENSAL - UNIDADE (R$)]]*tabVeicular[[#This Row],[QUANT ANUAL DO ITEM]] -> 0 | O10: =tabVeicular[[#This Row],[VALOR DEPRECIAÇÃO MENSAL - TOTAL (R$)]]*12 -> 0 | P10: =IFERROR(IF(tabVeicular[[#This Row],[TIPO]]="Equipamento",tabVeicular[[#This Row],[VALOR - DEPRECIAÇÃO ANUAL - TOTAL (R$) ]]/12/tabVeicular[[#This Row],[QUANT. POSTOS]],tabVeicular[[#This Row],[PREÇO TOTAL - (R$)]]/12/tabVeicular[[#This Row],[QUANT. POSTOS]]),0) -> 7.1508333
A11: 4 | B11: 4 | C11: UNIDADE | D11: 1 | E11: Trincha média nº 4 de duas polegadas e meia; pelo de malta. | F11: Material | G11: Anual | J11: 7.1 | K11: =tabVeicular[[#This Row],[PREÇO UNIDADE - (R$)]]*tabVeicular[[#This Row],[QUANT ANUAL DO ITEM]] -> 28.4 | L11: {=tabVeicular[[#This Row],[PREÇO INICIAL - (R$)]]*IFERROR(PRODUCT(1+_xlfn._xlws.FILTER(tabIndices[PERCENTUAL],tabIndices[DATA DA PUBLICAÇÃO]>tabVeicular[[#This Row],[DATA PUBLICAÇÃO]])),1)} -> 7.1 | M11: =IF(tabVeicular[[#This Row],[TIPO]]="Equipamento",tabVeicular[[#This Row],[PREÇO UNIDADE - (R$)]]/60,0) -> 0 | N11: =tabVeicular[[#This Row],[VALOR - DEPRECIAÇÃO MENSAL - UNIDADE (R$)]]*tabVeicular[[#This Row],[QUANT ANUAL DO ITEM]] -> 0 | O11: =tabVeicular[[#This Row],[VALOR DEPRECIAÇÃO MENSAL - TOTAL (R$)]]*12 -> 0 | P11: =IFERROR(IF(tabVeicular[[#This Row],[TIPO]]="Equipamento",tabVeicular[[#This Row],[VALOR - DEPRECIAÇÃO ANUAL - TOTAL (R$) ]]/12/tabVeicular[[#This Row],[QUANT. POSTOS]],tabVeicular[[#This Row],[PREÇO TOTAL - (R$)]]/12/tabVeicular[[#This Row],[QUANT. POSTOS]]),0) -> 2.3666667
A12: 14 | B12: 2 | C12: FRASCO 300G | D12: 1 | E12: Cera automotiva limpadora em pasta, pote de 300 gramas, para conservação da pintura de veículos. | F12: Produto | G12: Anual | J12: 73.23 | K12: =tabVeicular[[#This Row],[PREÇO UNIDADE - (R$)]]*tabVeicular[[#This Row],[QUANT ANUAL DO ITEM]] -> 146.46 | L12: {=tabVeicular[[#This Row],[PREÇO INICIAL - (R$)]]*IFERROR(PRODUCT(1+_xlfn._xlws.FILTER(tabIndices[PERCENTUAL],tabIndices[DATA DA PUBLICAÇÃO]>tabVeicular[[#This Row],[DATA PUBLICAÇÃO]])),1)} -> 73.23 | M12: =IF(tabVeicular[[#This Row],[TIPO]]="Equipamento",tabVeicular[[#This Row],[PREÇO UNIDADE - (R$)]]/60,0) -> 0 | N12: =tabVeicular[[#This Row],[VALOR - DEPRECIAÇÃO MENSAL - UNIDADE (R$)]]*tabVeicular[[#This Row],[QUANT ANUAL DO ITEM]] -> 0 | O12: =tabVeicular[[#This Row],[VALOR DEPRECIAÇÃO MENSAL - TOTAL (R$)]]*12 -> 0 | P12: =IFERROR(IF(tabVeicular[[#This Row],[TIPO]]="Equipamento",tabVeicular[[#This Row],[VALOR - DEPRECIAÇÃO ANUAL - TOTAL (R$) ]]/12/tabVeicular[[#This Row],[QUANT. POSTOS]],tabVeicular[[#This Row],[PREÇO TOTAL - (R$)]]/12/tabVeicular[[#This Row],[QUANT. POSTOS]]),0) -> 12.205
A13: 13 | B13: 1 | C13: FRASCO 500G | D13: 1 | E13: Cera para polimento automotivo, consistência em massa - 500g, para remoção de riscos ou marcas em veículos | F13: Produto | G13: Anual | J13: 33.22 | K13: =tabVeicular[[#This Row],[PREÇO UNIDADE - (R$)]]*tabVeicular[[#This Row],[QUANT ANUAL DO ITEM]] -> 33.22 | L13: {=tabVeicular[[#This Row],[PREÇO INICIAL - (R$)]]*IFERROR(PRODUCT(1+_xlfn._xlws.FILTER(tabIndices[PERCENTUAL],tabIndices[DATA DA PUBLICAÇÃO]>tabVeicular[[#This Row],[DATA PUBLICAÇÃO]])),1)} -> 33.22 | M13: =IF(tabVeicular[[#This Row],[TIPO]]="Equipamento",tabVeicular[[#This Row],[PREÇO UNIDADE - (R$)]]/60,0) -> 0 | N13: =tabVeicular[[#This Row],[VALOR - DEPRECIAÇÃO MENSAL - UNIDADE (R$)]]*tabVeicular[[#This Row],[QUANT ANUAL DO ITEM]] -> 0 | O13: =tabVeicular[[#This Row],[VALOR DEPRECIAÇÃO MENSAL - TOTAL (R$)]]*12 -> 0 | P13: =IFERROR(IF(tabVeicular[[#This Row],[TIPO]]="Equipamento",tabVeicular[[#This Row],[VALOR - DEPRECIAÇÃO ANUAL - TOTAL (R$) ]]/12/tabVeicular[[#This Row],[QUANT. POSTOS]],tabVeicular[[#This Row],[PREÇO TOTAL - (R$)]]/12/tabVeicular[[#This Row],[QUANT. POSTOS]]),0) -> 2.7683333
A14: 11 | B14: 60 | C14: GALÃO 5L | D14: 1 | E14: Desengraxante automotivo, galão de 5 litros | F14: Produto | G14: Anual | J14: 85.45 | K14: =tabVeicular[[#This Row],[PREÇO UNIDADE - (R$)]]*tabVeicular[[#This Row],[QUANT ANUAL DO ITEM]] -> 5127 | L14: {=tabVeicular[[#This Row],[PREÇO INICIAL - (R$)]]*IFERROR(PRODUCT(1+_xlfn._xlws.FILTER(tabIndices[PERCENTUAL],tabIndices[DATA DA PUBLICAÇÃO]>tabVeicular[[#This Row],[DATA PUBLICAÇÃO]])),1)} -> 85.45 | M14: =IF(tabVeicular[[#This Row],[TIPO]]="Equipamento",tabVeicular[[#This Row],[PREÇO UNIDADE - (R$)]]/60,0) -> 0 | N14: =tabVeicular[[#This Row],[VALOR - DEPRECIAÇÃO MENSAL - UNIDADE (R$)]]*tabVeicular[[#This Row],[QUANT ANUAL DO ITEM]] -> 0 | O14: =tabVeicular[[#This Row],[VALOR DEPRECIAÇÃO MENSAL - TOTAL (R$)]]*12 -> 0 | P14: =IFERROR(IF(tabVeicular[[#This Row],[TIPO]]="Equipamento",tabVeicular[[#This Row],[VALOR - DEPRECIAÇÃO ANUAL - TOTAL (R$) ]]/12/tabVeicular[[#This Row],[QUANT. POSTOS]],tabVeicular[[#This Row],[PREÇO TOTAL - (R$)]]/12/tabVeicular[[#This Row],[QUANT. POSTOS]]),0) -> 427.25
A15: 9 | B15: 30 | C15: FRASCO 1L | D15: 1 | E15: Limpa Pneu Líquido ("Pretinho"), frasco de 1 litro | F15: Produto | G15: Anual | J15: 24.45 | K15: =tabVeicular[[#This Row],[PREÇO UNIDADE - (R$)]]*tabVeicular[[#This Row],[QUANT ANUAL DO ITEM]] -> 733.5 | L15: {=tabVeicular[[#This Row],[PREÇO INICIAL - (R$)]]*IFERROR(PRODUCT(1+_xlfn._xlws.FILTER(tabIndices[PERCENTUAL],tabIndices[DATA DA PUBLICAÇÃO]>tabVeicular[[#This Row],[DATA PUBLICAÇÃO]])),1)} -> 24.45 | M15: =IF(tabVeicular[[#This Row],[TIPO]]="Equipamento",tabVeicular[[#This Row],[PREÇO UNIDADE - (R$)]]/60,0) -> 0 | N15: =tabVeicular[[#This Row],[VALOR - DEPRECIAÇÃO MENSAL - UNIDADE (R$)]]*tabVeicular[[#This Row],[QUANT ANUAL DO ITEM]] -> 0 | O15: =tabVeicular[[#This Row],[VALOR DEPRECIAÇÃO MENSAL - TOTAL (R$)]]*12 -> 0 | P15: =IFERROR(IF(tabVeicular[[#This Row],[TIPO]]="Equipamento",tabVeicular[[#This Row],[VALOR - DEPRECIAÇÃO ANUAL - TOTAL (R$) ]]/12/tabVeicular[[#This Row],[QUANT. POSTOS]],tabVeicular[[#This Row],[PREÇO TOTAL - (R$)]]/12/tabVeicular[[#This Row],[QUANT. POSTOS]]),0) -> 61.125
A16: 12 | B16: 12 | C16: FRASCO 500ML | D16: 1 | E16: Limpa vidros automotivo, recipiente de500ml. | F16: Produto | G16: Anual | J16: 66.08 | K16: =tabVeicular[[#This Row],[PREÇO UNIDADE - (R$)]]*tabVeicular[[#This Row],[QUANT ANUAL DO ITEM]] -> 792.96 | L16: {=tabVeicular[[#This Row],[PREÇO INICIAL - (R$)]]*IFERROR(PRODUCT(1+_xlfn._xlws.FILTER(tabIndices[PERCENTUAL],tabIndices[DATA DA PUBLICAÇÃO]>tabVeicular[[#This Row],[DATA PUBLICAÇÃO]])),1)} -> 66.08 | M16: =IF(tabVeicular[[#This Row],[TIPO]]="Equipamento",tabVeicular[[#This Row],[PREÇO UNIDADE - (R$)]]/60,0) -> 0 | N16: =tabVeicular[[#This Row],[VALOR - DEPRECIAÇÃO MENSAL - UNIDADE (R$)]]*tabVeicular[[#This Row],[QUANT ANUAL DO ITEM]] -> 0 | O16: =tabVeicular[[#This Row],[VALOR DEPRECIAÇÃO MENSAL - TOTAL (R$)]]*12 -> 0 | P16: =IFERROR(IF(tabVeicular[[#This Row],[TIPO]]="Equipamento",tabVeicular[[#This Row],[VALOR - DEPRECIAÇÃO ANUAL - TOTAL (R$) ]]/12/tabVeicular[[#This Row],[QUANT. POSTOS]],tabVeicular[[#This Row],[PREÇO TOTAL - (R$)]]/12/tabVeicular[[#This Row],[QUANT. POSTOS]]),0) -> 66.08
A17: 15 | B17: 4 | C17: FRASCO 200G | D17: 1 | E17: Silicone para limpeza automotiva, pote de 200 gramas | F17: Produto | G17: Anual | J17: 14.98 | K17: =tabVeicular[[#This Row],[PREÇO UNIDADE - (R$)]]*tabVeicular[[#This Row],[QUANT ANUAL DO ITEM]] -> 59.92 | L17: {=tabVeicular[[#This Row],[PREÇO INICIAL - (R$)]]*IFERROR(PRODUCT(1+_xlfn._xlws.FILTER(tabIndices[PERCENTUAL],tabIndices[DATA DA PUBLICAÇÃO]>tabVeicular[[#This Row],[DATA PUBLICAÇÃO]])),1)} -> 14.98 | M17: =IF(tabVeicular[[#This Row],[TIPO]]="Equipamento",tabVeicular[[#This Row],[PREÇO UNIDADE - (R$)]]/60,0) -> 0 | N17: =tabVeicular[[#This Row],[VALOR - DEPRECIAÇÃO MENSAL - UNIDADE (R$)]]*tabVeicular[[#This Row],[QUANT ANUAL DO ITEM]] -> 0 | O17: =tabVeicular[[#This Row],[VALOR DEPRECIAÇÃO MENSAL - TOTAL (R$)]]*12 -> 0 | P17: =IFERROR(IF(tabVeicular[[#This Row],[TIPO]]="Equipamento",tabVeicular[[#This Row],[VALOR - DEPRECIAÇÃO ANUAL - TOTAL (R$) ]]/12/tabVeicular[[#This Row],[QUANT. POSTOS]],tabVeicular[[#This Row],[PREÇO TOTAL - (R$)]]/12/tabVeicular[[#This Row],[QUANT. POSTOS]]),0) -> 4.9933333
A18: 10 | B18: 120 | C18: GALÃO 5L | D18: 1 | E18: Xampu automotivo líquido viscoso, galão de 5 litros | F18: Produto | G18: Anual | J18: 43.84 | K18: =tabVeicular[[#This Row],[PREÇO UNIDADE - (R$)]]*tabVeicular[[#This Row],[QUANT ANUAL DO ITEM]] -> 5260.8 | L18: {=tabVeicular[[#This Row],[PREÇO INICIAL - (R$)]]*IFERROR(PRODUCT(1+_xlfn._xlws.FILTER(tabIndices[PERCENTUAL],tabIndices[DATA DA PUBLICAÇÃO]>tabVeicular[[#This Row],[DATA PUBLICAÇÃO]])),1)} -> 43.84 | M18: =IF(tabVeicular[[#This Row],[TIPO]]="Equipamento",tabVeicular[[#This Row],[PREÇO UNIDADE - (R$)]]/60,0) -> 0 | N18: =tabVeicular[[#This Row],[VALOR - DEPRECIAÇÃO MENSAL - UNIDADE (R$)]]*tabVeicular[[#This Row],[QUANT ANUAL DO ITEM]] -> 0 | O18: =tabVeicular[[#This Row],[VALOR DEPRECIAÇÃO MENSAL - TOTAL (R$)]]*12 -> 0 | P18: =IFERROR(IF(tabVeicular[[#This Row],[TIPO]]="Equipamento",tabVeicular[[#This Row],[VALOR - DEPRECIAÇÃO ANUAL - TOTAL (R$) ]]/12/tabVeicular[[#This Row],[QUANT. POSTOS]],tabVeicular[[#This Row],[PREÇO TOTAL - (R$)]]/12/tabVeicular[[#This Row],[QUANT. POSTOS]]),0) -> 438.4
A19: Total | J19: =SUBTOTAL(9,tabVeicular[PREÇO INICIAL - (R$)]) -> 6214.01 | K19: =SUBTOTAL(9,tabVeicular[PREÇO TOTAL - (R$)]) -> 18734.35 | L19: =SUBTOTAL(9,tabVeicular[PREÇO UNIDADE - (R$)]) -> 6214.01 | M19: =SUBTOTAL(9,tabVeicular[VALOR - DEPRECIAÇÃO MENSAL - UNIDADE (R$)]) -> 94.635 | N19: =SUBTOTAL(9,tabVeicular[VALOR DEPRECIAÇÃO MENSAL - TOTAL (R$)]) -> 94.635 | O19: =SUBTOTAL(9,tabVeicular[VALOR - DEPRECIAÇÃO ANUAL - TOTAL (R$) ]) -> 1135.62 | P19: =SUBTOTAL(9,tabVeicular[VALOR UNITÁRIO P/ POSTO (R$)]) -> 1182.6558

Sheet INSUMOS GARÇOM
A1: Apenso XI – Quantitativo estimado e preços de Máquinas e Equipamentos – Depreciação Mensal
A3: ORDEM | B3: QUANT ANUAL DO ITEM | C3: UNIDADE | D3: QUANT. POSTOS | E3: DESCRIÇÃO | F3: TIPO | G3: PERIODICIDADE DE FORNECIMENTO | H3: TA / APOST | I3: DATA PUBLICAÇÃO | J3: PREÇO INICIAL - (R$) | K3: PREÇO TOTAL - (R$) | L3: PREÇO UNIDADE - (R$) | M3: VALOR - DEPRECIAÇÃO MENSAL - UNIDADE (R$) | N3: VALOR DEPRECIAÇÃO MENSAL - TOTAL (R$) | O3: VALOR - DEPRECIAÇÃO ANUAL - TOTAL (R$) | P3: VALOR UNITÁRIO P/ POSTO (R$)
A4: 1 | B4: 16 | C4: UNIDADE | D4: =SUMIFS(tabPostos[Vagas contratadas],tabPostos[Função],"Garcom"&"*") -> 20 | E4: Carrinho para café - matéria prima: aço inox aisi 304 com acabamento polido, chapa 24, tipo: com 04 rodízios, número de planos: 04 planos, dimensões: 50 cm de largura e 85 cm de altura. Complementação da especificação do item de material: Carrinho para serviço de café com toda estrutura em tubo quadrado 20x20 chapa 18 e também em aço inox. Possui dimensões externas de 80 cm de comprimento, 50 cm de largura e 85 cm de altura, sem considerar os rodízios. O carrinho conta com quatro bandejas medindo 45 cm de largura, 47 cm de comprimento e 6 cm de profundidade, com abas de 2 cm. Inclui um compartimento fechado com dimensões de 30 cm de comprimento, 50 cm de largura e 85 cm de altura, contendo uma prateleira interna que forma um vão inferior de 50 cm e uma porta frontal que permite o fechamento simultâneo dos dois compartimentos. A barra para manuseio é feita em tubo redondo de ¾ polegadas. O carrinho é equipado com quatro rodízios maciços de 6x2, sendo as referências R62 PRM para a roda maciça, GGS62 para o suporte giratório e GFS62 para o suporte fixo. | F4: Equipamento | G4: Contratual | J4: 7021.59 | K4: =tabGarcom[[#This Row],[PREÇO UNIDADE - (R$)]]*tabGarcom[[#This Row],[QUANT ANUAL DO ITEM]] -> 112345.44 | L4: {=tabGarcom[[#This Row],[PREÇO INICIAL - (R$)]]*IFERROR(PRODUCT(1+_xlfn._xlws.FILTER(tabIndices[PERCENTUAL],tabIndices[DATA DA PUBLICAÇÃO]>tabGarcom[[#This Row],[DATA PUBLICAÇÃO]])),1)} -> 7021.59 | M4: =IF(tabGarcom[[#This Row],[TIPO]]="Equipamento",tabGarcom[[#This Row],[PREÇO UNIDADE - (R$)]]/60,0) -> 117.0265 | N4: =tabGarcom[[#This Row],[VALOR - DEPRECIAÇÃO MENSAL - UNIDADE (R$)]]*tabGarcom[[#This Row],[QUANT ANUAL DO ITEM]] -> 1872.424 | O4: =tabGarcom[[#This Row],[VALOR DEPRECIAÇÃO MENSAL - TOTAL (R$)]]*12 -> 22469.088 | P4: =IFERROR(IF(tabGarcom[[#This Row],[TIPO]]="Equipamento",tabGarcom[[#This Row],[VALOR - DEPRECIAÇÃO ANUAL - TOTAL (R$) ]]/12/tabGarcom[[#This Row],[QUANT. POSTOS]],tabGarcom[[#This Row],[PREÇO TOTAL - (R$)]]/12/tabGarcom[[#This Row],[QUANT. POSTOS]]),0) -> 93.6212
A5: Total | J5: =SUBTOTAL(9,tabGarcom[PREÇO INICIAL - (R$)]) -> 7021.59 | K5: =SUBTOTAL(9,tabGarcom[PREÇO TOTAL - (R$)]) -> 112345.44 | L5: =SUBTOTAL(9,tabGarcom[PREÇO UNIDADE - (R$)]) -> 7021.59 | M5: =SUBTOTAL(9,tabGarcom[VALOR - DEPRECIAÇÃO MENSAL - UNIDADE (R$)]) -> 117.0265 | N5: =SUBTOTAL(9,tabGarcom[VALOR DEPRECIAÇÃO MENSAL - TOTAL (R$)]) -> 1872.424 | O5: =SUBTOTAL(9,tabGarcom[VALOR - DEPRECIAÇÃO ANUAL - TOTAL (R$) ]) -> 22469.088 | P5: =SUBTOTAL(9,tabGarcom[VALOR UNITÁRIO P/ POSTO (R$)]) -> 93.6212

Sheet RELAÇÃO SINDICATOS
A1: SINDICATOS | B1: ABRANGÊNCIA | C1: COMARCAS PAF | D1: FUNÇÕES | E1: COMARCAS CONTRATO | F1: VA | G1: Cesta Básica | H1: PAF | I1: PQM | J1: Abono Único e Especial | K1: ANO DA CCT | L1: Nº DE PEDIDO DA CCT | M1: TERMO ADITIVO ALTERAÇÃO DA CCT | N1: Nº REGISTRO MTE/ CCT
A2: Alto Paranaiba | B2: Abadia dos Dourados/MG, Água Comprida/MG, Araguari/MG, Araporã/MG, Cachoeira Dourada/MG, Campina Verde/MG, Campo Florido/MG, Campos Altos/MG, Canápolis/MG, Capinópolis/MG, Carmo do Paranaíba/MG,Carneirinho/MG, Cascalho Rico/MG, Centralina/MG, Conquista/MG, Coromandel/MG, Cruzeiro daFortaleza/MG, Delfinópolis/MG, Douradoquara/MG, Estrela do Sul/MG, Grupiara/MG, Guarda-Mor/MG,Guimarânia/MG, Gurinhatã/MG, Ibiá/MG, Indianópolis/MG, Ipiaçu/MG, Iraí de Minas/MG, Itapagipe/MG,Ituiutaba/MG, Iturama/MG, Lagoa Formosa/MG, Limeira do Oeste/MG, Matutina/MG, Medeiros/MG, Monte Alegre de Minas/MG, Monte Carmelo/MG, Nova Ponte/MG, Pedrinópolis/MG, Perdizes/MG, Pirajuba/MG,Prata/MG, Pratinha/MG, Presidente Olegário/MG, Rio Paranaíba/MG, Romaria/MG, Santa Juliana/MG,Santa Rosa da Serra/MG, Santa Vitória/MG, São Francisco de Sales/MG, São Gotardo/MG, São JoãoBatista do Glória/MG, Tapiraí/MG, Tiros/MG e Tupaciguara/MG | D2: Almoxarife - 220 h, Assistente de Compras - 220 h, Assistente de Qualidade - 220 h, Auxiliar de Arquivo I - 220 h, Auxiliar de Arquivo II - 150 h, Auxiliar de Biblioteca - 220 h, Auxiliar de Cadastro e Expedicao - 220 H, Auxiliar de Manutencao Predial - 220 h, Bombeiro Hidraulico - 220 h, Carregador - 220 h, Continuo - 220 h, Controlador Logistico - 220 h, Copeiro - 220 h, Eletricista - 220 h, Encarregado - 12 x 36 - Diurno, Encarregado - 12 x 36 - Noturno, Encarregado - 220 h, Fotografo - 150 h, Garcom - 12 x 36 - Diurno, Garcom - 12 x 36 - Noturno, Garcom - 220 h, Instalador e Mantenedor de Sistemas de Seguranca - 220 h, Jardineiro - 100 h, Jardineiro - 200 h, Jardineiro - 220 h, Jardineiro Intermitente, Lavador de Veiculos - 220 h, Manobrista - 220 h, Marceneiro - 220 h, Pedreiro - 220 h, Pintor - 220 h, Porteiro - 12 x 36 - Diurno, Porteiro - 12 x 36 - Noturno, Porteiro - 220 h, Recepcionista - 150 h, Recepcionista - 220 h, Supervisor de Manutencao de Veiculos I - 220 h, Supervisor de Manutencao de Veiculos II - 220 h, Tecnico em Logistica - 12 x 36 - Diurno, Tecnico em Logistica - 12 x 36 - Noturno, Tecnico em Logistica - 220 h, Tecnico em Edificacoes - 220 h, Tecnico em Eletrotecnica/Eletronica - 220 h e Tecnico em Mecanica/Eletromecanica - 220 h | E2: {=_xlfn.LET(_xlpm.listaComarcas, _xlfn.UNIQUE(_xlfn._xlws.FILTER(tabParametros[Comarca],tabParametros[CCT DA CATEGORIA]=tabSindicatos[[#This Row],[SINDICATOS]],"")), IF(COUNTA(_xlpm.listaComarcas)=1, _xlpm.listaComarcas&".", SUBSTITUTE(_xlfn.TEXTJOIN(", ",TRUE,_xlpm.listaComarcas),", "," e ",COUNTA(_xlpm.listaComarcas)-1)&"." ) )} -> Araguari, Campos Altos, Canapolis, Coromandel, Ibia, Ituiutaba, Iturama, Nova Ponte, Rio Paranaiba, Sao Gotardo e Tupaciguara. | F2: 0 | G2: 387.79 | H2: 42.97 | I2: 0 | J2: 0 | K2: 45658 | L2: - | M2: - | N2: MG001106/2025
A3: Araxa | B3: Araxá/MG | D3: Almoxarife - 220 h, Assistente de Compras - 220 h, Assistente de Qualidade - 220 h, Auxiliar de Arquivo I - 220 h, Auxiliar de Arquivo II - 150 h, Auxiliar de Biblioteca - 220 h, Auxiliar de Cadastro e Expedicao - 220 H, Auxiliar de Manutencao Predial - 220 h, Bombeiro Hidraulico - 220 h, Carregador - 220 h, Continuo - 220 h, Controlador Logistico - 220 h, Copeiro - 220 h, Eletricista - 220 h, Encarregado - 12 x 36 - Diurno, Encarregado - 12 x 36 - Noturno, Encarregado - 220 h, Fotografo - 150 h, Garcom - 12 x 36 - Diurno, Garcom - 12 x 36 - Noturno, Garcom - 220 h, Instalador e Mantenedor de Sistemas de Seguranca - 220 h, Jardineiro - 100 h, Jardineiro - 200 h, Jardineiro - 220 h, Jardineiro Intermitente, Lavador de Veiculos - 220 h, Manobrista - 220 h, Marceneiro - 220 h, Pedreiro - 220 h, Pintor - 220 h, Porteiro - 12 x 36 - Diurno, Porteiro - 12 x 36 - Noturno, Porteiro - 220 h, Recepcionista - 150 h, Recepcionista - 220 h, Supervisor de Manutencao de Veiculos I - 220 h, Supervisor de Manutencao de Veiculos II - 220 h, Tecnico em Logistica - 12 x 36 - Diurno, Tecnico em Logistica - 12 x 36 - Noturno, Tecnico em Logistica - 220 h, Tecnico em Edificacoes - 220 h, Tecnico em Eletrotecnica/Eletronica - 220 h e Tecnico em Mecanica/Eletromecanica - 220 h | E3: {=_xlfn.LET(_xlpm.listaComarcas, _xlfn.UNIQUE(_xlfn._xlws.FILTER(tabParametros[Comarca],tabParametros[CCT DA CATEGORIA]=tabSindicatos[[#This Row],[SINDICATOS]],"")), IF(COUNTA(_xlpm.listaComarcas)=1, _xlpm.listaComarcas&".", SUBSTITUTE(_xlfn.TEXTJOIN(", ",TRUE,_xlpm.listaComarcas),", "," e ",COUNTA(_xlpm.listaComarcas)-1)&"." ) )} -> Araxa. | F3: 29.15 | G3: 0 | H3: 58.96 | I3: 0 | J3: 0 | K3: 45658 | L3: - | M3: - | N3: MG000344/2025
A4: Cataguases | B4: Além Paraíba/MG, Astolfo Dutra/MG,Cataguases/MG, Leopoldina/MG, Muriaé/MG, Santana de Cataguases/MG, Ubá/MG e Visconde do Rio Branco/MG | D4: Almoxarife - 220 h, Assistente de Compras - 220 h, Assistente de Qualidade - 220 h, Auxiliar de Arquivo I - 220 h, Auxiliar de Arquivo II - 150 h, Auxiliar de Biblioteca - 220 h, Auxiliar de Cadastro e Expedicao - 220 H, Auxiliar de Manutencao Predial - 220 h, Bombeiro Hidraulico - 220 h, Carregador - 220 h, Continuo - 220 h, Controlador Logistico - 220 h, Copeiro - 220 h, Eletricista - 220 h, Encarregado - 12 x 36 - Diurno, Encarregado - 12 x 36 - Noturno, Encarregado - 220 h, Fotografo - 150 h, Garcom - 12 x 36 - Diurno, Garcom - 12 x 36 - Noturno, Garcom - 220 h, Instalador e Mantenedor de Sistemas de Seguranca - 220 h, Jardineiro - 100 h, Jardineiro - 200 h, Jardineiro - 220 h, Jardineiro Intermitente, Lavador de Veiculos - 220 h, Manobrista - 220 h, Marceneiro - 220 h, Pedreiro - 220 h, Pintor - 220 h, Porteiro - 12 x 36 - Diurno, Porteiro - 12 x 36 - Noturno, Porteiro - 220 h, Recepcionista - 150 h, Recepcionista - 220 h, Supervisor de Manutencao de Veiculos I - 220 h, Supervisor de Manutencao de Veiculos II - 220 h, Tecnico em Logistica - 12 x 36 - Diurno, Tecnico em Logistica - 12 x 36 - Noturno, Tecnico em Logistica - 220 h, Tecnico em Edificacoes - 220 h, Tecnico em Eletrotecnica/Eletronica - 220 h e Tecnico em Mecanica/Eletromecanica - 220 h | E4: {=_xlfn.LET(_xlpm.listaComarcas, _xlfn.UNIQUE(_xlfn._xlws.FILTER(tabParametros[Comarca],tabParametros[CCT DA CATEGORIA]=tabSindicatos[[#This Row],[SINDICATOS]],"")), IF(COUNTA(_xlpm.listaComarcas)=1, _xlpm.listaComarcas&".", SUBSTITUTE(_xlfn.TEXTJOIN(", ",TRUE,_xlpm.listaComarcas),", "," e ",COUNTA(_xlpm.listaComarcas)-1)&"." ) )} -> Alem Paraiba, Cataguases, Muriae, Uba e Visconde do Rio Branco. | F4: 29.15 | G4: 0 | H4: 57.07 | I4: 0 | J4: 0 | K4: 45658 | L4: - | M4: - | N4: MG000299/2025
A5: Caxambu | B5: Caxambu/MG | D5: Almoxarife - 220 h, Assistente de Compras - 220 h, Assistente de Qualidade - 220 h, Auxiliar de Arquivo I - 220 h, Auxiliar de Arquivo II - 150 h, Auxiliar de Biblioteca - 220 h, Auxiliar de Cadastro e Expedicao - 220 H, Auxiliar de Manutencao Predial - 220 h, Bombeiro Hidraulico - 220 h, Carregador - 220 h, Continuo - 220 h, Controlador Logistico - 220 h, Copeiro - 220 h, Eletricista - 220 h, Encarregado - 12 x 36 - Diurno, Encarregado - 12 x 36 - Noturno, Encarregado - 220 h, Fotografo - 150 h, Garcom - 12 x 36 - Diurno, Garcom - 12 x 36 - Noturno, Garcom - 220 h, Instalador e Mantenedor de Sistemas de Seguranca - 220 h, Jardineiro - 100 h, Jardineiro - 200 h, Jardineiro - 220 h, Jardineiro Intermitente, Lavador de Veiculos - 220 h, Manobrista - 220 h, Marceneiro - 220 h, Pedreiro - 220 h, Pintor - 220 h, Porteiro - 12 x 36 - Diurno, Porteiro - 12 x 36 - Noturno, Porteiro - 220 h, Recepcionista - 150 h, Recepcionista - 220 h, Supervisor de Manutencao de Veiculos I - 220 h, Supervisor de Manutencao de Veiculos II - 220 h, Tecnico em Logistica - 12 x 36 - Diurno, Tecnico em Logistica - 12 x 36 - Noturno, Tecnico em Logistica - 220 h, Tecnico em Edificacoes - 220 h, Tecnico em Eletrotecnica/Eletronica - 220 h e Tecnico em Mecanica/Eletromecanica - 220 h | E5: {=_xlfn.LET(_xlpm.listaComarcas, _xlfn.UNIQUE(_xlfn._xlws.FILTER(tabParametros[Comarca],tabParametros[CCT DA CATEGORIA]=tabSindicatos[[#This Row],[SINDICATOS]],"")), IF(COUNTA(_xlpm.listaComarcas)=1, _xlpm.listaComarcas&".", SUBSTITUTE(_xlfn.TEXTJOIN(", ",TRUE,_xlpm.listaComarcas),", "," e ",COUNTA(_xlpm.listaComarcas)-1)&"." ) )} -> . | F5: 29.15 | G5: 0 | H5: 0 | I5: 15.07 | J5: 0 | K5: 45658 | L5: - | M5: - | N5: MG000360/2025
A6: Curvelo | B6: Abaeté/MG, Alvorada de Minas/MG,Araçaí/MG, Augusto de Lima/MG, Biquinhas/MG, Buenópolis/MG, Conceição do Mato Dentro/MG,Congonhas do Norte/MG, Cordisburgo/MG, Corinto/MG, Curvelo/MG, Datas/MG, Diamantina/MG,Felixlândia/MG, Gouveia/MG, Inimutaba/MG, Joaquim Felício/MG, Lassance/MG, Monjolos/MG,Morada Nova de Minas/MG, Morro da Garça/MG, Paineiras/MG, Pompéu/MG, Presidente Juscelino/MG, Presidente Kubitschek/MG, Santo Hipólito/MG, São Gonçalo do Abaeté/MG, Serro/MG e Três Marias/MG | C6: ABAÉTE, CONCEIÇÃO DO MATO DENTRO, CURVELO, DIAMANTINA, SERRO e TRÊS MARIAS. | D6: Almoxarife - 220 h, Assistente de Compras - 220 h, Assistente de Qualidade - 220 h, Auxiliar de Arquivo I - 220 h, Auxiliar de Arquivo II - 150 h, Auxiliar de Biblioteca - 220 h, Auxiliar de Cadastro e Expedicao - 220 H, Auxiliar de Manutencao Predial - 220 h, Bombeiro Hidraulico - 220 h, Carregador - 220 h, Continuo - 220 h, Controlador Logistico - 220 h, Copeiro - 220 h, Eletricista - 220 h, Encarregado - 12 x 36 - Diurno, Encarregado - 12 x 36 - Noturno, Encarregado - 220 h, Fotografo - 150 h, Garcom - 12 x 36 - Diurno, Garcom - 12 x 36 - Noturno, Garcom - 220 h, Instalador e Mantenedor de Sistemas de Seguranca - 220 h, Jardineiro - 100 h, Jardineiro - 200 h, Jardineiro - 220 h, Jardineiro Intermitente, Lavador de Veiculos - 220 h, Manobrista - 220 h, Marceneiro - 220 h, Pedreiro - 220 h, Pintor - 220 h, Porteiro - 12 x 36 - Diurno, Porteiro - 12 x 36 - Noturno, Porteiro - 220 h, Recepcionista - 150 h, Recepcionista - 220 h, Supervisor de Manutencao de Veiculos I - 220 h, Supervisor de Manutencao de Veiculos II - 220 h, Tecnico em Logistica - 12 x 36 - Diurno, Tecnico em Logistica - 12 x 36 - Noturno, Tecnico em Logistica - 220 h, Tecnico em Edificacoes - 220 h, Tecnico em Eletrotecnica/Eletronica - 220 h e Tecnico em Mecanica/Eletromecanica - 220 h | E6: {=_xlfn.LET(_xlpm.listaComarcas, _xlfn.UNIQUE(_xlfn._xlws.FILTER(tabParametros[Comarca],tabParametros[CCT DA CATEGORIA]=tabSindicatos[[#This Row],[SINDICATOS]],"")), IF(COUNTA(_xlpm.listaComarcas)=1, _xlpm.listaComarcas&".", SUBSTITUTE(_xlfn.TEXTJOIN(", ",TRUE,_xlpm.listaComarcas),", "," e ",COUNTA(_xlpm.listaComarcas)-1)&"." ) )} -> Curvelo, Diamantina, Pompeu e Serro. | F6: 29.15 | G6: 0 | H6: 51.74 | I6: 0 | J6: 0 | K6: 45658 | L6: - | M6: - | N6: MG0000423/2025
A7: Divinopolis | B7: Divinópolis/MG | D7: Almoxarife - 220 h, Assistente de Compras - 220 h, Assistente de Qualidade - 220 h, Auxiliar de Arquivo I - 220 h, Auxiliar de Arquivo II - 150 h, Auxiliar de Biblioteca - 220 h, Auxiliar de Cadastro e Expedicao - 220 H, Auxiliar de Manutencao Predial - 220 h, Bombeiro Hidraulico - 220 h, Carregador - 220 h, Continuo - 220 h, Controlador Logistico - 220 h, Copeiro - 220 h, Eletricista - 220 h, Encarregado - 12 x 36 - Diurno, Encarregado - 12 x 36 - Noturno, Encarregado - 220 h, Fotografo - 150 h, Garcom - 12 x 36 - Diurno, Garcom - 12 x 36 - Noturno, Garcom - 220 h, Instalador e Mantenedor de Sistemas de Seguranca - 220 h, Jardineiro - 100 h, Jardineiro - 200 h, Jardineiro - 220 h, Jardineiro Intermitente, Lavador de Veiculos - 220 h, Manobrista - 220 h, Marceneiro - 220 h, Pedreiro - 220 h, Pintor - 220 h, Porteiro - 12 x 36 - Diurno, Porteiro - 12 x 36 - Noturno, Porteiro - 220 h, Recepcionista - 150 h, Recepcionista - 220 h, Supervisor de Manutencao de Veiculos I - 220 h, Supervisor de Manutencao de Veiculos II - 220 h, Tecnico em Logistica - 12 x 36 - Diurno, Tecnico em Logistica - 12 x 36 - Noturno, Tecnico em Logistica - 220 h, Tecnico em Edificacoes - 220 h, Tecnico em Eletrotecnica/Eletronica - 220 h e Tecnico em Mecanica/Eletromecanica - 220 h | E7: {=_xlfn.LET(_xlpm.listaComarcas, _xlfn.UNIQUE(_xlfn._xlws.FILTER(tabParametros[Comarca],tabParametros[CCT DA CATEGORIA]=tabSindicatos[[#This Row],[SINDICATOS]],"")), IF(COUNTA(_xlpm.listaComarcas)=1, _xlpm.listaComarcas&".", SUBSTITUTE(_xlfn.TEXTJOIN(", ",TRUE,_xlpm.listaComarcas),", "," e ",COUNTA(_xlpm.listaComarcas)-1)&"." ) )} -> Divinopolis. | F7: 29.15 | G7: 0 | H7: 51.88 | I7: 0 | J7: 0 | K7: 45658 | L7: - | M7: - | N7: MG000555/2025
A8: Fethemg Interior | B8: Abre Campo/MG, Água Boa/MG,Águas Vermelhas/MG, Aimorés/MG, Alfredo Vasconcelos/MG, Alpercata/MG, Alto Caparaó/MG, Alto Jequitibá/MG, Alvarenga/MG, Angelândia/MG, Araçuaí/MG, Araponga/MG, Arapuá/MG, Aricanduva/MG,Arinos/MG, Bandeira/MG, Berilo/MG, Berizal/MG, Bertópolis/MG, Bom Despacho/MG, Bom Jesus do Galho/MG, Bom Repouso/MG, Bonfinópolis de Minas/MG, Bonito de Minas/MG, Borda da Mata/MG,Brasilândia de Minas/MG, Brazópolis/MG, Bueno Brandão/MG, Bugre/MG, Buritis/MG, Cabeceira Grande/MG,Cachoeira de Minas/MG, Cachoeira de Pajeú/MG, Camanducaia/MG, Cambuí/MG, Campo Azul/MG,Cantagalo/MG, Capela Nova/MG, Capetinga/MG, Capitão Andrade/MG, Caputira/MG, Caraí/MG, Caranaíba/MG,Carandaí/MG, Carbonita/MG, Carmésia/MG, Carmópolis de Minas/MG, Carvalhópolis/MG, Casa Grande/MG,Cássia/MG, Catas Altas/MG, Catuti/MG, Cedro do Abaeté/MG, Central de Minas/MG, Chapada do Norte/MG,Chapada Gaúcha/MG, Cipotânea/MG, Claraval/MG, Cláudio/MG, Coluna/MG, Comercinho/MG, Conceição da Barra de Minas/MG, Conceição de Ipanema/MG, Cônego Marinho/MG, Conselheiro Pena/MG, Consolação/MG,Coroaci/MG, Coronel Murta/MG, Córrego do Bom Jesus/MG, Córrego Novo/MG, Couto de Magalhães de Minas/MG, Crisólita/MG, Cuparaque/MG, Curral de Dentro/MG, Delta/MG, Desterro de Entre Rios/MG,Dionísio/MG, Divino das Laranjeiras/MG, Divinolândia de Minas/MG, Divisa Alegre/MG, Divisópolis/MG, Dom Bosco/MG, Dom Joaquim/MG, Dom Silvério/MG, Dores de Guanhães/MG, Durandé/MG, Entre Folhas/MG,Felício dos Santos/MG, Felisburgo/MG, Fernandes Tourinho/MG, Fervedouro/MG, Formoso/MG, Fortaleza de Minas/MG, Francisco Badaró/MG, Franciscópolis/MG, Frei Lagonegro/MG, Fronteira dos Vales/MG, Fruta de Leite/MG, Galiléia/MG, Glaucilândia/MG, Goiabeira/MG, Goianá/MG, Gonçalves/MG, Gonzaga/MG,Guaraciama/MG, Guaxupé/MG, Ibiracatu/MG, Ibiraci/MG, Icaraí de Minas/MG, Ijaci/MG, Imbé de Minas/MG,Indaiabira/MG, Ipanema/MG, Itabirinha/MG, Itabirito/MG, Itaguara/MG, Itaipé/MG, Itamarandiba/MG,Itanhomi/MG, Itapeva/MG, Itatiaiuçu/MG, Itaúna/MG, Itueta/MG, Jaboticatubas/MG, Jacinto/MG, Japonvar/MG,Jenipapo de Minas/MG, Jequeri/MG, João Pinheiro/MG, Jordânia/MG, José Gonçalves de Minas/MG, José Raydan/MG, Josenópolis/MG, Juvenília/MG, Lagamar/MG, Lagoa Grande/MG, Lamim/MG, Leme do Prado/MG,Luisburgo/MG, Luislândia/MG, Machacalis/MG, Mantena/MG, Marilac/MG, Martins Soares/MG, Mata Verde/MG,Materlândia/MG, Mathias Lobato/MG, Matipó/MG, Mendes Pimentel/MG, Minas Novas/MG, Miravânia/MG,Monte Formoso/MG, Monte Sião/MG, Montezuma/MG, Morro do Pilar/MG, Munhoz/MG, Mutum/MG,Muzambinho/MG, Nacip Raydan/MG, Naque/MG, Natalândia/MG, Ninheira/MG, Nova Belém/MG, Nova Porteirinha/MG, Nova União/MG, Novo Oriente de Minas/MG, Novorizonte/MG, Olhos-d'Água/MG,Oratórios/MG, Orizânia/MG, Padre Carvalho/MG, Pai Pedro/MG, Palmópolis/MG, Pará de Minas/MG,Paracatu/MG, Patis/MG, Patrocínio do Muriaé/MG, Paulistas/MG, Peçanha/MG, Pedra Bonita/MG,Periquito/MG, Pescador/MG, Piedade de Caratinga/MG, Piedade de Ponte Nova/MG, Pingo d'Água/MG,Pintópolis/MG, Pocrane/MG, Ponto Chique/MG, Ponto dos Volantes/MG, Quartel Geral/MG, Queluzito/MG,Reduto/MG, Resende Costa/MG, Resplendor/MG, Ressaquinha/MG, Riachinho/MG, Rio do Prado/MG, Rio Doce/MG, Rio Espera/MG, Rio Preto/MG, Rio Vermelho/MG, Rosário da Limeira/MG, Rubim/MG,Sabinópolis/MG, Salto da Divisa/MG, Santa Bárbara do Leste/MG, Santa Bárbara do Monte Verde/MG, Santa Cruz de Minas/MG, Santa Cruz de Salinas/MG, Santa Cruz do Escalvado/MG, Santa Efigênia de Minas/MG,Santa Fé de Minas/MG, Santa Helena de Minas/MG, Santa Margarida/MG, Santa Maria do Salto/MG, Santa Maria do Suaçuí/MG, Santa Rita de Minas/MG, Santa Rita do Itueto/MG, Santana do Riacho/MG, Santana dosMontes/MG, Santo Antônio do Grama/MG, Santo Antônio do Itambé/MG, Santo Antônio do Jacinto/MG, Santo Antônio do Retiro/MG, Santo Antônio do Rio Abaixo/MG, São Brás do Suaçuí/MG, São Domingos das Dores/MG, São Félix de Minas/MG, São Geraldo da Piedade/MG, São Geraldo do Baixio/MG, São Gonçalo do Rio Preto/MG, São João da Lagoa/MG, São João das Missões/MG, São João do Manhuaçu/MG, São João do Manteninha/MG, São João do Pacuí/MG, São João Evangelista/MG, São José da Barra/MG, São José da Safira/MG, São José do Goiabal/MG, São José do Jacuri/MG, São Pedro do Suaçuí/MG, São Roque de Minas/MG, São Sebastião da Vargem Alegre/MG, São Sebastião do Anta/MG, São Sebastião do Maranhão/MG,São Sebastião do Rio Preto/MG, Sardoá/MG, Sem-Peixe/MG, Senador Amaral/MG, Senador Modestino Gonçalves/MG, Senhora de Oliveira/MG, Senhora do Porto/MG, Senhora dos Remédios/MG, Sericita/MG,Serra Azul de Minas/MG, Serra da Saudade/MG, Serra do Salitre/MG, Serra dos Aimorés/MG, Serranópolis de Minas/MG, Setubinha/MG, Sobrália/MG, Taparuba/MG, Toledo/MG, Tumiritinga/MG, Turmalina/MG,Umburatiba/MG, Unaí/MG, União de Minas/MG, Uruana de Minas/MG, Urucuia/MG, Vargem Alegre/MG, Vargem Bonita/MG, Vargem Grande do Rio Pardo/MG, Varjão de Minas/MG, Vazante/MG, Verdelândia/MG,Veredinha/MG, Vermelho Novo/MG, Virginópolis/MG e Virgolândia/MG | D8: Almoxarife - 220 h, Assistente de Compras - 220 h, Assistente de Qualidade - 220 h, Auxiliar de Arquivo I - 220 h, Auxiliar de Arquivo II - 150 h, Auxiliar de Biblioteca - 220 h, Auxiliar de Cadastro e Expedicao - 220 H, Auxiliar de Manutencao Predial - 220 h, Bombeiro Hidraulico - 220 h, Carregador - 220 h, Continuo - 220 h, Controlador Logistico - 220 h, Copeiro - 220 h, Eletricista - 220 h, Encarregado - 12 x 36 - Diurno, Encarregado - 12 x 36 - Noturno, Encarregado - 220 h, Fotografo - 150 h, Garcom - 12 x 36 - Diurno, Garcom - 12 x 36 - Noturno, Garcom - 220 h, Instalador e Mantenedor de Sistemas de Seguranca - 220 h, Jardineiro - 100 h, Jardineiro - 200 h, Jardineiro - 220 h, Jardineiro Intermitente, Lavador de Veiculos - 220 h, Manobrista - 220 h, Marceneiro - 220 h, Pedreiro - 220 h, Pintor - 220 h, Porteiro - 12 x 36 - Diurno, Porteiro - 12 x 36 - Noturno, Porteiro - 220 h, Recepcionista - 150 h, Recepcionista - 220 h, Supervisor de Manutencao de Veiculos I - 220 h, Supervisor de Manutencao de Veiculos II - 220 h, Tecnico em Logistica - 12 x 36 - Diurno, Tecnico em Logistica - 12 x 36 - Noturno, Tecnico em Logistica - 220 h, Tecnico em Edificacoes - 220 h, Tecnico em Eletrotecnica/Eletronica - 220 h e Tecnico em Mecanica/Eletromecanica - 220 h | E8: {=_xlfn.LET(_xlpm.listaComarcas, _xlfn.UNIQUE(_xlfn._xlws.FILTER(tabParametros[Comarca],tabParametros[CCT DA CATEGORIA]=tabSindicatos[[#This Row],[SINDICATOS]],"")), IF(COUNTA(_xlpm.listaComarcas)=1, _xlpm.listaComarcas&".", SUBSTITUTE(_xlfn.TEXTJOIN(", ",TRUE,_xlpm.listaComarcas),", "," e ",COUNTA(_xlpm.listaComarcas)-1)&"." ) )} -> Abre Campo, Aimores, Arinos, Bom Despacho, Buritis, Camanducaia, Cambui, Carandai, Conselheiro Pena, Ipanema, Itamarandiba, Itauna, Jaboticatubas, Jacinto, Mantena, Mutum, Muzambinho, Paracatu, Pecanha, Rio Vermelho e Unai. | F8: 29.15 | G8: 0 | H8: 0 | I8: 15.07 | J8: 0 | K8: 45658 | L8: - | M8: - | N8: MG004482/2024
A9: Fethemg RM | B9: Caeté/MG, Confins/MG, Esmeraldas/MG, Florestal/MG, Igarapé/MG, Mário Campos/MG, Pedro Leopoldo/MG, Raposos/MG, São Joaquim de Bicas/MG, São José da Lapa/MG e Sarzedo/MG | D9: Almoxarife - 220 h, Assistente de Compras - 220 h, Assistente de Qualidade - 220 h, Auxiliar de Arquivo I - 220 h, Auxiliar de Arquivo II - 150 h, Auxiliar de Biblioteca - 220 h, Auxiliar de Cadastro e Expedicao - 220 H, Auxiliar de Manutencao Predial - 220 h, Bombeiro Hidraulico - 220 h, Carregador - 220 h, Continuo - 220 h, Controlador Logistico - 220 h, Copeiro - 220 h, Eletricista - 220 h, Encarregado - 12 x 36 - Diurno, Encarregado - 12 x 36 - Noturno, Encarregado - 220 h, Fotografo - 150 h, Garcom - 12 x 36 - Diurno, Garcom - 12 x 36 - Noturno, Garcom - 220 h, Instalador e Mantenedor de Sistemas de Seguranca - 220 h, Jardineiro - 100 h, Jardineiro - 200 h, Jardineiro - 220 h, Jardineiro Intermitente, Lavador de Veiculos - 220 h, Manobrista - 220 h, Marceneiro - 220 h, Pedreiro - 220 h, Pintor - 220 h, Porteiro - 12 x 36 - Diurno, Porteiro - 12 x 36 - Noturno, Porteiro - 220 h, Recepcionista - 150 h, Recepcionista - 220 h, Supervisor de Manutencao de Veiculos I - 220 h, Supervisor de Manutencao de Veiculos II - 220 h, Tecnico em Logistica - 12 x 36 - Diurno, Tecnico em Logistica - 12 x 36 - Noturno, Tecnico em Logistica - 220 h, Tecnico em Edificacoes - 220 h, Tecnico em Eletrotecnica/Eletronica - 220 h e Tecnico em Mecanica/Eletromecanica - 220 h | E9: {=_xlfn.LET(_xlpm.listaComarcas, _xlfn.UNIQUE(_xlfn._xlws.FILTER(tabParametros[Comarca],tabParametros[CCT DA CATEGORIA]=tabSindicatos[[#This Row],[SINDICATOS]],"")), IF(COUNTA(_xlpm.listaComarcas)=1, _xlpm.listaComarcas&".", SUBSTITUTE(_xlfn.TEXTJOIN(", ",TRUE,_xlpm.listaComarcas),", "," e ",COUNTA(_xlpm.listaComarcas)-1)&"." ) )} -> Caete, Esmeraldas e Pedro Leopoldo. | F9: 29.15 | G9: 0 | H9: 0 | I9: 15.07 | J9: 0 | K9: 45658 | L9: - | M9: - | N9: MG004479/2024
